Workbook

Sheet 結果サマリー
A1: 住宅ローン 繰上返済シミュレーション
A2: Copyright© 2026 F&S-Expert ,Inc. All Rights Reserved.
A3: 通常月額は60回ごとに見直し（繰上減額の反映時期は入力設定が可能）
F4: 配信開始日 | G4: 使用期限 | H4: ステータス | I4: =IF(TODAY()<=G5,TRUE,FALSE) -> TRUE
A5: 比較項目 | B5: 繰上返済なし | C5: 繰上返済あり | D5: 改善額・短縮回数 | F5: 46266 | G5: =EDATE(F5,4) -> 46388 | H5: =IF(I4, "使用期間中", "使用期限終了") -> 使用期間中 | K5: 経過年 | L5: 繰上なし残高（万円） | M5: 繰上あり残高（万円） | O5: 経過年 | P5: 利息（繰上なし） | Q5: 元金（繰上なし） | R5: 利息（繰上あり） | S5: 元金（繰上あり） | T5: 通常返済額（繰上なし） | U5: 通常返済額（繰上あり） | V5: 共通目盛り上限（円） | W5: 目盛り用余白（なし） | X5: 目盛り用余白（あり）
A6: 支払利息（円） | B6: =SUM(月次返済表!S6:S605) -> 21526350 | C6: =SUM(月次返済表!H6:H605) -> 16693206 | D6: =B6-C6 -> 4833144.2 | F6: ※使用期間を過ぎると使用できなくなります | K6: 0 | L6: =入力設定!B5/10000 -> 3500 | M6: =入力設定!B5/10000 -> 3500 | O6: =TEXT((月次返済表!A6-1)/12,"0.0") -> 0.0 | P6: =月次返済表!S6 -> 32375 | Q6: =月次返済表!T6 -> 68229.402 | R6: =月次返済表!H6 -> 32375 | S6: =月次返済表!I6 -> 68229.402 | T6: =月次返済表!R6 -> 100604.4 | U6: =月次返済表!G6 -> 100604.4 | V6: =MAX(T6:U603) -> 150233.44 | W6: =$V$6-T6 -> 49629.037 | X6: =$V$6-U6 -> 49629.037
A7: 返済総額・手数料込（円） | B7: =SUM(月次返済表!R6:R605) -> 56526350 | C7: =SUM(月次返済表!O6:O605) -> 51693206 | D7: =B7-C7 -> 4833144.2 | K7: 1 | L7: =月次返済表!U17/10000 -> 3417.7069 | M7: =月次返済表!M17/10000 -> 3417.7069 | O7: =TEXT((月次返済表!A7-1)/12,"0.0") -> 0.1 | P7: =月次返済表!S7 -> 32311.888 | Q7: =月次返済表!T7 -> 68292.514 | R7: =月次返済表!H7 -> 32311.888 | S7: =月次返済表!I7 -> 68292.514 | T7: =月次返済表!R7 -> 100604.4 | U7: =月次返済表!G7 -> 100604.4 | W7: =$V$6-T7 -> 49629.037 | X7: =$V$6-U7 -> 49629.037
A8: 実行繰上返済額（円） | B8: =0 -> 0 | C8: =SUM(月次返済表!K6:K605) -> 3000000 | D8: =0 -> 0 | K8: 2 | L8: =月次返済表!U29/10000 -> 3334.4957 | M8: =月次返済表!M29/10000 -> 3334.4957 | O8: =TEXT((月次返済表!A8-1)/12,"0.0") -> 0.2 | P8: =月次返済表!S8 -> 32248.717 | Q8: =月次返済表!T8 -> 68355.684 | R8: =月次返済表!H8 -> 32248.717 | S8: =月次返済表!I8 -> 68355.684 | T8: =月次返済表!R8 -> 100604.4 | U8: =月次返済表!G8 -> 100604.4 | W8: =$V$6-T8 -> 49629.037 | X8: =$V$6-U8 -> 49629.037
A9: 手数料（円） | B9: =0 -> 0 | C9: =SUM(月次返済表!L6:L605) -> 0 | D9: =B9-C9 -> 0 | K9: 3 | L9: =月次返済表!U41/10000 -> 3250.3561 | M9: =月次返済表!M41/10000 -> 3250.3561 | O9: =TEXT((月次返済表!A9-1)/12,"0.0") -> 0.3 | P9: =月次返済表!S9 -> 32185.488 | Q9: =月次返済表!T9 -> 68418.913 | R9: =月次返済表!H9 -> 32185.488 | S9: =月次返済表!I9 -> 68418.913 | T9: =月次返済表!R9 -> 100604.4 | U9: =月次返済表!G9 -> 100604.4 | W9: =$V$6-T9 -> 49629.037 | X9: =$V$6-U9 -> 49629.037
A10: 返済回数（月） | B10: =COUNTIFS(月次返済表!P6:P605,">0.000001")+COUNTIFS(月次返済表!P6:P605,"<=0.000001",月次返済表!AC6:AC605,">0.000001") -> 420 | C10: =COUNTIFS(月次返済表!D6:D605,">0.000001")+COUNTIFS(月次返済表!D6:D605,"<=0.000001",月次返済表!Z6:Z605,">0.000001") -> 380 | D10: =B10-C10 -> 40 | F10: Copyright© 2026 F&S-Expert ,Inc. All Rights Reserved. | K10: 4 | L10: =月次返済表!U53/10000 -> 3165.2778 | M10: =月次返済表!M53/10000 -> 3165.2778 | O10: =TEXT((月次返済表!A10-1)/12,"0.0") -> 0.3 | P10: =月次返済表!S10 -> 32122.201 | Q10: =月次返済表!T10 -> 68482.201 | R10: =月次返済表!H10 -> 32122.201 | S10: =月次返済表!I10 -> 68482.201 | T10: =月次返済表!R10 -> 100604.4 | U10: =月次返済表!G10 -> 100604.4 | W10: =$V$6-T10 -> 49629.037 | X10: =$V$6-U10 -> 49629.037
A11: 完済月 | B11: =EDATE(入力設定!B7,B10-1) -> 59080 | C11: =EDATE(入力設定!B7,C10-1) -> 57862 | D11: ="" | K11: 5 | L11: =月次返済表!U65/10000 -> 3079.2503 | M11: =月次返済表!M65/10000 -> 2779.2503 | O11: =TEXT((月次返済表!A11-1)/12,"0.0") -> 0.4 | P11: =月次返済表!S11 -> 32058.855 | Q11: =月次返済表!T11 -> 68545.547 | R11: =月次返済表!H11 -> 32058.855 | S11: =月次返済表!I11 -> 68545.547 | T11: =月次返済表!R11 -> 100604.4 | U11: =月次返済表!G11 -> 100604.4 | W11: =$V$6-T11 -> 49629.037 | X11: =$V$6-U11 -> 49629.037
A12: 初回通常返済額（円） | B12: =月次返済表!R6 -> 100604.4 | C12: =月次返済表!G6 -> 100604.4 | D12: =B12-C12 -> 0 | K12: 6 | L12: =月次返済表!U77/10000 -> 3009.434 | M12: =月次返済表!M77/10000 -> 2704.9856 | O12: =TEXT((月次返済表!A12-1)/12,"0.0") -> 0.5 | P12: =月次返済表!S12 -> 31995.45 | Q12: =月次返済表!T12 -> 68608.952 | R12: =月次返済表!H12 -> 31995.45 | S12: =月次返済表!I12 -> 68608.952 | T12: =月次返済表!R12 -> 100604.4 | U12: =月次返済表!G12 -> 100604.4 | W12: =$V$6-T12 -> 49629.037 | X12: =$V$6-U12 -> 49629.037
A13: 最大通常返済額（円） | B13: =MAX(月次返済表!R6:R605) -> 150233.44 | C13: =MAX(月次返済表!G6:G605) -> 142266.6 | D13: =B13-C13 -> 7966.841 | K13: 7 | L13: =月次返済表!U89/10000 -> 2937.8523 | M13: =月次返済表!M89/10000 -> 2628.8428 | O13: =TEXT((月次返済表!A13-1)/12,"0.0") -> 0.6 | P13: =月次返済表!S13 -> 31931.987 | Q13: =月次返済表!T13 -> 68672.415 | R13: =月次返済表!H13 -> 31931.987 | S13: =月次返済表!I13 -> 68672.415 | T13: =月次返済表!R13 -> 100604.4 | U13: =月次返済表!G13 -> 100604.4 | W13: =$V$6-T13 -> 49629.037 | X13: =$V$6-U13 -> 49629.037
K14: 8 | L14: =月次返済表!U101/10000 -> 2864.4603 | M14: =月次返済表!M101/10000 -> 2550.7744 | O14: =TEXT((月次返済表!A14-1)/12,"0.0") -> 0.7 | P14: =月次返済表!S14 -> 31868.465 | Q14: =月次返済表!T14 -> 68735.937 | R14: =月次返済表!H14 -> 31868.465 | S14: =月次返済表!I14 -> 68735.937 | T14: =月次返済表!R14 -> 100604.4 | U14: =月次返済表!G14 -> 100604.4 | W14: =$V$6-T14 -> 49629.037 | X14: =$V$6-U14 -> 49629.037
A15: 選択方式 | B15: =入力設定!B8 -> 期間短縮型 | K15: 9 | L15: =月次返済表!U113/10000 -> 2789.2123 | M15: =月次返済表!M113/10000 -> 2470.7319 | O15: =TEXT((月次返済表!A15-1)/12,"0.0") -> 0.8 | P15: =月次返済表!S15 -> 31804.884 | Q15: =月次返済表!T15 -> 68799.518 | R15: =月次返済表!H15 -> 31804.884 | S15: =月次返済表!I15 -> 68799.518 | T15: =月次返済表!R15 -> 100604.4 | U15: =月次返済表!G15 -> 100604.4 | W15: =$V$6-T15 -> 49629.037 | X15: =$V$6-U15 -> 49629.037
K16: 10 | L16: =月次返済表!U125/10000 -> 2712.0614 | M16: =月次返済表!M125/10000 -> 2388.6652 | O16: =TEXT((月次返済表!A16-1)/12,"0.0") -> 0.8 | P16: =月次返済表!S16 -> 31741.244 | Q16: =月次返済表!T16 -> 68863.157 | R16: =月次返済表!H16 -> 31741.244 | S16: =月次返済表!I16 -> 68863.157 | T16: =月次返済表!R16 -> 100604.4 | U16: =月次返済表!G16 -> 100604.4 | W16: =$V$6-T16 -> 49629.037 | X16: =$V$6-U16 -> 49629.037
A17: ※改善額は「なし－あり」。総額の改善額は手数料控除後です | K17: 11 | L17: =月次返済表!U137/10000 -> 2638.0807 | M17: =月次返済表!M137/10000 -> 2309.1745 | O17: =TEXT((月次返済表!A17-1)/12,"0.0") -> 0.9 | P17: =月次返済表!S17 -> 31677.546 | Q17: =月次返済表!T17 -> 68926.856 | R17: =月次返済表!H17 -> 31677.546 | S17: =月次返済表!I17 -> 68926.856 | T17: =月次返済表!R17 -> 100604.4 | U17: =月次返済表!G17 -> 100604.4 | W17: =$V$6-T17 -> 49629.037 | X17: =$V$6-U17 -> 49629.037
A18: ※36～50年の金利も入力可能で月次表は最大600回まで計算 | K18: 12 | L18: =月次返済表!U149/10000 -> 2561.8498 | M18: =月次返済表!M149/10000 -> 2227.266 | O18: =TEXT((月次返済表!A18-1)/12,"0.0") -> 1.0 | P18: =月次返済表!S18 -> 31613.789 | Q18: =月次返済表!T18 -> 68990.613 | R18: =月次返済表!H18 -> 31613.789 | S18: =月次返済表!I18 -> 68990.613 | T18: =月次返済表!R18 -> 100604.4 | U18: =月次返済表!G18 -> 100604.4 | W18: =$V$6-T18 -> 49629.037 | X18: =$V$6-U18 -> 49629.037
A19: ※1.25倍（125%）ルールは適用させていません | K19: 13 | L19: =月次返済表!U161/10000 -> 2483.3003 | M19: =月次返済表!M161/10000 -> 2142.8661 | O19: =TEXT((月次返済表!A19-1)/12,"0.0") -> 1.1 | P19: =月次返済表!S19 -> 31549.972 | Q19: =月次返済表!T19 -> 69054.429 | R19: =月次返済表!H19 -> 31549.972 | S19: =月次返済表!I19 -> 69054.429 | T19: =月次返済表!R19 -> 100604.4 | U19: =月次返済表!G19 -> 100604.4 | W19: =$V$6-T19 -> 49629.037 | X19: =$V$6-U19 -> 49629.037
K20: 14 | L20: =月次返済表!U173/10000 -> 2402.3616 | M20: =月次返済表!M173/10000 -> 2055.8992 | O20: =TEXT((月次返済表!A20-1)/12,"0.0") -> 1.2 | P20: =月次返済表!S20 -> 31486.097 | Q20: =月次返済表!T20 -> 69118.305 | R20: =月次返済表!H20 -> 31486.097 | S20: =月次返済表!I20 -> 69118.305 | T20: =月次返済表!R20 -> 100604.4 | U20: =月次返済表!G20 -> 100604.4 | W20: =$V$6-T20 -> 49629.037 | X20: =$V$6-U20 -> 49629.037
K21: 15 | L21: =月次返済表!U185/10000 -> 2318.961 | M21: =月次返済表!M185/10000 -> 1966.2871 | O21: =TEXT((月次返済表!A21-1)/12,"0.0") -> 1.3 | P21: =月次返済表!S21 -> 31422.163 | Q21: =月次返済表!T21 -> 69182.239 | R21: =月次返済表!H21 -> 31422.163 | S21: =月次返済表!I21 -> 69182.239 | T21: =月次返済表!R21 -> 100604.4 | U21: =月次返済表!G21 -> 100604.4 | W21: =$V$6-T21 -> 49629.037 | X21: =$V$6-U21 -> 49629.037
K22: 16 | L22: =月次返済表!U197/10000 -> 2241.6836 | M22: =月次返済表!M197/10000 -> 1881.5667 | O22: =TEXT((月次返済表!A22-1)/12,"0.0") -> 1.3 | P22: =月次返済表!S22 -> 31358.169 | Q22: =月次返済表!T22 -> 69246.233 | R22: =月次返済表!H22 -> 31358.169 | S22: =月次返済表!I22 -> 69246.233 | T22: =月次返済表!R22 -> 100604.4 | U22: =月次返済表!G22 -> 100604.4 | W22: =$V$6-T22 -> 49629.037 | X22: =$V$6-U22 -> 49629.037
K23: 17 | L23: =月次返済表!U209/10000 -> 2161.2577 | M23: =月次返済表!M209/10000 -> 1793.3946 | O23: =TEXT((月次返済表!A23-1)/12,"0.0") -> 1.4 | P23: =月次返済表!S23 -> 31294.116 | Q23: =月次返済表!T23 -> 69310.285 | R23: =月次返済表!H23 -> 31294.116 | S23: =月次返済表!I23 -> 69310.285 | T23: =月次返済表!R23 -> 100604.4 | U23: =月次返済表!G23 -> 100604.4 | W23: =$V$6-T23 -> 49629.037 | X23: =$V$6-U23 -> 49629.037
K24: 18 | L24: =月次返済表!U221/10000 -> 2077.5551 | M24: =月次返済表!M221/10000 -> 1701.6303 | O24: =TEXT((月次返済表!A24-1)/12,"0.0") -> 1.5 | P24: =月次返済表!S24 -> 31230.004 | Q24: =月次返済表!T24 -> 69374.397 | R24: =月次返済表!H24 -> 31230.004 | S24: =月次返済表!I24 -> 69374.397 | T24: =月次返済表!R24 -> 100604.4 | U24: =月次返済表!G24 -> 100604.4 | W24: =$V$6-T24 -> 49629.037 | X24: =$V$6-U24 -> 49629.037
K25: 19 | L25: =月次返済表!U233/10000 -> 1990.4424 | M25: =月次返済表!M233/10000 -> 1606.1274 | O25: =TEXT((月次返済表!A25-1)/12,"0.0") -> 1.6 | P25: =月次返済表!S25 -> 31165.833 | Q25: =月次返済表!T25 -> 69438.569 | R25: =月次返済表!H25 -> 31165.833 | S25: =月次返済表!I25 -> 69438.569 | T25: =月次返済表!R25 -> 100604.4 | U25: =月次返済表!G25 -> 100604.4 | W25: =$V$6-T25 -> 49629.037 | X25: =$V$6-U25 -> 49629.037
K26: 20 | L26: =月次返済表!U245/10000 -> 1899.7806 | M26: =月次返済表!M245/10000 -> 1506.7335 | O26: =TEXT((月次返済表!A26-1)/12,"0.0") -> 1.7 | P26: =月次返済表!S26 -> 31101.602 | Q26: =月次返済表!T26 -> 69502.799 | R26: =月次返済表!H26 -> 31101.602 | S26: =月次返済表!I26 -> 69502.799 | T26: =月次返済表!R26 -> 100604.4 | U26: =月次返済表!G26 -> 100604.4 | W26: =$V$6-T26 -> 49629.037 | X26: =$V$6-U26 -> 49629.037
K27: 21 | L27: =月次返済表!U257/10000 -> 1812.5075 | M27: =月次返済表!M257/10000 -> 1409.1338 | O27: =TEXT((月次返済表!A27-1)/12,"0.0") -> 1.8 | P27: =月次返済表!S27 -> 31037.312 | Q27: =月次返済表!T27 -> 69567.089 | R27: =月次返済表!H27 -> 31037.312 | S27: =月次返済表!I27 -> 69567.089 | T27: =月次返済表!R27 -> 100604.4 | U27: =月次返済表!G27 -> 100604.4 | W27: =$V$6-T27 -> 49629.037 | X27: =$V$6-U27 -> 49629.037
K28: 22 | L28: =月次返済表!U269/10000 -> 1720.7694 | M28: =月次返済表!M269/10000 -> 1306.5407 | O28: =TEXT((月次返済表!A28-1)/12,"0.0") -> 1.8 | P28: =月次返済表!S28 -> 30972.963 | Q28: =月次返済表!T28 -> 69631.439 | R28: =月次返済表!H28 -> 30972.963 | S28: =月次返済表!I28 -> 69631.439 | T28: =月次返済表!R28 -> 100604.4 | U28: =月次返済表!G28 -> 100604.4 | W28: =$V$6-T28 -> 49629.037 | X28: =$V$6-U28 -> 49629.037
K29: 23 | L29: =月次返済表!U281/10000 -> 1624.3377 | M29: =月次返済表!M281/10000 -> 1198.6987 | O29: =TEXT((月次返済表!A29-1)/12,"0.0") -> 1.9 | P29: =月次返済表!S29 -> 30908.554 | Q29: =月次返済表!T29 -> 69695.848 | R29: =月次返済表!H29 -> 30908.554 | S29: =月次返済表!I29 -> 69695.848 | T29: =月次返済表!R29 -> 100604.4 | U29: =月次返済表!G29 -> 100604.4 | W29: =$V$6-T29 -> 49629.037 | X29: =$V$6-U29 -> 49629.037
K30: 24 | L30: =月次返済表!U293/10000 -> 1522.9725 | M30: =月次返済表!M293/10000 -> 1085.3393 | O30: =TEXT((月次返済表!A30-1)/12,"0.0") -> 2.0 | P30: =月次返済表!S30 -> 30844.085 | Q30: =月次返済表!T30 -> 69760.317 | R30: =月次返済表!H30 -> 30844.085 | S30: =月次返済表!I30 -> 69760.317 | T30: =月次返済表!R30 -> 100604.4 | U30: =月次返済表!G30 -> 100604.4 | W30: =$V$6-T30 -> 49629.037 | X30: =$V$6-U30 -> 49629.037
K31: 25 | L31: =月次返済表!U305/10000 -> 1416.4211 | M31: =月次返済表!M305/10000 -> 966.18017 | O31: =TEXT((月次返済表!A31-1)/12,"0.0") -> 2.1 | P31: =月次返済表!S31 -> 30779.557 | Q31: =月次返済表!T31 -> 69824.845 | R31: =月次返済表!H31 -> 30779.557 | S31: =月次返済表!I31 -> 69824.845 | T31: =月次返済表!R31 -> 100604.4 | U31: =月次返済表!G31 -> 100604.4 | W31: =$V$6-T31 -> 49629.037 | X31: =$V$6-U31 -> 49629.037
K32: 26 | L32: =月次返済表!U317/10000 -> 1304.4185 | M32: =月次返済表!M317/10000 -> 840.92468 | O32: =TEXT((月次返済表!A32-1)/12,"0.0") -> 2.2 | P32: =月次返済表!S32 -> 30714.969 | Q32: =月次返済表!T32 -> 69889.433 | R32: =月次返済表!H32 -> 30714.969 | S32: =月次返済表!I32 -> 69889.433 | T32: =月次返済表!R32 -> 100604.4 | U32: =月次返済表!G32 -> 100604.4 | W32: =$V$6-T32 -> 49629.037 | X32: =$V$6-U32 -> 49629.037
K33: 27 | L33: =月次返済表!U329/10000 -> 1186.6855 | M33: =月次返済表!M329/10000 -> 709.26088 | O33: =TEXT((月次返済表!A33-1)/12,"0.0") -> 2.3 | P33: =月次返済表!S33 -> 30650.321 | Q33: =月次返済表!T33 -> 69954.081 | R33: =月次返済表!H33 -> 30650.321 | S33: =月次返済表!I33 -> 69954.081 | T33: =月次返済表!R33 -> 100604.4 | U33: =月次返済表!G33 -> 100604.4 | W33: =$V$6-T33 -> 49629.037 | X33: =$V$6-U33 -> 49629.037
K34: 28 | L34: =月次返済表!U341/10000 -> 1062.9291 | M34: =月次返済表!M341/10000 -> 570.86092 | O34: =TEXT((月次返済表!A34-1)/12,"0.0") -> 2.3 | P34: =月次返済表!S34 -> 30585.613 | Q34: =月次返済表!T34 -> 70018.788 | R34: =月次返済表!H34 -> 30585.613 | S34: =月次返済表!I34 -> 70018.788 | T34: =月次返済表!R34 -> 100604.4 | U34: =月次返済表!G34 -> 100604.4 | W34: =$V$6-T34 -> 49629.037 | X34: =$V$6-U34 -> 49629.037
K35: 29 | L35: =月次返済表!U353/10000 -> 932.84115 | M35: =月次返済表!M353/10000 -> 425.38014 | O35: =TEXT((月次返済表!A35-1)/12,"0.0") -> 2.4 | P35: =月次返済表!S35 -> 30520.846 | Q35: =月次返済表!T35 -> 70083.556 | R35: =月次返済表!H35 -> 30520.846 | S35: =月次返済表!I35 -> 70083.556 | T35: =月次返済表!R35 -> 100604.4 | U35: =月次返済表!G35 -> 100604.4 | W35: =$V$6-T35 -> 49629.037 | X35: =$V$6-U35 -> 49629.037
K36: 30 | L36: =月次返済表!U365/10000 -> 796.0976 | M36: =月次返済表!M365/10000 -> 272.4563 | O36: =TEXT((月次返済表!A36-1)/12,"0.0") -> 2.5 | P36: =月次返済表!S36 -> 30456.019 | Q36: =月次返済表!T36 -> 70148.383 | R36: =月次返済表!H36 -> 30456.019 | S36: =月次返済表!I36 -> 70148.383 | T36: =月次返済表!R36 -> 100604.4 | U36: =月次返済表!G36 -> 100604.4 | W36: =$V$6-T36 -> 49629.037 | X36: =$V$6-U36 -> 49629.037
K37: 31 | L37: =月次返済表!U377/10000 -> 652.358 | M37: =月次返済表!M377/10000 -> 111.70858 | O37: =TEXT((月次返済表!A37-1)/12,"0.0") -> 2.6 | P37: =月次返済表!S37 -> 30391.131 | Q37: =月次返済表!T37 -> 70213.27 | R37: =月次返済表!H37 -> 30391.131 | S37: =月次返済表!I37 -> 70213.27 | T37: =月次返済表!R37 -> 100604.4 | U37: =月次返済表!G37 -> 100604.4 | W37: =$V$6-T37 -> 49629.037 | X37: =$V$6-U37 -> 49629.037
A38: 毎月の通常返済額を表示。繰上返済額・手数料は含みません。完済後は0円。横軸は初回返済からの経過年。 | K38: 32 | L38: =月次返済表!U389/10000 -> 501.2644 | M38: =月次返済表!M389/10000 -> 0 | O38: =TEXT((月次返済表!A38-1)/12,"0.0") -> 2.7 | P38: =月次返済表!S38 -> 30326.184 | Q38: =月次返済表!T38 -> 70278.217 | R38: =月次返済表!H38 -> 30326.184 | S38: =月次返済表!I38 -> 70278.217 | T38: =月次返済表!R38 -> 100604.4 | U38: =月次返済表!G38 -> 100604.4 | W38: =$V$6-T38 -> 49629.037 | X38: =$V$6-U38 -> 49629.037
K39: 35 | L39: =月次返済表!U425/10000 -> 0 | M39: =月次返済表!M425/10000 -> 0 | O39: =TEXT((月次返済表!A41-1)/12,"0.0") -> 2.9 | P39: =月次返済表!S41 -> 30130.982 | Q39: =月次返済表!T41 -> 70473.42 | R39: =月次返済表!H41 -> 30130.982 | S39: =月次返済表!I41 -> 70473.42 | T39: =月次返済表!R41 -> 100604.4 | U39: =月次返済表!G41 -> 100604.4 | W39: =$V$6-T39 -> 49629.037 | X39: =$V$6-U39 -> 49629.037
K40: 36 | L40: =月次返済表!U437/10000 -> 0 | M40: =月次返済表!M437/10000 -> 0 | O40: =TEXT((月次返済表!A42-1)/12,"0.0") -> 3.0 | P40: =月次返済表!S42 -> 30065.794 | Q40: =月次返済表!T42 -> 70538.608 | R40: =月次返済表!H42 -> 30065.794 | S40: =月次返済表!I42 -> 70538.608 | T40: =月次返済表!R42 -> 100604.4 | U40: =月次返済表!G42 -> 100604.4 | W40: =$V$6-T40 -> 49629.037 | X40: =$V$6-U40 -> 49629.037
K41: 37 | L41: =月次返済表!U449/10000 -> 0 | M41: =月次返済表!M449/10000 -> 0 | O41: =TEXT((月次返済表!A43-1)/12,"0.0") -> 3.1 | P41: =月次返済表!S43 -> 30000.546 | Q41: =月次返済表!T43 -> 70603.856 | R41: =月次返済表!H43 -> 30000.546 | S41: =月次返済表!I43 -> 70603.856 | T41: =月次返済表!R43 -> 100604.4 | U41: =月次返済表!G43 -> 100604.4 | W41: =$V$6-T41 -> 49629.037 | X41: =$V$6-U41 -> 49629.037
K42: 38 | L42: =月次返済表!U461/10000 -> 0 | M42: =月次返済表!M461/10000 -> 0 | O42: =TEXT((月次返済表!A44-1)/12,"0.0") -> 3.2 | P42: =月次返済表!S44 -> 29935.237 | Q42: =月次返済表!T44 -> 70669.165 | R42: =月次返済表!H44 -> 29935.237 | S42: =月次返済表!I44 -> 70669.165 | T42: =月次返済表!R44 -> 100604.4 | U42: =月次返済表!G44 -> 100604.4 | W42: =$V$6-T42 -> 49629.037 | X42: =$V$6-U42 -> 49629.037
K43: 39 | L43: =月次返済表!U473/10000 -> 0 | M43: =月次返済表!M473/10000 -> 0 | O43: =TEXT((月次返済表!A45-1)/12,"0.0") -> 3.3 | P43: =月次返済表!S45 -> 29869.868 | Q43: =月次返済表!T45 -> 70734.534 | R43: =月次返済表!H45 -> 29869.868 | S43: =月次返済表!I45 -> 70734.534 | T43: =月次返済表!R45 -> 100604.4 | U43: =月次返済表!G45 -> 100604.4 | W43: =$V$6-T43 -> 49629.037 | X43: =$V$6-U43 -> 49629.037
K44: 40 | L44: =月次返済表!U485/10000 -> 0 | M44: =月次返済表!M485/10000 -> 0 | O44: =TEXT((月次返済表!A46-1)/12,"0.0") -> 3.3 | P44: =月次返済表!S46 -> 29804.439 | Q44: =月次返済表!T46 -> 70799.963 | R44: =月次返済表!H46 -> 29804.439 | S44: =月次返済表!I46 -> 70799.963 | T44: =月次返済表!R46 -> 100604.4 | U44: =月次返済表!G46 -> 100604.4 | W44: =$V$6-T44 -> 49629.037 | X44: =$V$6-U44 -> 49629.037
K45: 41 | L45: =月次返済表!U497/10000 -> 0 | M45: =月次返済表!M497/10000 -> 0 | O45: =TEXT((月次返済表!A47-1)/12,"0.0") -> 3.4 | P45: =月次返済表!S47 -> 29738.949 | Q45: =月次返済表!T47 -> 70865.453 | R45: =月次返済表!H47 -> 29738.949 | S45: =月次返済表!I47 -> 70865.453 | T45: =月次返済表!R47 -> 100604.4 | U45: =月次返済表!G47 -> 100604.4 | W45: =$V$6-T45 -> 49629.037 | X45: =$V$6-U45 -> 49629.037
K46: 42 | L46: =月次返済表!U509/10000 -> 0 | M46: =月次返済表!M509/10000 -> 0 | O46: =TEXT((月次返済表!A48-1)/12,"0.0") -> 3.5 | P46: =月次返済表!S48 -> 29673.398 | Q46: =月次返済表!T48 -> 70931.004 | R46: =月次返済表!H48 -> 29673.398 | S46: =月次返済表!I48 -> 70931.004 | T46: =月次返済表!R48 -> 100604.4 | U46: =月次返済表!G48 -> 100604.4 | W46: =$V$6-T46 -> 49629.037 | X46: =$V$6-U46 -> 49629.037
K47: 43 | L47: =月次返済表!U521/10000 -> 0 | M47: =月次返済表!M521/10000 -> 0 | O47: =TEXT((月次返済表!A49-1)/12,"0.0") -> 3.6 | P47: =月次返済表!S49 -> 29607.787 | Q47: =月次返済表!T49 -> 70996.615 | R47: =月次返済表!H49 -> 29607.787 | S47: =月次返済表!I49 -> 70996.615 | T47: =月次返済表!R49 -> 100604.4 | U47: =月次返済表!G49 -> 100604.4 | W47: =$V$6-T47 -> 49629.037 | X47: =$V$6-U47 -> 49629.037
K48: 44 | L48: =月次返済表!U533/10000 -> 0 | M48: =月次返済表!M533/10000 -> 0 | O48: =TEXT((月次返済表!A50-1)/12,"0.0") -> 3.7 | P48: =月次返済表!S50 -> 29542.115 | Q48: =月次返済表!T50 -> 71062.287 | R48: =月次返済表!H50 -> 29542.115 | S48: =月次返済表!I50 -> 71062.287 | T48: =月次返済表!R50 -> 100604.4 | U48: =月次返済表!G50 -> 100604.4 | W48: =$V$6-T48 -> 49629.037 | X48: =$V$6-U48 -> 49629.037
K49: 45 | L49: =月次返済表!U545/10000 -> 0 | M49: =月次返済表!M545/10000 -> 0 | O49: =TEXT((月次返済表!A51-1)/12,"0.0") -> 3.8 | P49: =月次返済表!S51 -> 29476.382 | Q49: =月次返済表!T51 -> 71128.019 | R49: =月次返済表!H51 -> 29476.382 | S49: =月次返済表!I51 -> 71128.019 | T49: =月次返済表!R51 -> 100604.4 | U49: =月次返済表!G51 -> 100604.4 | W49: =$V$6-T49 -> 49629.037 | X49: =$V$6-U49 -> 49629.037
K50: 46 | L50: =月次返済表!U557/10000 -> 0 | M50: =月次返済表!M557/10000 -> 0 | O50: =TEXT((月次返済表!A52-1)/12,"0.0") -> 3.8 | P50: =月次返済表!S52 -> 29410.589 | Q50: =月次返済表!T52 -> 71193.813 | R50: =月次返済表!H52 -> 29410.589 | S50: =月次返済表!I52 -> 71193.813 | T50: =月次返済表!R52 -> 100604.4 | U50: =月次返済表!G52 -> 100604.4 | W50: =$V$6-T50 -> 49629.037 | X50: =$V$6-U50 -> 49629.037
K51: 47 | L51: =月次返済表!U569/10000 -> 0 | M51: =月次返済表!M569/10000 -> 0 | O51: =TEXT((月次返済表!A53-1)/12,"0.0") -> 3.9 | P51: =月次返済表!S53 -> 29344.735 | Q51: =月次返済表!T53 -> 71259.667 | R51: =月次返済表!H53 -> 29344.735 | S51: =月次返済表!I53 -> 71259.667 | T51: =月次返済表!R53 -> 100604.4 | U51: =月次返済表!G53 -> 100604.4 | W51: =$V$6-T51 -> 49629.037 | X51: =$V$6-U51 -> 49629.037
K52: 48 | L52: =月次返済表!U581/10000 -> 0 | M52: =月次返済表!M581/10000 -> 0 | O52: =TEXT((月次返済表!A54-1)/12,"0.0") -> 4.0 | P52: =月次返済表!S54 -> 29278.82 | Q52: =月次返済表!T54 -> 71325.582 | R52: =月次返済表!H54 -> 29278.82 | S52: =月次返済表!I54 -> 71325.582 | T52: =月次返済表!R54 -> 100604.4 | U52: =月次返済表!G54 -> 100604.4 | W52: =$V$6-T52 -> 49629.037 | X52: =$V$6-U52 -> 49629.037
K53: 49 | L53: =月次返済表!U593/10000 -> 0 | M53: =月次返済表!M593/10000 -> 0 | O53: =TEXT((月次返済表!A55-1)/12,"0.0") -> 4.1 | P53: =月次返済表!S55 -> 29212.843 | Q53: =月次返済表!T55 -> 71391.558 | R53: =月次返済表!H55 -> 29212.843 | S53: =月次返済表!I55 -> 71391.558 | T53: =月次返済表!R55 -> 100604.4 | U53: =月次返済表!G55 -> 100604.4 | W53: =$V$6-T53 -> 49629.037 | X53: =$V$6-U53 -> 49629.037
K54: 50 | L54: =月次返済表!U605/10000 -> 0 | M54: =月次返済表!M605/10000 -> 0 | O54: =TEXT((月次返済表!A56-1)/12,"0.0") -> 4.2 | P54: =月次返済表!S56 -> 29146.806 | Q54: =月次返済表!T56 -> 71457.595 | R54: =月次返済表!H56 -> 29146.806 | S54: =月次返済表!I56 -> 71457.595 | T54: =月次返済表!R56 -> 100604.4 | U54: =月次返済表!G56 -> 100604.4 | W54: =$V$6-T54 -> 49629.037 | X54: =$V$6-U54 -> 49629.037
A55: 利息を下（ピンク）、通常返済の元金を上（青）に積み上げ。合計の高さがその月の通常返済額です。 | O55: =TEXT((月次返済表!A57-1)/12,"0.0") -> 4.3 | P55: =月次返済表!S57 -> 29080.708 | Q55: =月次返済表!T57 -> 71523.694 | R55: =月次返済表!H57 -> 29080.708 | S55: =月次返済表!I57 -> 71523.694 | T55: =月次返済表!R57 -> 100604.4 | U55: =月次返済表!G57 -> 100604.4 | W55: =$V$6-T55 -> 49629.037 | X55: =$V$6-U55 -> 49629.037
O56: =TEXT((月次返済表!A58-1)/12,"0.0") -> 4.3 | P56: =月次返済表!S58 -> 29014.548 | Q56: =月次返済表!T58 -> 71589.853 | R56: =月次返済表!H58 -> 29014.548 | S56: =月次返済表!I58 -> 71589.853 | T56: =月次返済表!R58 -> 100604.4 | U56: =月次返済表!G58 -> 100604.4 | W56: =$V$6-T56 -> 49629.037 | X56: =$V$6-U56 -> 49629.037
O57: =TEXT((月次返済表!A59-1)/12,"0.0") -> 4.4 | P57: =月次返済表!S59 -> 28948.328 | Q57: =月次返済表!T59 -> 71656.074 | R57: =月次返済表!H59 -> 28948.328 | S57: =月次返済表!I59 -> 71656.074 | T57: =月次返済表!R59 -> 100604.4 | U57: =月次返済表!G59 -> 100604.4 | W57: =$V$6-T57 -> 49629.037 | X57: =$V$6-U57 -> 49629.037
O58: =TEXT((月次返済表!A60-1)/12,"0.0") -> 4.5 | P58: =月次返済表!S60 -> 28882.046 | Q58: =月次返済表!T60 -> 71722.356 | R58: =月次返済表!H60 -> 28882.046 | S58: =月次返済表!I60 -> 71722.356 | T58: =月次返済表!R60 -> 100604.4 | U58: =月次返済表!G60 -> 100604.4 | W58: =$V$6-T58 -> 49629.037 | X58: =$V$6-U58 -> 49629.037
O59: =TEXT((月次返済表!A61-1)/12,"0.0") -> 4.6 | P59: =月次返済表!S61 -> 28815.703 | Q59: =月次返済表!T61 -> 71788.699 | R59: =月次返済表!H61 -> 28815.703 | S59: =月次返済表!I61 -> 71788.699 | T59: =月次返済表!R61 -> 100604.4 | U59: =月次返済表!G61 -> 100604.4 | W59: =$V$6-T59 -> 49629.037 | X59: =$V$6-U59 -> 49629.037
O60: =TEXT((月次返済表!A62-1)/12,"0.0") -> 4.7 | P60: =月次返済表!S62 -> 28749.298 | Q60: =月次返済表!T62 -> 71855.103 | R60: =月次返済表!H62 -> 28749.298 | S60: =月次返済表!I62 -> 71855.103 | T60: =月次返済表!R62 -> 100604.4 | U60: =月次返済表!G62 -> 100604.4 | W60: =$V$6-T60 -> 49629.037 | X60: =$V$6-U60 -> 49629.037
O61: =TEXT((月次返済表!A63-1)/12,"0.0") -> 4.8 | P61: =月次返済表!S63 -> 28682.832 | Q61: =月次返済表!T63 -> 71921.569 | R61: =月次返済表!H63 -> 28682.832 | S61: =月次返済表!I63 -> 71921.569 | T61: =月次返済表!R63 -> 100604.4 | U61: =月次返済表!G63 -> 100604.4 | W61: =$V$6-T61 -> 49629.037 | X61: =$V$6-U61 -> 49629.037
O62: =TEXT((月次返済表!A64-1)/12,"0.0") -> 4.8 | P62: =月次返済表!S64 -> 28616.305 | Q62: =月次返済表!T64 -> 71988.097 | R62: =月次返済表!H64 -> 28616.305 | S62: =月次返済表!I64 -> 71988.097 | T62: =月次返済表!R64 -> 100604.4 | U62: =月次返済表!G64 -> 100604.4 | W62: =$V$6-T62 -> 49629.037 | X62: =$V$6-U62 -> 49629.037
O63: =TEXT((月次返済表!A65-1)/12,"0.0") -> 4.9 | P63: =月次返済表!S65 -> 28549.716 | Q63: =月次返済表!T65 -> 72054.686 | R63: =月次返済表!H65 -> 28549.716 | S63: =月次返済表!I65 -> 72054.686 | T63: =月次返済表!R65 -> 100604.4 | U63: =月次返済表!G65 -> 100604.4 | W63: =$V$6-T63 -> 49629.037 | X63: =$V$6-U63 -> 49629.037
O64: =TEXT((月次返済表!A66-1)/12,"0.0") -> 5.0 | P64: =月次返済表!S66 -> 64151.048 | Q64: =月次返済表!T66 -> 57516.567 | R64: =月次返済表!H66 -> 57901.048 | S64: =月次返済表!I66 -> 61181.36 | T64: =月次返済表!R66 -> 121667.61 | U64: =月次返済表!G66 -> 119082.41 | W64: =$V$6-T64 -> 28565.824 | X64: =$V$6-U64 -> 31151.031
O65: =TEXT((月次返済表!A67-1)/12,"0.0") -> 5.1 | P65: =月次返済表!S67 -> 64031.222 | Q65: =月次返済表!T67 -> 57636.393 | R65: =月次返済表!H67 -> 57773.587 | S65: =月次返済表!I67 -> 61308.822 | T65: =月次返済表!R67 -> 121667.61 | U65: =月次返済表!G67 -> 119082.41 | W65: =$V$6-T65 -> 28565.824 | X65: =$V$6-U65 -> 31151.031
O66: =TEXT((月次返済表!A68-1)/12,"0.0") -> 5.2 | P66: =月次返済表!S68 -> 63911.146 | Q66: =月次返済表!T68 -> 57756.469 | R66: =月次返済表!H68 -> 57645.86 | S66: =月次返済表!I68 -> 61436.548 | T66: =月次返済表!R68 -> 121667.61 | U66: =月次返済表!G68 -> 119082.41 | W66: =$V$6-T66 -> 28565.824 | X66: =$V$6-U66 -> 31151.031
O67: =TEXT((月次返済表!A69-1)/12,"0.0") -> 5.3 | P67: =月次返済表!S69 -> 63790.82 | Q67: =月次返済表!T69 -> 57876.795 | R67: =月次返済表!H69 -> 57517.867 | S67: =月次返済表!I69 -> 61564.541 | T67: =月次返済表!R69 -> 121667.61 | U67: =月次返済表!G69 -> 119082.41 | W67: =$V$6-T67 -> 28565.824 | X67: =$V$6-U67 -> 31151.031
... O73: =TEXT((月次返済表!A75-1)/12,"0.0") -> 5.8 | P73: =月次返済表!S75 -> 63063.581 | Q73: =月次返済表!T75 -> 58604.033 | R73: =月次返済表!H75 -> 56744.291 | S73: =月次返済表!I75 -> 62338.117 | T73: =月次返済表!R75 -> 121667.61 | U73: =月次返済表!G75 -> 119082.41 | W73: =$V$6-T73 -> 28565.824 | X73: =$V$6-U73 -> 31151.031
A74: 返済額軽減型は翌月以降の高さが下がり、期間短縮型は返済額が0円になる時点が早まります。 | O74: =TEXT((月次返済表!A76-1)/12,"0.0") -> 5.8 | P74: =月次返済表!S76 -> 62941.49 | Q74: =月次返済表!T76 -> 58726.125 | R74: =月次返済表!H76 -> 56614.42 | S74: =月次返済表!I76 -> 62467.988 | T74: =月次返済表!R76 -> 121667.61 | U74: =月次返済表!G76 -> 119082.41 | W74: =$V$6-T74 -> 28565.824 | X74: =$V$6-U74 -> 31151.031
O75: =TEXT((月次返済表!A77-1)/12,"0.0") -> 5.9 | P75: =月次返済表!S77 -> 62819.144 | Q75: =月次返済表!T77 -> 58848.471 | R75: =月次返済表!H77 -> 56484.278 | S75: =月次返済表!I77 -> 62598.13 | T75: =月次返済表!R77 -> 121667.61 | U75: =月次返済表!G77 -> 119082.41 | W75: =$V$6-T75 -> 28565.824 | X75: =$V$6-U75 -> 31151.031
O76: =TEXT((月次返済表!A78-1)/12,"0.0") -> 6.0 | P76: =月次返済表!S78 -> 62696.543 | Q76: =月次返済表!T78 -> 58971.072 | R76: =月次返済表!H78 -> 56353.866 | S76: =月次返済表!I78 -> 62728.543 | T76: =月次返済表!R78 -> 121667.61 | U76: =月次返済表!G78 -> 119082.41 | W76: =$V$6-T76 -> 28565.824 | X76: =$V$6-U76 -> 31151.031
O77: =TEXT((月次返済表!A79-1)/12,"0.0") -> 6.1 | P77: =月次返済表!S79 -> 62573.686 | Q77: =月次返済表!T79 -> 59093.928 | R77: =月次返済表!H79 -> 56223.181 | S77: =月次返済表!I79 -> 62859.227 | T77: =月次返済表!R79 -> 121667.61 | U77: =月次返済表!G79 -> 119082.41 | W77: =$V$6-T77 -> 28565.824 | X77: =$V$6-U77 -> 31151.031
O78: =TEXT((月次返済表!A80-1)/12,"0.0") -> 6.2 | P78: =月次返済表!S80 -> 62450.574 | Q78: =月次返済表!T80 -> 59217.041 | R78: =月次返済表!H80 -> 56092.224 | S78: =月次返済表!I80 -> 62990.184 | T78: =月次返済表!R80 -> 121667.61 | U78: =月次返済表!G80 -> 119082.41 | W78: =$V$6-T78 -> 28565.824 | X78: =$V$6-U78 -> 31151.031
O79: =TEXT((月次返済表!A81-1)/12,"0.0") -> 6.3 | P79: =月次返済表!S81 -> 62327.205 | Q79: =月次返済表!T81 -> 59340.409 | R79: =月次返済表!H81 -> 55960.995 | S79: =月次返済表!I81 -> 63121.413 | T79: =月次返済表!R81 -> 121667.61 | U79: =月次返済表!G81 -> 119082.41 | W79: =$V$6-T79 -> 28565.824 | X79: =$V$6-U79 -> 31151.031
O80: =TEXT((月次返済表!A82-1)/12,"0.0") -> 6.3 | P80: =月次返済表!S82 -> 62203.579 | Q80: =月次返済表!T82 -> 59464.035 | R80: =月次返済表!H82 -> 55829.492 | S80: =月次返済表!I82 -> 63252.916 | T80: =月次返済表!R82 -> 121667.61 | U80: =月次返済表!G82 -> 119082.41 | W80: =$V$6-T80 -> 28565.824 | X80: =$V$6-U80 -> 31151.031
O81: =TEXT((月次返済表!A83-1)/12,"0.0") -> 6.4 | P81: =月次返済表!S83 -> 62079.696 | Q81: =月次返済表!T83 -> 59587.919 | R81: =月次返済表!H83 -> 55697.715 | S81: =月次返済表!I83 -> 63384.693 | T81: =月次返済表!R83 -> 121667.61 | U81: =月次返済表!G83 -> 119082.41 | W81: =$V$6-T81 -> 28565.824 | X81: =$V$6-U81 -> 31151.031
O82: =TEXT((月次返済表!A84-1)/12,"0.0") -> 6.5 | P82: =月次返済表!S84 -> 61955.554 | Q82: =月次返済表!T84 -> 59712.06 | R82: =月次返済表!H84 -> 55565.664 | S82: =月次返済表!I84 -> 63516.745 | T82: =月次返済表!R84 -> 121667.61 | U82: =月次返済表!G84 -> 119082.41 | W82: =$V$6-T82 -> 28565.824 | X82: =$V$6-U82 -> 31151.031
O83: =TEXT((月次返済表!A85-1)/12,"0.0") -> 6.6 | P83: =月次返済表!S85 -> 61831.154 | Q83: =月次返済表!T85 -> 59836.46 | R83: =月次返済表!H85 -> 55433.337 | S83: =月次返済表!I85 -> 63649.071 | T83: =月次返済表!R85 -> 121667.61 | U83: =月次返済表!G85 -> 119082.41 | W83: =$V$6-T83 -> 28565.824 | X83: =$V$6-U83 -> 31151.031
O84: =TEXT((月次返済表!A86-1)/12,"0.0") -> 6.7 | P84: =月次返済表!S86 -> 61706.495 | Q84: =月次返済表!T86 -> 59961.12 | R84: =月次返済表!H86 -> 55300.735 | S84: =月次返済表!I86 -> 63781.673 | T84: =月次返済表!R86 -> 121667.61 | U84: =月次返済表!G86 -> 119082.41 | W84: =$V$6-T84 -> 28565.824 | X84: =$V$6-U84 -> 31151.031
O85: =TEXT((月次返済表!A87-1)/12,"0.0") -> 6.8 | P85: =月次返済表!S87 -> 61581.576 | Q85: =月次返済表!T87 -> 60086.039 | R85: =月次返済表!H87 -> 55167.856 | S85: =月次返済表!I87 -> 63914.552 | T85: =月次返済表!R87 -> 121667.61 | U85: =月次返済表!G87 -> 119082.41 | W85: =$V$6-T85 -> 28565.824 | X85: =$V$6-U85 -> 31151.031
O86: =TEXT((月次返済表!A88-1)/12,"0.0") -> 6.8 | P86: =月次返済表!S88 -> 61456.397 | Q86: =月次返済表!T88 -> 60211.218 | R86: =月次返済表!H88 -> 55034.701 | S86: =月次返済表!I88 -> 64047.707 | T86: =月次返済表!R88 -> 121667.61 | U86: =月次返済表!G88 -> 119082.41 | W86: =$V$6-T86 -> 28565.824 | X86: =$V$6-U86 -> 31151.031
... O603: =TEXT((月次返済表!A605-1)/12,"0.0") -> 49.9 | P603: =月次返済表!S605 -> 0 | Q603: =月次返済表!T605 -> 0 | R603: =月次返済表!H605 -> 0 | S603: =月次返済表!I605 -> 0 | T603: =月次返済表!R605 -> 0 | U603: =月次返済表!G605 -> 0 | W603: =$V$6-T603 -> 150233.44 | X603: =$V$6-U603 -> 150233.44

Sheet 入力設定
A1: 住宅ローンの入力設定
A2: Copyright© 2026 F&S-Expert ,Inc. All Rights Reserved.
A3: 黄色・青字のセルを変更。初期値は入力例です。 | E3: ◆繰り上げ返済設定
E4: No. | F4: 繰上返済回目 | G4: 希望繰上額（円）
A5: 借入金額（円） | B5: 35000000 | E5: 1 | F5: 60 | G5: 3000000
A6: 返済期間（年） | B6: 35 | E6: 2
A7: 初回返済月 | B7: 46327 | E7: 3
A8: 繰上返済の方式 | B8: 期間短縮型 | E8: 4
A9: 繰上1回の手数料（円） | B9: 0 | E9: 5
A10: 返済方法 | B10: 元利均等 | E10: 6
A11: 繰上減額の反映時期 | B11: 翌月 | E11: 7
E12: 8
A13: ◆金利設定（5年ごとの金利が可能です） | E13: 9
A14: 適用開始年 | B14: 適用終了年 | C14: 年利 | E14: 10
A15: 1 | B15: 5 | C15: 0.0111 | E15: 11
A16: 6 | B16: 10 | C16: 0.025 | E16: 12
A17: 11 | B17: 15 | C17: 0.03 | E17: 13
A18: 16 | B18: 20 | C18: 0.04 | E18: 14
A19: 21 | B19: 25 | C19: 0.05 | E19: 15
A20: 26 | B20: 30 | C20: 0.05 | E20: 16
A21: 31 | B21: 35 | C21: 0.05 | E21: 17
A22: 36 | B22: 40 | C22: 0.05 | E22: 18
A23: 41 | B23: 45 | C23: 0.05 | E23: 19
A24: 46 | B24: 50 | C24: 0.05 | E24: 20

Sheet 月次返済表
A1: 月次返済表（円）
A2: Copyright© 2026 F&S-Expert ,Inc. All Rights Reserved.
A4: ※1.25倍（125%）ルールは適用させていません
A5: 回目 | B5: 返済月 | C5: 年利 | D5: 期首残高 | E5: 期首残回数 | F5: 予定月額 | G5: 通常返済 | H5: 支払利息 | I5: 通常元金 | J5: 希望繰上額 | K5: 実行繰上額 | L5: 手数料 | M5: 月末残高 | N5: 期末残回数 | O5: 支出合計 | P5: なし期首残高 | Q5: なし予定月額 | R5: なし通常返済 | S5: なし支払利息 | T5: なし元金 | U5: なし月末残高 | V5: 元金差額 | W5: なし元金差額 | X5: 支出差額 | Y5: 発生利息 | Z5: 期首未払利息 | AA5: 期末未払利息 | AB5: なし発生利息 | AC5: なし期首未払利息 | AD5: なし期末未払利息 | AE5: 60回見直し | AF5: 月次年利の不正入力
A6: =IF(結果サマリー!H5="使用期間中",1,0) -> 1 | B6: =EDATE(入力設定!$B$7,A6-1) -> 46327 | C6: =INDEX(入力設定!$C$15:$C$24,INT((A6-1)/60)+1) -> 0.0111 | D6: =入力設定!$B$5 -> 35000000 | E6: =入力設定!$B$6*12 -> 420 | F6: =IF(D6+Z6<0.000001,0,IF(D6<0.000001,0,IF(TRUE,IF(C6=0,D6/MAX(1,E6),D6*(C6/12)/(1-(1+C6/12)^(-MAX(1,E6)))),0))) -> 100604.4 | G6: =IF(D6+Z6<0.000001,0,IF(E6<=1,D6+Y6+Z6,MIN(D6+Y6+Z6,F6))) -> 100604.4 | H6: =MIN(G6,Y6+Z6) -> 32375 | I6: =G6-H6 -> 68229.402 | J6: =SUMIFS(入力設定!$G$5:$G$24,入力設定!$F$5:$F$24,A6) -> 0 | K6: =MIN(MAX(0,D6-I6),J6) -> 0 | L6: =IF(K6>0,入力設定!$B$9,0) -> 0 | M6: =MAX(0,D6-I6-K6) -> 34931771 | N6: =IF(M6+AA6<0.000001,0,IF(AND(K6>0,入力設定!$B$8="期間短縮型",AA6<0.000001,F6>M6*C6/12),MAX(1,MIN(E6-1,IF(C6=0,ROUNDUP(M6/F6,0),ROUNDUP(-LN(1-M6*(C6/12)/F6)/LN(1+C6/12),0)))),MAX(1,E6-1))) -> 419 | O6: =SUM(G6,K6,L6) -> 100604.4 | P6: =入力設定!$B$5 -> 35000000 | Q6: =IF(OR(A6>入力設定!$B$6*12,P6+AC6<0.000001),0,IF(P6<0.000001,0,IF(AE6=1,IF(C6=0,P6/MAX(1,入力設定!$B$6*12-A6+1),P6*(C6/12)/(1-(1+C6/12)^(-MAX(1,入力設定!$B$6*12-A6+1)))),0))) -> 100604.4 | R6: =IF(P6+AC6<0.000001,0,IF(A6=入力設定!$B$6*12,P6+AB6+AC6,MIN(Q6,P6+AB6+AC6))) -> 100604.4 | S6: =MIN(R6,AB6+AC6) -> 32375 | T6: =R6-S6 -> 68229.402 | U6: =MAX(0,P6-T6) -> 34931771 | V6: =D6-I6-K6-M6 -> 0 | W6: =P6-T6-U6 -> 0 | X6: =O6-G6-K6-L6 -> 0 | Y6: =D6*C6/12 -> 32375 | Z6: =0 -> 0 | AA6: =MAX(0,Z6+Y6-H6) -> 0 | AB6: =P6*C6/12 -> 32375 | AC6: =0 -> 0 | AD6: =MAX(0,AC6+AB6-S6) -> 0 | AE6: =IF(MOD(A6-1,60)=0,1,0) -> 1 | AF6: =IF(A6>入力設定!$B$6*12,0,IF(AND(ISNUMBER(C6),C6>=0,C6<=1),0,1)) -> 0
A7: =2 -> 2 | B7: =EDATE(入力設定!$B$7,A7-1) -> 46357 | C7: =INDEX(入力設定!$C$15:$C$24,INT((A7-1)/60)+1) -> 0.0111 | D7: =M6 -> 34931771 | E7: =N6 -> 419 | F7: =IF(D7+Z7<0.000001,0,IF(D7<0.000001,F6,IF(OR(AE7=1,AND(K6>0,入力設定!$B$8="返済額軽減型",入力設定!$B$11="翌月")),IF(C7=0,D7/MAX(1,E7),D7*(C7/12)/(1-(1+C7/12)^(-MAX(1,E7)))),F6))) -> 100604.4 | G7: =IF(D7+Z7<0.000001,0,IF(E7<=1,D7+Y7+Z7,MIN(D7+Y7+Z7,F7))) -> 100604.4 | H7: =MIN(G7,Y7+Z7) -> 32311.888 | I7: =G7-H7 -> 68292.514 | J7: =SUMIFS(入力設定!$G$5:$G$24,入力設定!$F$5:$F$24,A7) -> 0 | K7: =MIN(MAX(0,D7-I7),J7) -> 0 | L7: =IF(K7>0,入力設定!$B$9,0) -> 0 | M7: =MAX(0,D7-I7-K7) -> 34863478 | N7: =IF(M7+AA7<0.000001,0,IF(AND(K7>0,入力設定!$B$8="期間短縮型",AA7<0.000001,F7>M7*C7/12),MAX(1,MIN(E7-1,IF(C7=0,ROUNDUP(M7/F7,0),ROUNDUP(-LN(1-M7*(C7/12)/F7)/LN(1+C7/12),0)))),MAX(1,E7-1))) -> 418 | O7: =SUM(G7,K7,L7) -> 100604.4 | P7: =U6 -> 34931771 | Q7: =IF(OR(A7>入力設定!$B$6*12,P7+AC7<0.000001),0,IF(P7<0.000001,Q6,IF(AE7=1,IF(C7=0,P7/MAX(1,入力設定!$B$6*12-A7+1),P7*(C7/12)/(1-(1+C7/12)^(-MAX(1,入力設定!$B$6*12-A7+1)))),Q6))) -> 100604.4 | R7: =IF(P7+AC7<0.000001,0,IF(A7=入力設定!$B$6*12,P7+AB7+AC7,MIN(Q7,P7+AB7+AC7))) -> 100604.4 | S7: =MIN(R7,AB7+AC7) -> 32311.888 | T7: =R7-S7 -> 68292.514 | U7: =MAX(0,P7-T7) -> 34863478 | V7: =D7-I7-K7-M7 -> 0 | W7: =P7-T7-U7 -> 0 | X7: =O7-G7-K7-L7 -> 0 | Y7: =D7*C7/12 -> 32311.888 | Z7: =AA6 -> 0 | AA7: =MAX(0,Z7+Y7-H7) -> 0 | AB7: =P7*C7/12 -> 32311.888 | AC7: =AD6 -> 0 | AD7: =MAX(0,AC7+AB7-S7) -> 0 | AE7: =IF(MOD(A7-1,60)=0,1,0) -> 0 | AF7: =IF(A7>入力設定!$B$6*12,0,IF(AND(ISNUMBER(C7),C7>=0,C7<=1),0,1)) -> 0
A8: =3 -> 3 | B8: =EDATE(入力設定!$B$7,A8-1) -> 46388 | C8: =INDEX(入力設定!$C$15:$C$24,INT((A8-1)/60)+1) -> 0.0111 | D8: =M7 -> 34863478 | E8: =N7 -> 418 | F8: =IF(D8+Z8<0.000001,0,IF(D8<0.000001,F7,IF(OR(AE8=1,AND(K7>0,入力設定!$B$8="返済額軽減型",入力設定!$B$11="翌月")),IF(C8=0,D8/MAX(1,E8),D8*(C8/12)/(1-(1+C8/12)^(-MAX(1,E8)))),F7))) -> 100604.4 | G8: =IF(D8+Z8<0.000001,0,IF(E8<=1,D8+Y8+Z8,MIN(D8+Y8+Z8,F8))) -> 100604.4 | H8: =MIN(G8,Y8+Z8) -> 32248.717 | I8: =G8-H8 -> 68355.684 | J8: =SUMIFS(入力設定!$G$5:$G$24,入力設定!$F$5:$F$24,A8) -> 0 | K8: =MIN(MAX(0,D8-I8),J8) -> 0 | L8: =IF(K8>0,入力設定!$B$9,0) -> 0 | M8: =MAX(0,D8-I8-K8) -> 34795122 | N8: =IF(M8+AA8<0.000001,0,IF(AND(K8>0,入力設定!$B$8="期間短縮型",AA8<0.000001,F8>M8*C8/12),MAX(1,MIN(E8-1,IF(C8=0,ROUNDUP(M8/F8,0),ROUNDUP(-LN(1-M8*(C8/12)/F8)/LN(1+C8/12),0)))),MAX(1,E8-1))) -> 417 | O8: =SUM(G8,K8,L8) -> 100604.4 | P8: =U7 -> 34863478 | Q8: =IF(OR(A8>入力設定!$B$6*12,P8+AC8<0.000001),0,IF(P8<0.000001,Q7,IF(AE8=1,IF(C8=0,P8/MAX(1,入力設定!$B$6*12-A8+1),P8*(C8/12)/(1-(1+C8/12)^(-MAX(1,入力設定!$B$6*12-A8+1)))),Q7))) -> 100604.4 | R8: =IF(P8+AC8<0.000001,0,IF(A8=入力設定!$B$6*12,P8+AB8+AC8,MIN(Q8,P8+AB8+AC8))) -> 100604.4 | S8: =MIN(R8,AB8+AC8) -> 32248.717 | T8: =R8-S8 -> 68355.684 | U8: =MAX(0,P8-T8) -> 34795122 | V8: =D8-I8-K8-M8 -> 0 | W8: =P8-T8-U8 -> 0 | X8: =O8-G8-K8-L8 -> 0 | Y8: =D8*C8/12 -> 32248.717 | Z8: =AA7 -> 0 | AA8: =MAX(0,Z8+Y8-H8) -> 0 | AB8: =P8*C8/12 -> 32248.717 | AC8: =AD7 -> 0 | AD8: =MAX(0,AC8+AB8-S8) -> 0 | AE8: =IF(MOD(A8-1,60)=0,1,0) -> 0 | AF8: =IF(A8>入力設定!$B$6*12,0,IF(AND(ISNUMBER(C8),C8>=0,C8<=1),0,1)) -> 0
A9: =4 -> 4 | B9: =EDATE(入力設定!$B$7,A9-1) -> 46419 | C9: =INDEX(入力設定!$C$15:$C$24,INT((A9-1)/60)+1) -> 0.0111 | D9: =M8 -> 34795122 | E9: =N8 -> 417 | F9: =IF(D9+Z9<0.000001,0,IF(D9<0.000001,F8,IF(OR(AE9=1,AND(K8>0,入力設定!$B$8="返済額軽減型",入力設定!$B$11="翌月")),IF(C9=0,D9/MAX(1,E9),D9*(C9/12)/(1-(1+C9/12)^(-MAX(1,E9)))),F8))) -> 100604.4 | G9: =IF(D9+Z9<0.000001,0,IF(E9<=1,D9+Y9+Z9,MIN(D9+Y9+Z9,F9))) -> 100604.4 | H9: =MIN(G9,Y9+Z9) -> 32185.488 | I9: =G9-H9 -> 68418.913 | J9: =SUMIFS(入力設定!$G$5:$G$24,入力設定!$F$5:$F$24,A9) -> 0 | K9: =MIN(MAX(0,D9-I9),J9) -> 0 | L9: =IF(K9>0,入力設定!$B$9,0) -> 0 | M9: =MAX(0,D9-I9-K9) -> 34726703 | N9: =IF(M9+AA9<0.000001,0,IF(AND(K9>0,入力設定!$B$8="期間短縮型",AA9<0.000001,F9>M9*C9/12),MAX(1,MIN(E9-1,IF(C9=0,ROUNDUP(M9/F9,0),ROUNDUP(-LN(1-M9*(C9/12)/F9)/LN(1+C9/12),0)))),MAX(1,E9-1))) -> 416 | O9: =SUM(G9,K9,L9) -> 100604.4 | P9: =U8 -> 34795122 | Q9: =IF(OR(A9>入力設定!$B$6*12,P9+AC9<0.000001),0,IF(P9<0.000001,Q8,IF(AE9=1,IF(C9=0,P9/MAX(1,入力設定!$B$6*12-A9+1),P9*(C9/12)/(1-(1+C9/12)^(-MAX(1,入力設定!$B$6*12-A9+1)))),Q8))) -> 100604.4 | R9: =IF(P9+AC9<0.000001,0,IF(A9=入力設定!$B$6*12,P9+AB9+AC9,MIN(Q9,P9+AB9+AC9))) -> 100604.4 | S9: =MIN(R9,AB9+AC9) -> 32185.488 | T9: =R9-S9 -> 68418.913 | U9: =MAX(0,P9-T9) -> 34726703 | V9: =D9-I9-K9-M9 -> 0 | W9: =P9-T9-U9 -> 0 | X9: =O9-G9-K9-L9 -> 0 | Y9: =D9*C9/12 -> 32185.488 | Z9: =AA8 -> 0 | AA9: =MAX(0,Z9+Y9-H9) -> 0 | AB9: =P9*C9/12 -> 32185.488 | AC9: =AD8 -> 0 | AD9: =MAX(0,AC9+AB9-S9) -> 0 | AE9: =IF(MOD(A9-1,60)=0,1,0) -> 0 | AF9: =IF(A9>入力設定!$B$6*12,0,IF(AND(ISNUMBER(C9),C9>=0,C9<=1),0,1)) -> 0
A10: =5 -> 5 | B10: =EDATE(入力設定!$B$7,A10-1) -> 46447 | C10: =INDEX(入力設定!$C$15:$C$24,INT((A10-1)/60)+1) -> 0.0111 | D10: =M9 -> 34726703 | E10: =N9 -> 416 | F10: =IF(D10+Z10<0.000001,0,IF(D10<0.000001,F9,IF(OR(AE10=1,AND(K9>0,入力設定!$B$8="返済額軽減型",入力設定!$B$11="翌月")),IF(C10=0,D10/MAX(1,E10),D10*(C10/12)/(1-(1+C10/12)^(-MAX(1,E10)))),F9))) -> 100604.4 | G10: =IF(D10+Z10<0.000001,0,IF(E10<=1,D10+Y10+Z10,MIN(D10+Y10+Z10,F10))) -> 100604.4 | H10: =MIN(G10,Y10+Z10) -> 32122.201 | I10: =G10-H10 -> 68482.201 | J10: =SUMIFS(入力設定!$G$5:$G$24,入力設定!$F$5:$F$24,A10) -> 0 | K10: =MIN(MAX(0,D10-I10),J10) -> 0 | L10: =IF(K10>0,入力設定!$B$9,0) -> 0 | M10: =MAX(0,D10-I10-K10) -> 34658221 | N10: =IF(M10+AA10<0.000001,0,IF(AND(K10>0,入力設定!$B$8="期間短縮型",AA10<0.000001,F10>M10*C10/12),MAX(1,MIN(E10-1,IF(C10=0,ROUNDUP(M10/F10,0),ROUNDUP(-LN(1-M10*(C10/12)/F10)/LN(1+C10/12),0)))),MAX(1,E10-1))) -> 415 | O10: =SUM(G10,K10,L10) -> 100604.4 | P10: =U9 -> 34726703 | Q10: =IF(OR(A10>入力設定!$B$6*12,P10+AC10<0.000001),0,IF(P10<0.000001,Q9,IF(AE10=1,IF(C10=0,P10/MAX(1,入力設定!$B$6*12-A10+1),P10*(C10/12)/(1-(1+C10/12)^(-MAX(1,入力設定!$B$6*12-A10+1)))),Q9))) -> 100604.4 | R10: =IF(P10+AC10<0.000001,0,IF(A10=入力設定!$B$6*12,P10+AB10+AC10,MIN(Q10,P10+AB10+AC10))) -> 100604.4 | S10: =MIN(R10,AB10+AC10) -> 32122.201 | T10: =R10-S10 -> 68482.201 | U10: =MAX(0,P10-T10) -> 34658221 | V10: =D10-I10-K10-M10 -> 0 | W10: =P10-T10-U10 -> 0 | X10: =O10-G10-K10-L10 -> 0 | Y10: =D10*C10/12 -> 32122.201 | Z10: =AA9 -> 0 | AA10: =MAX(0,Z10+Y10-H10) -> 0 | AB10: =P10*C10/12 -> 32122.201 | AC10: =AD9 -> 0 | AD10: =MAX(0,AC10+AB10-S10) -> 0 | AE10: =IF(MOD(A10-1,60)=0,1,0) -> 0 | AF10: =IF(A10>入力設定!$B$6*12,0,IF(AND(ISNUMBER(C10),C10>=0,C10<=1),0,1)) -> 0
A11: =6 -> 6 | B11: =EDATE(入力設定!$B$7,A11-1) -> 46478 | C11: =INDEX(入力設定!$C$15:$C$24,INT((A11-1)/60)+1) -> 0.0111 | D11: =M10 -> 34658221 | E11: =N10 -> 415 | F11: =IF(D11+Z11<0.000001,0,IF(D11<0.000001,F10,IF(OR(AE11=1,AND(K10>0,入力設定!$B$8="返済額軽減型",入力設定!$B$11="翌月")),IF(C11=0,D11/MAX(1,E11),D11*(C11/12)/(1-(1+C11/12)^(-MAX(1,E11)))),F10))) -> 100604.4 | G11: =IF(D11+Z11<0.000001,0,IF(E11<=1,D11+Y11+Z11,MIN(D11+Y11+Z11,F11))) -> 100604.4 | H11: =MIN(G11,Y11+Z11) -> 32058.855 | I11: =G11-H11 -> 68545.547 | J11: =SUMIFS(入力設定!$G$5:$G$24,入力設定!$F$5:$F$24,A11) -> 0 | K11: =MIN(MAX(0,D11-I11),J11) -> 0 | L11: =IF(K11>0,入力設定!$B$9,0) -> 0 | M11: =MAX(0,D11-I11-K11) -> 34589676 | N11: =IF(M11+AA11<0.000001,0,IF(AND(K11>0,入力設定!$B$8="期間短縮型",AA11<0.000001,F11>M11*C11/12),MAX(1,MIN(E11-1,IF(C11=0,ROUNDUP(M11/F11,0),ROUNDUP(-LN(1-M11*(C11/12)/F11)/LN(1+C11/12),0)))),MAX(1,E11-1))) -> 414 | O11: =SUM(G11,K11,L11) -> 100604.4 | P11: =U10 -> 34658221 | Q11: =IF(OR(A11>入力設定!$B$6*12,P11+AC11<0.000001),0,IF(P11<0.000001,Q10,IF(AE11=1,IF(C11=0,P11/MAX(1,入力設定!$B$6*12-A11+1),P11*(C11/12)/(1-(1+C11/12)^(-MAX(1,入力設定!$B$6*12-A11+1)))),Q10))) -> 100604.4 | R11: =IF(P11+AC11<0.000001,0,IF(A11=入力設定!$B$6*12,P11+AB11+AC11,MIN(Q11,P11+AB11+AC11))) -> 100604.4 | S11: =MIN(R11,AB11+AC11) -> 32058.855 | T11: =R11-S11 -> 68545.547 | U11: =MAX(0,P11-T11) -> 34589676 | V11: =D11-I11-K11-M11 -> 0 | W11: =P11-T11-U11 -> 0 | X11: =O11-G11-K11-L11 -> 0 | Y11: =D11*C11/12 -> 32058.855 | Z11: =AA10 -> 0 | AA11: =MAX(0,Z11+Y11-H11) -> 0 | AB11: =P11*C11/12 -> 32058.855 | AC11: =AD10 -> 0 | AD11: =MAX(0,AC11+AB11-S11) -> 0 | AE11: =IF(MOD(A11-1,60)=0,1,0) -> 0 | AF11: =IF(A11>入力設定!$B$6*12,0,IF(AND(ISNUMBER(C11),C11>=0,C11<=1),0,1)) -> 0
A12: =7 -> 7 | B12: =EDATE(入力設定!$B$7,A12-1) -> 46508 | C12: =INDEX(入力設定!$C$15:$C$24,INT((A12-1)/60)+1) -> 0.0111 | D12: =M11 -> 34589676 | E12: =N11 -> 414 | F12: =IF(D12+Z12<0.000001,0,IF(D12<0.000001,F11,IF(OR(AE12=1,AND(K11>0,入力設定!$B$8="返済額軽減型",入力設定!$B$11="翌月")),IF(C12=0,D12/MAX(1,E12),D12*(C12/12)/(1-(1+C12/12)^(-MAX(1,E12)))),F11))) -> 100604.4 | G12: =IF(D12+Z12<0.000001,0,IF(E12<=1,D12+Y12+Z12,MIN(D12+Y12+Z12,F12))) -> 100604.4 | H12: =MIN(G12,Y12+Z12) -> 31995.45 | I12: =G12-H12 -> 68608.952 | J12: =SUMIFS(入力設定!$G$5:$G$24,入力設定!$F$5:$F$24,A12) -> 0 | K12: =MIN(MAX(0,D12-I12),J12) -> 0 | L12: =IF(K12>0,入力設定!$B$9,0) -> 0 | M12: =MAX(0,D12-I12-K12) -> 34521067 | N12: =IF(M12+AA12<0.000001,0,IF(AND(K12>0,入力設定!$B$8="期間短縮型",AA12<0.000001,F12>M12*C12/12),MAX(1,MIN(E12-1,IF(C12=0,ROUNDUP(M12/F12,0),ROUNDUP(-LN(1-M12*(C12/12)/F12)/LN(1+C12/12),0)))),MAX(1,E12-1))) -> 413 | O12: =SUM(G12,K12,L12) -> 100604.4 | P12: =U11 -> 34589676 | Q12: =IF(OR(A12>入力設定!$B$6*12,P12+AC12<0.000001),0,IF(P12<0.000001,Q11,IF(AE12=1,IF(C12=0,P12/MAX(1,入力設定!$B$6*12-A12+1),P12*(C12/12)/(1-(1+C12/12)^(-MAX(1,入力設定!$B$6*12-A12+1)))),Q11))) -> 100604.4 | R12: =IF(P12+AC12<0.000001,0,IF(A12=入力設定!$B$6*12,P12+AB12+AC12,MIN(Q12,P12+AB12+AC12))) -> 100604.4 | S12: =MIN(R12,AB12+AC12) -> 31995.45 | T12: =R12-S12 -> 68608.952 | U12: =MAX(0,P12-T12) -> 34521067 | V12: =D12-I12-K12-M12 -> 0 | W12: =P12-T12-U12 -> 0 | X12: =O12-G12-K12-L12 -> 0 | Y12: =D12*C12/12 -> 31995.45 | Z12: =AA11 -> 0 | AA12: =MAX(0,Z12+Y12-H12) -> 0 | AB12: =P12*C12/12 -> 31995.45 | AC12: =AD11 -> 0 | AD12: =MAX(0,AC12+AB12-S12) -> 0 | AE12: =IF(MOD(A12-1,60)=0,1,0) -> 0 | AF12: =IF(A12>入力設定!$B$6*12,0,IF(AND(ISNUMBER(C12),C12>=0,C12<=1),0,1)) -> 0
A13: =8 -> 8 | B13: =EDATE(入力設定!$B$7,A13-1) -> 46539 | C13: =INDEX(入力設定!$C$15:$C$24,INT((A13-1)/60)+1) -> 0.0111 | D13: =M12 -> 34521067 | E13: =N12 -> 413 | F13: =IF(D13+Z13<0.000001,0,IF(D13<0.000001,F12,IF(OR(AE13=1,AND(K12>0,入力設定!$B$8="返済額軽減型",入力設定!$B$11="翌月")),IF(C13=0,D13/MAX(1,E13),D13*(C13/12)/(1-(1+C13/12)^(-MAX(1,E13)))),F12))) -> 100604.4 | G13: =IF(D13+Z13<0.000001,0,IF(E13<=1,D13+Y13+Z13,MIN(D13+Y13+Z13,F13))) -> 100604.4 | H13: =MIN(G13,Y13+Z13) -> 31931.987 | I13: =G13-H13 -> 68672.415 | J13: =SUMIFS(入力設定!$G$5:$G$24,入力設定!$F$5:$F$24,A13) -> 0 | K13: =MIN(MAX(0,D13-I13),J13) -> 0 | L13: =IF(K13>0,入力設定!$B$9,0) -> 0 | M13: =MAX(0,D13-I13-K13) -> 34452394 | N13: =IF(M13+AA13<0.000001,0,IF(AND(K13>0,入力設定!$B$8="期間短縮型",AA13<0.000001,F13>M13*C13/12),MAX(1,MIN(E13-1,IF(C13=0,ROUNDUP(M13/F13,0),ROUNDUP(-LN(1-M13*(C13/12)/F13)/LN(1+C13/12),0)))),MAX(1,E13-1))) -> 412 | O13: =SUM(G13,K13,L13) -> 100604.4 | P13: =U12 -> 34521067 | Q13: =IF(OR(A13>入力設定!$B$6*12,P13+AC13<0.000001),0,IF(P13<0.000001,Q12,IF(AE13=1,IF(C13=0,P13/MAX(1,入力設定!$B$6*12-A13+1),P13*(C13/12)/(1-(1+C13/12)^(-MAX(1,入力設定!$B$6*12-A13+1)))),Q12))) -> 100604.4 | R13: =IF(P13+AC13<0.000001,0,IF(A13=入力設定!$B$6*12,P13+AB13+AC13,MIN(Q13,P13+AB13+AC13))) -> 100604.4 | S13: =MIN(R13,AB13+AC13) -> 31931.987 | T13: =R13-S13 -> 68672.415 | U13: =MAX(0,P13-T13) -> 34452394 | V13: =D13-I13-K13-M13 -> 0 | W13: =P13-T13-U13 -> 0 | X13: =O13-G13-K13-L13 -> 0 | Y13: =D13*C13/12 -> 31931.987 | Z13: =AA12 -> 0 | AA13: =MAX(0,Z13+Y13-H13) -> 0 | AB13: =P13*C13/12 -> 31931.987 | AC13: =AD12 -> 0 | AD13: =MAX(0,AC13+AB13-S13) -> 0 | AE13: =IF(MOD(A13-1,60)=0,1,0) -> 0 | AF13: =IF(A13>入力設定!$B$6*12,0,IF(AND(ISNUMBER(C13),C13>=0,C13<=1),0,1)) -> 0
A14: =9 -> 9 | B14: =EDATE(入力設定!$B$7,A14-1) -> 46569 | C14: =INDEX(入力設定!$C$15:$C$24,INT((A14-1)/60)+1) -> 0.0111 | D14: =M13 -> 34452394 | E14: =N13 -> 412 | F14: =IF(D14+Z14<0.000001,0,IF(D14<0.000001,F13,IF(OR(AE14=1,AND(K13>0,入力設定!$B$8="返済額軽減型",入力設定!$B$11="翌月")),IF(C14=0,D14/MAX(1,E14),D14*(C14/12)/(1-(1+C14/12)^(-MAX(1,E14)))),F13))) -> 100604.4 | G14: =IF(D14+Z14<0.000001,0,IF(E14<=1,D14+Y14+Z14,MIN(D14+Y14+Z14,F14))) -> 100604.4 | H14: =MIN(G14,Y14+Z14) -> 31868.465 | I14: =G14-H14 -> 68735.937 | J14: =SUMIFS(入力設定!$G$5:$G$24,入力設定!$F$5:$F$24,A14) -> 0 | K14: =MIN(MAX(0,D14-I14),J14) -> 0 | L14: =IF(K14>0,入力設定!$B$9,0) -> 0 | M14: =MAX(0,D14-I14-K14) -> 34383658 | N14: =IF(M14+AA14<0.000001,0,IF(AND(K14>0,入力設定!$B$8="期間短縮型",AA14<0.000001,F14>M14*C14/12),MAX(1,MIN(E14-1,IF(C14=0,ROUNDUP(M14/F14,0),ROUNDUP(-LN(1-M14*(C14/12)/F14)/LN(1+C14/12),0)))),MAX(1,E14-1))) -> 411 | O14: =SUM(G14,K14,L14) -> 100604.4 | P14: =U13 -> 34452394 | Q14: =IF(OR(A14>入力設定!$B$6*12,P14+AC14<0.000001),0,IF(P14<0.000001,Q13,IF(AE14=1,IF(C14=0,P14/MAX(1,入力設定!$B$6*12-A14+1),P14*(C14/12)/(1-(1+C14/12)^(-MAX(1,入力設定!$B$6*12-A14+1)))),Q13))) -> 100604.4 | R14: =IF(P14+AC14<0.000001,0,IF(A14=入力設定!$B$6*12,P14+AB14+AC14,MIN(Q14,P14+AB14+AC14))) -> 100604.4 | S14: =MIN(R14,AB14+AC14) -> 31868.465 | T14: =R14-S14 -> 68735.937 | U14: =MAX(0,P14-T14) -> 34383658 | V14: =D14-I14-K14-M14 -> 0 | W14: =P14-T14-U14 -> 0 | X14: =O14-G14-K14-L14 -> 0 | Y14: =D14*C14/12 -> 31868.465 | Z14: =AA13 -> 0 | AA14: =MAX(0,Z14+Y14-H14) -> 0 | AB14: =P14*C14/12 -> 31868.465 | AC14: =AD13 -> 0 | AD14: =MAX(0,AC14+AB14-S14) -> 0 | AE14: =IF(MOD(A14-1,60)=0,1,0) -> 0 | AF14: =IF(A14>入力設定!$B$6*12,0,IF(AND(ISNUMBER(C14),C14>=0,C14<=1),0,1)) -> 0
A15: =10 -> 10 | B15: =EDATE(入力設定!$B$7,A15-1) -> 46600 | C15: =INDEX(入力設定!$C$15:$C$24,INT((A15-1)/60)+1) -> 0.0111 | D15: =M14 -> 34383658 | E15: =N14 -> 411 | F15: =IF(D15+Z15<0.000001,0,IF(D15<0.000001,F14,IF(OR(AE15=1,AND(K14>0,入力設定!$B$8="返済額軽減型",入力設定!$B$11="翌月")),IF(C15=0,D15/MAX(1,E15),D15*(C15/12)/(1-(1+C15/12)^(-MAX(1,E15)))),F14))) -> 100604.4 | G15: =IF(D15+Z15<0.000001,0,IF(E15<=1,D15+Y15+Z15,MIN(D15+Y15+Z15,F15))) -> 100604.4 | H15: =MIN(G15,Y15+Z15) -> 31804.884 | I15: =G15-H15 -> 68799.518 | J15: =SUMIFS(入力設定!$G$5:$G$24,入力設定!$F$5:$F$24,A15) -> 0 | K15: =MIN(MAX(0,D15-I15),J15) -> 0 | L15: =IF(K15>0,入力設定!$B$9,0) -> 0 | M15: =MAX(0,D15-I15-K15) -> 34314859 | N15: =IF(M15+AA15<0.000001,0,IF(AND(K15>0,入力設定!$B$8="期間短縮型",AA15<0.000001,F15>M15*C15/12),MAX(1,MIN(E15-1,IF(C15=0,ROUNDUP(M15/F15,0),ROUNDUP(-LN(1-M15*(C15/12)/F15)/LN(1+C15/12),0)))),MAX(1,E15-1))) -> 410 | O15: =SUM(G15,K15,L15) -> 100604.4 | P15: =U14 -> 34383658 | Q15: =IF(OR(A15>入力設定!$B$6*12,P15+AC15<0.000001),0,IF(P15<0.000001,Q14,IF(AE15=1,IF(C15=0,P15/MAX(1,入力設定!$B$6*12-A15+1),P15*(C15/12)/(1-(1+C15/12)^(-MAX(1,入力設定!$B$6*12-A15+1)))),Q14))) -> 100604.4 | R15: =IF(P15+AC15<0.000001,0,IF(A15=入力設定!$B$6*12,P15+AB15+AC15,MIN(Q15,P15+AB15+AC15))) -> 100604.4 | S15: =MIN(R15,AB15+AC15) -> 31804.884 | T15: =R15-S15 -> 68799.518 | U15: =MAX(0,P15-T15) -> 34314859 | V15: =D15-I15-K15-M15 -> 0 | W15: =P15-T15-U15 -> 0 | X15: =O15-G15-K15-L15 -> 0 | Y15: =D15*C15/12 -> 31804.884 | Z15: =AA14 -> 0 | AA15: =MAX(0,Z15+Y15-H15) -> 0 | AB15: =P15*C15/12 -> 31804.884 | AC15: =AD14 -> 0 | AD15: =MAX(0,AC15+AB15-S15) -> 0 | AE15: =IF(MOD(A15-1,60)=0,1,0) -> 0 | AF15: =IF(A15>入力設定!$B$6*12,0,IF(AND(ISNUMBER(C15),C15>=0,C15<=1),0,1)) -> 0
A16: =11 -> 11 | B16: =EDATE(入力設定!$B$7,A16-1) -> 46631 | C16: =INDEX(入力設定!$C$15:$C$24,INT((A16-1)/60)+1) -> 0.0111 | D16: =M15 -> 34314859 | E16: =N15 -> 410 | F16: =IF(D16+Z16<0.000001,0,IF(D16<0.000001,F15,IF(OR(AE16=1,AND(K15>0,入力設定!$B$8="返済額軽減型",入力設定!$B$11="翌月")),IF(C16=0,D16/MAX(1,E16),D16*(C16/12)/(1-(1+C16/12)^(-MAX(1,E16)))),F15))) -> 100604.4 | G16: =IF(D16+Z16<0.000001,0,IF(E16<=1,D16+Y16+Z16,MIN(D16+Y16+Z16,F16))) -> 100604.4 | H16: =MIN(G16,Y16+Z16) -> 31741.244 | I16: =G16-H16 -> 68863.157 | J16: =SUMIFS(入力設定!$G$5:$G$24,入力設定!$F$5:$F$24,A16) -> 0 | K16: =MIN(MAX(0,D16-I16),J16) -> 0 | L16: =IF(K16>0,入力設定!$B$9,0) -> 0 | M16: =MAX(0,D16-I16-K16) -> 34245996 | N16: =IF(M16+AA16<0.000001,0,IF(AND(K16>0,入力設定!$B$8="期間短縮型",AA16<0.000001,F16>M16*C16/12),MAX(1,MIN(E16-1,IF(C16=0,ROUNDUP(M16/F16,0),ROUNDUP(-LN(1-M16*(C16/12)/F16)/LN(1+C16/12),0)))),MAX(1,E16-1))) -> 409 | O16: =SUM(G16,K16,L16) -> 100604.4 | P16: =U15 -> 34314859 | Q16: =IF(OR(A16>入力設定!$B$6*12,P16+AC16<0.000001),0,IF(P16<0.000001,Q15,IF(AE16=1,IF(C16=0,P16/MAX(1,入力設定!$B$6*12-A16+1),P16*(C16/12)/(1-(1+C16/12)^(-MAX(1,入力設定!$B$6*12-A16+1)))),Q15))) -> 100604.4 | R16: =IF(P16+AC16<0.000001,0,IF(A16=入力設定!$B$6*12,P16+AB16+AC16,MIN(Q16,P16+AB16+AC16))) -> 100604.4 | S16: =MIN(R16,AB16+AC16) -> 31741.244 | T16: =R16-S16 -> 68863.157 | U16: =MAX(0,P16-T16) -> 34245996 | V16: =D16-I16-K16-M16 -> 0 | W16: =P16-T16-U16 -> 0 | X16: =O16-G16-K16-L16 -> 0 | Y16: =D16*C16/12 -> 31741.244 | Z16: =AA15 -> 0 | AA16: =MAX(0,Z16+Y16-H16) -> 0 | AB16: =P16*C16/12 -> 31741.244 | AC16: =AD15 -> 0 | AD16: =MAX(0,AC16+AB16-S16) -> 0 | AE16: =IF(MOD(A16-1,60)=0,1,0) -> 0 | AF16: =IF(A16>入力設定!$B$6*12,0,IF(AND(ISNUMBER(C16),C16>=0,C16<=1),0,1)) -> 0
A17: =12 -> 12 | B17: =EDATE(入力設定!$B$7,A17-1) -> 46661 | C17: =INDEX(入力設定!$C$15:$C$24,INT((A17-1)/60)+1) -> 0.0111 | D17: =M16 -> 34245996 | E17: =N16 -> 409 | F17: =IF(D17+Z17<0.000001,0,IF(D17<0.000001,F16,IF(OR(AE17=1,AND(K16>0,入力設定!$B$8="返済額軽減型",入力設定!$B$11="翌月")),IF(C17=0,D17/MAX(1,E17),D17*(C17/12)/(1-(1+C17/12)^(-MAX(1,E17)))),F16))) -> 100604.4 | G17: =IF(D17+Z17<0.000001,0,IF(E17<=1,D17+Y17+Z17,MIN(D17+Y17+Z17,F17))) -> 100604.4 | H17: =MIN(G17,Y17+Z17) -> 31677.546 | I17: =G17-H17 -> 68926.856 | J17: =SUMIFS(入力設定!$G$5:$G$24,入力設定!$F$5:$F$24,A17) -> 0 | K17: =MIN(MAX(0,D17-I17),J17) -> 0 | L17: =IF(K17>0,入力設定!$B$9,0) -> 0 | M17: =MAX(0,D17-I17-K17) -> 34177069 | N17: =IF(M17+AA17<0.000001,0,IF(AND(K17>0,入力設定!$B$8="期間短縮型",AA17<0.000001,F17>M17*C17/12),MAX(1,MIN(E17-1,IF(C17=0,ROUNDUP(M17/F17,0),ROUNDUP(-LN(1-M17*(C17/12)/F17)/LN(1+C17/12),0)))),MAX(1,E17-1))) -> 408 | O17: =SUM(G17,K17,L17) -> 100604.4 | P17: =U16 -> 34245996 | Q17: =IF(OR(A17>入力設定!$B$6*12,P17+AC17<0.000001),0,IF(P17<0.000001,Q16,IF(AE17=1,IF(C17=0,P17/MAX(1,入力設定!$B$6*12-A17+1),P17*(C17/12)/(1-(1+C17/12)^(-MAX(1,入力設定!$B$6*12-A17+1)))),Q16))) -> 100604.4 | R17: =IF(P17+AC17<0.000001,0,IF(A17=入力設定!$B$6*12,P17+AB17+AC17,MIN(Q17,P17+AB17+AC17))) -> 100604.4 | S17: =MIN(R17,AB17+AC17) -> 31677.546 | T17: =R17-S17 -> 68926.856 | U17: =MAX(0,P17-T17) -> 34177069 | V17: =D17-I17-K17-M17 -> 0 | W17: =P17-T17-U17 -> 0 | X17: =O17-G17-K17-L17 -> 0 | Y17: =D17*C17/12 -> 31677.546 | Z17: =AA16 -> 0 | AA17: =MAX(0,Z17+Y17-H17) -> 0 | AB17: =P17*C17/12 -> 31677.546 | AC17: =AD16 -> 0 | AD17: =MAX(0,AC17+AB17-S17) -> 0 | AE17: =IF(MOD(A17-1,60)=0,1,0) -> 0 | AF17: =IF(A17>入力設定!$B$6*12,0,IF(AND(ISNUMBER(C17),C17>=0,C17<=1),0,1)) -> 0
A18: =13 -> 13 | B18: =EDATE(入力設定!$B$7,A18-1) -> 46692 | C18: =INDEX(入力設定!$C$15:$C$24,INT((A18-1)/60)+1) -> 0.0111 | D18: =M17 -> 34177069 | E18: =N17 -> 408 | F18: =IF(D18+Z18<0.000001,0,IF(D18<0.000001,F17,IF(OR(AE18=1,AND(K17>0,入力設定!$B$8="返済額軽減型",入力設定!$B$11="翌月")),IF(C18=0,D18/MAX(1,E18),D18*(C18/12)/(1-(1+C18/12)^(-MAX(1,E18)))),F17))) -> 100604.4 | G18: =IF(D18+Z18<0.000001,0,IF(E18<=1,D18+Y18+Z18,MIN(D18+Y18+Z18,F18))) -> 100604.4 | H18: =MIN(G18,Y18+Z18) -> 31613.789 | I18: =G18-H18 -> 68990.613 | J18: =SUMIFS(入力設定!$G$5:$G$24,入力設定!$F$5:$F$24,A18) -> 0 | K18: =MIN(MAX(0,D18-I18),J18) -> 0 | L18: =IF(K18>0,入力設定!$B$9,0) -> 0 | M18: =MAX(0,D18-I18-K18) -> 34108078 | N18: =IF(M18+AA18<0.000001,0,IF(AND(K18>0,入力設定!$B$8="期間短縮型",AA18<0.000001,F18>M18*C18/12),MAX(1,MIN(E18-1,IF(C18=0,ROUNDUP(M18/F18,0),ROUNDUP(-LN(1-M18*(C18/12)/F18)/LN(1+C18/12),0)))),MAX(1,E18-1))) -> 407 | O18: =SUM(G18,K18,L18) -> 100604.4 | P18: =U17 -> 34177069 | Q18: =IF(OR(A18>入力設定!$B$6*12,P18+AC18<0.000001),0,IF(P18<0.000001,Q17,IF(AE18=1,IF(C18=0,P18/MAX(1,入力設定!$B$6*12-A18+1),P18*(C18/12)/(1-(1+C18/12)^(-MAX(1,入力設定!$B$6*12-A18+1)))),Q17))) -> 100604.4 | R18: =IF(P18+AC18<0.000001,0,IF(A18=入力設定!$B$6*12,P18+AB18+AC18,MIN(Q18,P18+AB18+AC18))) -> 100604.4 | S18: =MIN(R18,AB18+AC18) -> 31613.789 | T18: =R18-S18 -> 68990.613 | U18: =MAX(0,P18-T18) -> 34108078 | V18: =D18-I18-K18-M18 -> 0 | W18: =P18-T18-U18 -> 0 | X18: =O18-G18-K18-L18 -> 0 | Y18: =D18*C18/12 -> 31613.789 | Z18: =AA17 -> 0 | AA18: =MAX(0,Z18+Y18-H18) -> 0 | AB18: =P18*C18/12 -> 31613.789 | AC18: =AD17 -> 0 | AD18: =MAX(0,AC18+AB18-S18) -> 0 | AE18: =IF(MOD(A18-1,60)=0,1,0) -> 0 | AF18: =IF(A18>入力設定!$B$6*12,0,IF(AND(ISNUMBER(C18),C18>=0,C18<=1),0,1)) -> 0
A19: =14 -> 14 | B19: =EDATE(入力設定!$B$7,A19-1) -> 46722 | C19: =INDEX(入力設定!$C$15:$C$24,INT((A19-1)/60)+1) -> 0.0111 | D19: =M18 -> 34108078 | E19: =N18 -> 407 | F19: =IF(D19+Z19<0.000001,0,IF(D19<0.000001,F18,IF(OR(AE19=1,AND(K18>0,入力設定!$B$8="返済額軽減型",入力設定!$B$11="翌月")),IF(C19=0,D19/MAX(1,E19),D19*(C19/12)/(1-(1+C19/12)^(-MAX(1,E19)))),F18))) -> 100604.4 | G19: =IF(D19+Z19<0.000001,0,IF(E19<=1,D19+Y19+Z19,MIN(D19+Y19+Z19,F19))) -> 100604.4 | H19: =MIN(G19,Y19+Z19) -> 31549.972 | I19: =G19-H19 -> 69054.429 | J19: =SUMIFS(入力設定!$G$5:$G$24,入力設定!$F$5:$F$24,A19) -> 0 | K19: =MIN(MAX(0,D19-I19),J19) -> 0 | L19: =IF(K19>0,入力設定!$B$9,0) -> 0 | M19: =MAX(0,D19-I19-K19) -> 34039024 | N19: =IF(M19+AA19<0.000001,0,IF(AND(K19>0,入力設定!$B$8="期間短縮型",AA19<0.000001,F19>M19*C19/12),MAX(1,MIN(E19-1,IF(C19=0,ROUNDUP(M19/F19,0),ROUNDUP(-LN(1-M19*(C19/12)/F19)/LN(1+C19/12),0)))),MAX(1,E19-1))) -> 406 | O19: =SUM(G19,K19,L19) -> 100604.4 | P19: =U18 -> 34108078 | Q19: =IF(OR(A19>入力設定!$B$6*12,P19+AC19<0.000001),0,IF(P19<0.000001,Q18,IF(AE19=1,IF(C19=0,P19/MAX(1,入力設定!$B$6*12-A19+1),P19*(C19/12)/(1-(1+C19/12)^(-MAX(1,入力設定!$B$6*12-A19+1)))),Q18))) -> 100604.4 | R19: =IF(P19+AC19<0.000001,0,IF(A19=入力設定!$B$6*12,P19+AB19+AC19,MIN(Q19,P19+AB19+AC19))) -> 100604.4 | S19: =MIN(R19,AB19+AC19) -> 31549.972 | T19: =R19-S19 -> 69054.429 | U19: =MAX(0,P19-T19) -> 34039024 | V19: =D19-I19-K19-M19 -> 0 | W19: =P19-T19-U19 -> 0 | X19: =O19-G19-K19-L19 -> 0 | Y19: =D19*C19/12 -> 31549.972 | Z19: =AA18 -> 0 | AA19: =MAX(0,Z19+Y19-H19) -> 0 | AB19: =P19*C19/12 -> 31549.972 | AC19: =AD18 -> 0 | AD19: =MAX(0,AC19+AB19-S19) -> 0 | AE19: =IF(MOD(A19-1,60)=0,1,0) -> 0 | AF19: =IF(A19>入力設定!$B$6*12,0,IF(AND(ISNUMBER(C19),C19>=0,C19<=1),0,1)) -> 0
A20: =15 -> 15 | B20: =EDATE(入力設定!$B$7,A20-1) -> 46753 | C20: =INDEX(入力設定!$C$15:$C$24,INT((A20-1)/60)+1) -> 0.0111 | D20: =M19 -> 34039024 | E20: =N19 -> 406 | F20: =IF(D20+Z20<0.000001,0,IF(D20<0.000001,F19,IF(OR(AE20=1,AND(K19>0,入力設定!$B$8="返済額軽減型",入力設定!$B$11="翌月")),IF(C20=0,D20/MAX(1,E20),D20*(C20/12)/(1-(1+C20/12)^(-MAX(1,E20)))),F19))) -> 100604.4 | G20: =IF(D20+Z20<0.000001,0,IF(E20<=1,D20+Y20+Z20,MIN(D20+Y20+Z20,F20))) -> 100604.4 | H20: =MIN(G20,Y20+Z20) -> 31486.097 | I20: =G20-H20 -> 69118.305 | J20: =SUMIFS(入力設定!$G$5:$G$24,入力設定!$F$5:$F$24,A20) -> 0 | K20: =MIN(MAX(0,D20-I20),J20) -> 0 | L20: =IF(K20>0,入力設定!$B$9,0) -> 0 | M20: =MAX(0,D20-I20-K20) -> 33969906 | N20: =IF(M20+AA20<0.000001,0,IF(AND(K20>0,入力設定!$B$8="期間短縮型",AA20<0.000001,F20>M20*C20/12),MAX(1,MIN(E20-1,IF(C20=0,ROUNDUP(M20/F20,0),ROUNDUP(-LN(1-M20*(C20/12)/F20)/LN(1+C20/12),0)))),MAX(1,E20-1))) -> 405 | O20: =SUM(G20,K20,L20) -> 100604.4 | P20: =U19 -> 34039024 | Q20: =IF(OR(A20>入力設定!$B$6*12,P20+AC20<0.000001),0,IF(P20<0.000001,Q19,IF(AE20=1,IF(C20=0,P20/MAX(1,入力設定!$B$6*12-A20+1),P20*(C20/12)/(1-(1+C20/12)^(-MAX(1,入力設定!$B$6*12-A20+1)))),Q19))) -> 100604.4 | R20: =IF(P20+AC20<0.000001,0,IF(A20=入力設定!$B$6*12,P20+AB20+AC20,MIN(Q20,P20+AB20+AC20))) -> 100604.4 | S20: =MIN(R20,AB20+AC20) -> 31486.097 | T20: =R20-S20 -> 69118.305 | U20: =MAX(0,P20-T20) -> 33969906 | V20: =D20-I20-K20-M20 -> 0 | W20: =P20-T20-U20 -> 0 | X20: =O20-G20-K20-L20 -> 0 | Y20: =D20*C20/12 -> 31486.097 | Z20: =AA19 -> 0 | AA20: =MAX(0,Z20+Y20-H20) -> 0 | AB20: =P20*C20/12 -> 31486.097 | AC20: =AD19 -> 0 | AD20: =MAX(0,AC20+AB20-S20) -> 0 | AE20: =IF(MOD(A20-1,60)=0,1,0) -> 0 | AF20: =IF(A20>入力設定!$B$6*12,0,IF(AND(ISNUMBER(C20),C20>=0,C20<=1),0,1)) -> 0
A21: =16 -> 16 | B21: =EDATE(入力設定!$B$7,A21-1) -> 46784 | C21: =INDEX(入力設定!$C$15:$C$24,INT((A21-1)/60)+1) -> 0.0111 | D21: =M20 -> 33969906 | E21: =N20 -> 405 | F21: =IF(D21+Z21<0.000001,0,IF(D21<0.000001,F20,IF(OR(AE21=1,AND(K20>0,入力設定!$B$8="返済額軽減型",入力設定!$B$11="翌月")),IF(C21=0,D21/MAX(1,E21),D21*(C21/12)/(1-(1+C21/12)^(-MAX(1,E21)))),F20))) -> 100604.4 | G21: =IF(D21+Z21<0.000001,0,IF(E21<=1,D21+Y21+Z21,MIN(D21+Y21+Z21,F21))) -> 100604.4 | H21: =MIN(G21,Y21+Z21) -> 31422.163 | I21: =G21-H21 -> 69182.239 | J21: =SUMIFS(入力設定!$G$5:$G$24,入力設定!$F$5:$F$24,A21) -> 0 | K21: =MIN(MAX(0,D21-I21),J21) -> 0 | L21: =IF(K21>0,入力設定!$B$9,0) -> 0 | M21: =MAX(0,D21-I21-K21) -> 33900723 | N21: =IF(M21+AA21<0.000001,0,IF(AND(K21>0,入力設定!$B$8="期間短縮型",AA21<0.000001,F21>M21*C21/12),MAX(1,MIN(E21-1,IF(C21=0,ROUNDUP(M21/F21,0),ROUNDUP(-LN(1-M21*(C21/12)/F21)/LN(1+C21/12),0)))),MAX(1,E21-1))) -> 404 | O21: =SUM(G21,K21,L21) -> 100604.4 | P21: =U20 -> 33969906 | Q21: =IF(OR(A21>入力設定!$B$6*12,P21+AC21<0.000001),0,IF(P21<0.000001,Q20,IF(AE21=1,IF(C21=0,P21/MAX(1,入力設定!$B$6*12-A21+1),P21*(C21/12)/(1-(1+C21/12)^(-MAX(1,入力設定!$B$6*12-A21+1)))),Q20))) -> 100604.4 | R21: =IF(P21+AC21<0.000001,0,IF(A21=入力設定!$B$6*12,P21+AB21+AC21,MIN(Q21,P21+AB21+AC21))) -> 100604.4 | S21: =MIN(R21,AB21+AC21) -> 31422.163 | T21: =R21-S21 -> 69182.239 | U21: =MAX(0,P21-T21) -> 33900723 | V21: =D21-I21-K21-M21 -> 0 | W21: =P21-T21-U21 -> 0 | X21: =O21-G21-K21-L21 -> 0 | Y21: =D21*C21/12 -> 31422.163 | Z21: =AA20 -> 0 | AA21: =MAX(0,Z21+Y21-H21) -> 0 | AB21: =P21*C21/12 -> 31422.163 | AC21: =AD20 -> 0 | AD21: =MAX(0,AC21+AB21-S21) -> 0 | AE21: =IF(MOD(A21-1,60)=0,1,0) -> 0 | AF21: =IF(A21>入力設定!$B$6*12,0,IF(AND(ISNUMBER(C21),C21>=0,C21<=1),0,1)) -> 0
A22: =17 -> 17 | B22: =EDATE(入力設定!$B$7,A22-1) -> 46813 | C22: =INDEX(入力設定!$C$15:$C$24,INT((A22-1)/60)+1) -> 0.0111 | D22: =M21 -> 33900723 | E22: =N21 -> 404 | F22: =IF(D22+Z22<0.000001,0,IF(D22<0.000001,F21,IF(OR(AE22=1,AND(K21>0,入力設定!$B$8="返済額軽減型",入力設定!$B$11="翌月")),IF(C22=0,D22/MAX(1,E22),D22*(C22/12)/(1-(1+C22/12)^(-MAX(1,E22)))),F21))) -> 100604.4 | G22: =IF(D22+Z22<0.000001,0,IF(E22<=1,D22+Y22+Z22,MIN(D22+Y22+Z22,F22))) -> 100604.4 | H22: =MIN(G22,Y22+Z22) -> 31358.169 | I22: =G22-H22 -> 69246.233 | J22: =SUMIFS(入力設定!$G$5:$G$24,入力設定!$F$5:$F$24,A22) -> 0 | K22: =MIN(MAX(0,D22-I22),J22) -> 0 | L22: =IF(K22>0,入力設定!$B$9,0) -> 0 | M22: =MAX(0,D22-I22-K22) -> 33831477 | N22: =IF(M22+AA22<0.000001,0,IF(AND(K22>0,入力設定!$B$8="期間短縮型",AA22<0.000001,F22>M22*C22/12),MAX(1,MIN(E22-1,IF(C22=0,ROUNDUP(M22/F22,0),ROUNDUP(-LN(1-M22*(C22/12)/F22)/LN(1+C22/12),0)))),MAX(1,E22-1))) -> 403 | O22: =SUM(G22,K22,L22) -> 100604.4 | P22: =U21 -> 33900723 | Q22: =IF(OR(A22>入力設定!$B$6*12,P22+AC22<0.000001),0,IF(P22<0.000001,Q21,IF(AE22=1,IF(C22=0,P22/MAX(1,入力設定!$B$6*12-A22+1),P22*(C22/12)/(1-(1+C22/12)^(-MAX(1,入力設定!$B$6*12-A22+1)))),Q21))) -> 100604.4 | R22: =IF(P22+AC22<0.000001,0,IF(A22=入力設定!$B$6*12,P22+AB22+AC22,MIN(Q22,P22+AB22+AC22))) -> 100604.4 | S22: =MIN(R22,AB22+AC22) -> 31358.169 | T22: =R22-S22 -> 69246.233 | U22: =MAX(0,P22-T22) -> 33831477 | V22: =D22-I22-K22-M22 -> 0 | W22: =P22-T22-U22 -> 0 | X22: =O22-G22-K22-L22 -> 0 | Y22: =D22*C22/12 -> 31358.169 | Z22: =AA21 -> 0 | AA22: =MAX(0,Z22+Y22-H22) -> 0 | AB22: =P22*C22/12 -> 31358.169 | AC22: =AD21 -> 0 | AD22: =MAX(0,AC22+AB22-S22) -> 0 | AE22: =IF(MOD(A22-1,60)=0,1,0) -> 0 | AF22: =IF(A22>入力設定!$B$6*12,0,IF(AND(ISNUMBER(C22),C22>=0,C22<=1),0,1)) -> 0
A23: =18 -> 18 | B23: =EDATE(入力設定!$B$7,A23-1) -> 46844 | C23: =INDEX(入力設定!$C$15:$C$24,INT((A23-1)/60)+1) -> 0.0111 | D23: =M22 -> 33831477 | E23: =N22 -> 403 | F23: =IF(D23+Z23<0.000001,0,IF(D23<0.000001,F22,IF(OR(AE23=1,AND(K22>0,入力設定!$B$8="返済額軽減型",入力設定!$B$11="翌月")),IF(C23=0,D23/MAX(1,E23),D23*(C23/12)/(1-(1+C23/12)^(-MAX(1,E23)))),F22))) -> 100604.4 | G23: =IF(D23+Z23<0.000001,0,IF(E23<=1,D23+Y23+Z23,MIN(D23+Y23+Z23,F23))) -> 100604.4 | H23: =MIN(G23,Y23+Z23) -> 31294.116 | I23: =G23-H23 -> 69310.285 | J23: =SUMIFS(入力設定!$G$5:$G$24,入力設定!$F$5:$F$24,A23) -> 0 | K23: =MIN(MAX(0,D23-I23),J23) -> 0 | L23: =IF(K23>0,入力設定!$B$9,0) -> 0 | M23: =MAX(0,D23-I23-K23) -> 33762167 | N23: =IF(M23+AA23<0.000001,0,IF(AND(K23>0,入力設定!$B$8="期間短縮型",AA23<0.000001,F23>M23*C23/12),MAX(1,MIN(E23-1,IF(C23=0,ROUNDUP(M23/F23,0),ROUNDUP(-LN(1-M23*(C23/12)/F23)/LN(1+C23/12),0)))),MAX(1,E23-1))) -> 402 | O23: =SUM(G23,K23,L23) -> 100604.4 | P23: =U22 -> 33831477 | Q23: =IF(OR(A23>入力設定!$B$6*12,P23+AC23<0.000001),0,IF(P23<0.000001,Q22,IF(AE23=1,IF(C23=0,P23/MAX(1,入力設定!$B$6*12-A23+1),P23*(C23/12)/(1-(1+C23/12)^(-MAX(1,入力設定!$B$6*12-A23+1)))),Q22))) -> 100604.4 | R23: =IF(P23+AC23<0.000001,0,IF(A23=入力設定!$B$6*12,P23+AB23+AC23,MIN(Q23,P23+AB23+AC23))) -> 100604.4 | S23: =MIN(R23,AB23+AC23) -> 31294.116 | T23: =R23-S23 -> 69310.285 | U23: =MAX(0,P23-T23) -> 33762167 | V23: =D23-I23-K23-M23 -> 0 | W23: =P23-T23-U23 -> 0 | X23: =O23-G23-K23-L23 -> 0 | Y23: =D23*C23/12 -> 31294.116 | Z23: =AA22 -> 0 | AA23: =MAX(0,Z23+Y23-H23) -> 0 | AB23: =P23*C23/12 -> 31294.116 | AC23: =AD22 -> 0 | AD23: =MAX(0,AC23+AB23-S23) -> 0 | AE23: =IF(MOD(A23-1,60)=0,1,0) -> 0 | AF23: =IF(A23>入力設定!$B$6*12,0,IF(AND(ISNUMBER(C23),C23>=0,C23<=1),0,1)) -> 0
A24: =19 -> 19 | B24: =EDATE(入力設定!$B$7,A24-1) -> 46874 | C24: =INDEX(入力設定!$C$15:$C$24,INT((A24-1)/60)+1) -> 0.0111 | D24: =M23 -> 33762167 | E24: =N23 -> 402 | F24: =IF(D24+Z24<0.000001,0,IF(D24<0.000001,F23,IF(OR(AE24=1,AND(K23>0,入力設定!$B$8="返済額軽減型",入力設定!$B$11="翌月")),IF(C24=0,D24/MAX(1,E24),D24*(C24/12)/(1-(1+C24/12)^(-MAX(1,E24)))),F23))) -> 100604.4 | G24: =IF(D24+Z24<0.000001,0,IF(E24<=1,D24+Y24+Z24,MIN(D24+Y24+Z24,F24))) -> 100604.4 | H24: =MIN(G24,Y24+Z24) -> 31230.004 | I24: =G24-H24 -> 69374.397 | J24: =SUMIFS(入力設定!$G$5:$G$24,入力設定!$F$5:$F$24,A24) -> 0 | K24: =MIN(MAX(0,D24-I24),J24) -> 0 | L24: =IF(K24>0,入力設定!$B$9,0) -> 0 | M24: =MAX(0,D24-I24-K24) -> 33692792 | N24: =IF(M24+AA24<0.000001,0,IF(AND(K24>0,入力設定!$B$8="期間短縮型",AA24<0.000001,F24>M24*C24/12),MAX(1,MIN(E24-1,IF(C24=0,ROUNDUP(M24/F24,0),ROUNDUP(-LN(1-M24*(C24/12)/F24)/LN(1+C24/12),0)))),MAX(1,E24-1))) -> 401 | O24: =SUM(G24,K24,L24) -> 100604.4 | P24: =U23 -> 33762167 | Q24: =IF(OR(A24>入力設定!$B$6*12,P24+AC24<0.000001),0,IF(P24<0.000001,Q23,IF(AE24=1,IF(C24=0,P24/MAX(1,入力設定!$B$6*12-A24+1),P24*(C24/12)/(1-(1+C24/12)^(-MAX(1,入力設定!$B$6*12-A24+1)))),Q23))) -> 100604.4 | R24: =IF(P24+AC24<0.000001,0,IF(A24=入力設定!$B$6*12,P24+AB24+AC24,MIN(Q24,P24+AB24+AC24))) -> 100604.4 | S24: =MIN(R24,AB24+AC24) -> 31230.004 | T24: =R24-S24 -> 69374.397 | U24: =MAX(0,P24-T24) -> 33692792 | V24: =D24-I24-K24-M24 -> 0 | W24: =P24-T24-U24 -> 0 | X24: =O24-G24-K24-L24 -> 0 | Y24: =D24*C24/12 -> 31230.004 | Z24: =AA23 -> 0 | AA24: =MAX(0,Z24+Y24-H24) -> 0 | AB24: =P24*C24/12 -> 31230.004 | AC24: =AD23 -> 0 | AD24: =MAX(0,AC24+AB24-S24) -> 0 | AE24: =IF(MOD(A24-1,60)=0,1,0) -> 0 | AF24: =IF(A24>入力設定!$B$6*12,0,IF(AND(ISNUMBER(C24),C24>=0,C24<=1),0,1)) -> 0
A25: =20 -> 20 | B25: =EDATE(入力設定!$B$7,A25-1) -> 46905 | C25: =INDEX(入力設定!$C$15:$C$24,INT((A25-1)/60)+1) -> 0.0111 | D25: =M24 -> 33692792 | E25: =N24 -> 401 | F25: =IF(D25+Z25<0.000001,0,IF(D25<0.000001,F24,IF(OR(AE25=1,AND(K24>0,入力設定!$B$8="返済額軽減型",入力設定!$B$11="翌月")),IF(C25=0,D25/MAX(1,E25),D25*(C25/12)/(1-(1+C25/12)^(-MAX(1,E25)))),F24))) -> 100604.4 | G25: =IF(D25+Z25<0.000001,0,IF(E25<=1,D25+Y25+Z25,MIN(D25+Y25+Z25,F25))) -> 100604.4 | H25: =MIN(G25,Y25+Z25) -> 31165.833 | I25: =G25-H25 -> 69438.569 | J25: =SUMIFS(入力設定!$G$5:$G$24,入力設定!$F$5:$F$24,A25) -> 0 | K25: =MIN(MAX(0,D25-I25),J25) -> 0 | L25: =IF(K25>0,入力設定!$B$9,0) -> 0 | M25: =MAX(0,D25-I25-K25) -> 33623354 | N25: =IF(M25+AA25<0.000001,0,IF(AND(K25>0,入力設定!$B$8="期間短縮型",AA25<0.000001,F25>M25*C25/12),MAX(1,MIN(E25-1,IF(C25=0,ROUNDUP(M25/F25,0),ROUNDUP(-LN(1-M25*(C25/12)/F25)/LN(1+C25/12),0)))),MAX(1,E25-1))) -> 400 | O25: =SUM(G25,K25,L25) -> 100604.4 | P25: =U24 -> 33692792 | Q25: =IF(OR(A25>入力設定!$B$6*12,P25+AC25<0.000001),0,IF(P25<0.000001,Q24,IF(AE25=1,IF(C25=0,P25/MAX(1,入力設定!$B$6*12-A25+1),P25*(C25/12)/(1-(1+C25/12)^(-MAX(1,入力設定!$B$6*12-A25+1)))),Q24))) -> 100604.4 | R25: =IF(P25+AC25<0.000001,0,IF(A25=入力設定!$B$6*12,P25+AB25+AC25,MIN(Q25,P25+AB25+AC25))) -> 100604.4 | S25: =MIN(R25,AB25+AC25) -> 31165.833 | T25: =R25-S25 -> 69438.569 | U25: =MAX(0,P25-T25) -> 33623354 | V25: =D25-I25-K25-M25 -> 0 | W25: =P25-T25-U25 -> 0 | X25: =O25-G25-K25-L25 -> 0 | Y25: =D25*C25/12 -> 31165.833 | Z25: =AA24 -> 0 | AA25: =MAX(0,Z25+Y25-H25) -> 0 | AB25: =P25*C25/12 -> 31165.833 | AC25: =AD24 -> 0 | AD25: =MAX(0,AC25+AB25-S25) -> 0 | AE25: =IF(MOD(A25-1,60)=0,1,0) -> 0 | AF25: =IF(A25>入力設定!$B$6*12,0,IF(AND(ISNUMBER(C25),C25>=0,C25<=1),0,1)) -> 0
A26: =21 -> 21 | B26: =EDATE(入力設定!$B$7,A26-1) -> 46935 | C26: =INDEX(入力設定!$C$15:$C$24,INT((A26-1)/60)+1) -> 0.0111 | D26: =M25 -> 33623354 | E26: =N25 -> 400 | F26: =IF(D26+Z26<0.000001,0,IF(D26<0.000001,F25,IF(OR(AE26=1,AND(K25>0,入力設定!$B$8="返済額軽減型",入力設定!$B$11="翌月")),IF(C26=0,D26/MAX(1,E26),D26*(C26/12)/(1-(1+C26/12)^(-MAX(1,E26)))),F25))) -> 100604.4 | G26: =IF(D26+Z26<0.000001,0,IF(E26<=1,D26+Y26+Z26,MIN(D26+Y26+Z26,F26))) -> 100604.4 | H26: =MIN(G26,Y26+Z26) -> 31101.602 | I26: =G26-H26 -> 69502.799 | J26: =SUMIFS(入力設定!$G$5:$G$24,入力設定!$F$5:$F$24,A26) -> 0 | K26: =MIN(MAX(0,D26-I26),J26) -> 0 | L26: =IF(K26>0,入力設定!$B$9,0) -> 0 | M26: =MAX(0,D26-I26-K26) -> 33553851 | N26: =IF(M26+AA26<0.000001,0,IF(AND(K26>0,入力設定!$B$8="期間短縮型",AA26<0.000001,F26>M26*C26/12),MAX(1,MIN(E26-1,IF(C26=0,ROUNDUP(M26/F26,0),ROUNDUP(-LN(1-M26*(C26/12)/F26)/LN(1+C26/12),0)))),MAX(1,E26-1))) -> 399 | O26: =SUM(G26,K26,L26) -> 100604.4 | P26: =U25 -> 33623354 | Q26: =IF(OR(A26>入力設定!$B$6*12,P26+AC26<0.000001),0,IF(P26<0.000001,Q25,IF(AE26=1,IF(C26=0,P26/MAX(1,入力設定!$B$6*12-A26+1),P26*(C26/12)/(1-(1+C26/12)^(-MAX(1,入力設定!$B$6*12-A26+1)))),Q25))) -> 100604.4 | R26: =IF(P26+AC26<0.000001,0,IF(A26=入力設定!$B$6*12,P26+AB26+AC26,MIN(Q26,P26+AB26+AC26))) -> 100604.4 | S26: =MIN(R26,AB26+AC26) -> 31101.602 | T26: =R26-S26 -> 69502.799 | U26: =MAX(0,P26-T26) -> 33553851 | V26: =D26-I26-K26-M26 -> 0 | W26: =P26-T26-U26 -> 0 | X26: =O26-G26-K26-L26 -> 0 | Y26: =D26*C26/12 -> 31101.602 | Z26: =AA25 -> 0 | AA26: =MAX(0,Z26+Y26-H26) -> 0 | AB26: =P26*C26/12 -> 31101.602 | AC26: =AD25 -> 0 | AD26: =MAX(0,AC26+AB26-S26) -> 0 | AE26: =IF(MOD(A26-1,60)=0,1,0) -> 0 | AF26: =IF(A26>入力設定!$B$6*12,0,IF(AND(ISNUMBER(C26),C26>=0,C26<=1),0,1)) -> 0
A27: =22 -> 22 | B27: =EDATE(入力設定!$B$7,A27-1) -> 46966 | C27: =INDEX(入力設定!$C$15:$C$24,INT((A27-1)/60)+1) -> 0.0111 | D27: =M26 -> 33553851 | E27: =N26 -> 399 | F27: =IF(D27+Z27<0.000001,0,IF(D27<0.000001,F26,IF(OR(AE27=1,AND(K26>0,入力設定!$B$8="返済額軽減型",入力設定!$B$11="翌月")),IF(C27=0,D27/MAX(1,E27),D27*(C27/12)/(1-(1+C27/12)^(-MAX(1,E27)))),F26))) -> 100604.4 | G27: =IF(D27+Z27<0.000001,0,IF(E27<=1,D27+Y27+Z27,MIN(D27+Y27+Z27,F27))) -> 100604.4 | H27: =MIN(G27,Y27+Z27) -> 31037.312 | I27: =G27-H27 -> 69567.089 | J27: =SUMIFS(入力設定!$G$5:$G$24,入力設定!$F$5:$F$24,A27) -> 0 | K27: =MIN(MAX(0,D27-I27),J27) -> 0 | L27: =IF(K27>0,入力設定!$B$9,0) -> 0 | M27: =MAX(0,D27-I27-K27) -> 33484284 | N27: =IF(M27+AA27<0.000001,0,IF(AND(K27>0,入力設定!$B$8="期間短縮型",AA27<0.000001,F27>M27*C27/12),MAX(1,MIN(E27-1,IF(C27=0,ROUNDUP(M27/F27,0),ROUNDUP(-LN(1-M27*(C27/12)/F27)/LN(1+C27/12),0)))),MAX(1,E27-1))) -> 398 | O27: =SUM(G27,K27,L27) -> 100604.4 | P27: =U26 -> 33553851 | Q27: =IF(OR(A27>入力設定!$B$6*12,P27+AC27<0.000001),0,IF(P27<0.000001,Q26,IF(AE27=1,IF(C27=0,P27/MAX(1,入力設定!$B$6*12-A27+1),P27*(C27/12)/(1-(1+C27/12)^(-MAX(1,入力設定!$B$6*12-A27+1)))),Q26))) -> 100604.4 | R27: =IF(P27+AC27<0.000001,0,IF(A27=入力設定!$B$6*12,P27+AB27+AC27,MIN(Q27,P27+AB27+AC27))) -> 100604.4 | S27: =MIN(R27,AB27+AC27) -> 31037.312 | T27: =R27-S27 -> 69567.089 | U27: =MAX(0,P27-T27) -> 33484284 | V27: =D27-I27-K27-M27 -> 0 | W27: =P27-T27-U27 -> 0 | X27: =O27-G27-K27-L27 -> 0 | Y27: =D27*C27/12 -> 31037.312 | Z27: =AA26 -> 0 | AA27: =MAX(0,Z27+Y27-H27) -> 0 | AB27: =P27*C27/12 -> 31037.312 | AC27: =AD26 -> 0 | AD27: =MAX(0,AC27+AB27-S27) -> 0 | AE27: =IF(MOD(A27-1,60)=0,1,0) -> 0 | AF27: =IF(A27>入力設定!$B$6*12,0,IF(AND(ISNUMBER(C27),C27>=0,C27<=1),0,1)) -> 0
A28: =23 -> 23 | B28: =EDATE(入力設定!$B$7,A28-1) -> 46997 | C28: =INDEX(入力設定!$C$15:$C$24,INT((A28-1)/60)+1) -> 0.0111 | D28: =M27 -> 33484284 | E28: =N27 -> 398 | F28: =IF(D28+Z28<0.000001,0,IF(D28<0.000001,F27,IF(OR(AE28=1,AND(K27>0,入力設定!$B$8="返済額軽減型",入力設定!$B$11="翌月")),IF(C28=0,D28/MAX(1,E28),D28*(C28/12)/(1-(1+C28/12)^(-MAX(1,E28)))),F27))) -> 100604.4 | G28: =IF(D28+Z28<0.000001,0,IF(E28<=1,D28+Y28+Z28,MIN(D28+Y28+Z28,F28))) -> 100604.4 | H28: =MIN(G28,Y28+Z28) -> 30972.963 | I28: =G28-H28 -> 69631.439 | J28: =SUMIFS(入力設定!$G$5:$G$24,入力設定!$F$5:$F$24,A28) -> 0 | K28: =MIN(MAX(0,D28-I28),J28) -> 0 | L28: =IF(K28>0,入力設定!$B$9,0) -> 0 | M28: =MAX(0,D28-I28-K28) -> 33414653 | N28: =IF(M28+AA28<0.000001,0,IF(AND(K28>0,入力設定!$B$8="期間短縮型",AA28<0.000001,F28>M28*C28/12),MAX(1,MIN(E28-1,IF(C28=0,ROUNDUP(M28/F28,0),ROUNDUP(-LN(1-M28*(C28/12)/F28)/LN(1+C28/12),0)))),MAX(1,E28-1))) -> 397 | O28: =SUM(G28,K28,L28) -> 100604.4 | P28: =U27 -> 33484284 | Q28: =IF(OR(A28>入力設定!$B$6*12,P28+AC28<0.000001),0,IF(P28<0.000001,Q27,IF(AE28=1,IF(C28=0,P28/MAX(1,入力設定!$B$6*12-A28+1),P28*(C28/12)/(1-(1+C28/12)^(-MAX(1,入力設定!$B$6*12-A28+1)))),Q27))) -> 100604.4 | R28: =IF(P28+AC28<0.000001,0,IF(A28=入力設定!$B$6*12,P28+AB28+AC28,MIN(Q28,P28+AB28+AC28))) -> 100604.4 | S28: =MIN(R28,AB28+AC28) -> 30972.963 | T28: =R28-S28 -> 69631.439 | U28: =MAX(0,P28-T28) -> 33414653 | V28: =D28-I28-K28-M28 -> 0 | W28: =P28-T28-U28 -> 0 | X28: =O28-G28-K28-L28 -> 0 | Y28: =D28*C28/12 -> 30972.963 | Z28: =AA27 -> 0 | AA28: =MAX(0,Z28+Y28-H28) -> 0 | AB28: =P28*C28/12 -> 30972.963 | AC28: =AD27 -> 0 | AD28: =MAX(0,AC28+AB28-S28) -> 0 | AE28: =IF(MOD(A28-1,60)=0,1,0) -> 0 | AF28: =IF(A28>入力設定!$B$6*12,0,IF(AND(ISNUMBER(C28),C28>=0,C28<=1),0,1)) -> 0
A29: =24 -> 24 | B29: =EDATE(入力設定!$B$7,A29-1) -> 47027 | C29: =INDEX(入力設定!$C$15:$C$24,INT((A29-1)/60)+1) -> 0.0111 | D29: =M28 -> 33414653 | E29: =N28 -> 397 | F29: =IF(D29+Z29<0.000001,0,IF(D29<0.000001,F28,IF(OR(AE29=1,AND(K28>0,入力設定!$B$8="返済額軽減型",入力設定!$B$11="翌月")),IF(C29=0,D29/MAX(1,E29),D29*(C29/12)/(1-(1+C29/12)^(-MAX(1,E29)))),F28))) -> 100604.4 | G29: =IF(D29+Z29<0.000001,0,IF(E29<=1,D29+Y29+Z29,MIN(D29+Y29+Z29,F29))) -> 100604.4 | H29: =MIN(G29,Y29+Z29) -> 30908.554 | I29: =G29-H29 -> 69695.848 | J29: =SUMIFS(入力設定!$G$5:$G$24,入力設定!$F$5:$F$24,A29) -> 0 | K29: =MIN(MAX(0,D29-I29),J29) -> 0 | L29: =IF(K29>0,入力設定!$B$9,0) -> 0 | M29: =MAX(0,D29-I29-K29) -> 33344957 | N29: =IF(M29+AA29<0.000001,0,IF(AND(K29>0,入力設定!$B$8="期間短縮型",AA29<0.000001,F29>M29*C29/12),MAX(1,MIN(E29-1,IF(C29=0,ROUNDUP(M29/F29,0),ROUNDUP(-LN(1-M29*(C29/12)/F29)/LN(1+C29/12),0)))),MAX(1,E29-1))) -> 396 | O29: =SUM(G29,K29,L29) -> 100604.4 | P29: =U28 -> 33414653 | Q29: =IF(OR(A29>入力設定!$B$6*12,P29+AC29<0.000001),0,IF(P29<0.000001,Q28,IF(AE29=1,IF(C29=0,P29/MAX(1,入力設定!$B$6*12-A29+1),P29*(C29/12)/(1-(1+C29/12)^(-MAX(1,入力設定!$B$6*12-A29+1)))),Q28))) -> 100604.4 | R29: =IF(P29+AC29<0.000001,0,IF(A29=入力設定!$B$6*12,P29+AB29+AC29,MIN(Q29,P29+AB29+AC29))) -> 100604.4 | S29: =MIN(R29,AB29+AC29) -> 30908.554 | T29: =R29-S29 -> 69695.848 | U29: =MAX(0,P29-T29) -> 33344957 | V29: =D29-I29-K29-M29 -> 0 | W29: =P29-T29-U29 -> 0 | X29: =O29-G29-K29-L29 -> 0 | Y29: =D29*C29/12 -> 30908.554 | Z29: =AA28 -> 0 | AA29: =MAX(0,Z29+Y29-H29) -> 0 | AB29: =P29*C29/12 -> 30908.554 | AC29: =AD28 -> 0 | AD29: =MAX(0,AC29+AB29-S29) -> 0 | AE29: =IF(MOD(A29-1,60)=0,1,0) -> 0 | AF29: =IF(A29>入力設定!$B$6*12,0,IF(AND(ISNUMBER(C29),C29>=0,C29<=1),0,1)) -> 0
A30: =25 -> 25 | B30: =EDATE(入力設定!$B$7,A30-1) -> 47058 | C30: =INDEX(入力設定!$C$15:$C$24,INT((A30-1)/60)+1) -> 0.0111 | D30: =M29 -> 33344957 | E30: =N29 -> 396 | F30: =IF(D30+Z30<0.000001,0,IF(D30<0.000001,F29,IF(OR(AE30=1,AND(K29>0,入力設定!$B$8="返済額軽減型",入力設定!$B$11="翌月")),IF(C30=0,D30/MAX(1,E30),D30*(C30/12)/(1-(1+C30/12)^(-MAX(1,E30)))),F29))) -> 100604.4 | G30: =IF(D30+Z30<0.000001,0,IF(E30<=1,D30+Y30+Z30,MIN(D30+Y30+Z30,F30))) -> 100604.4 | H30: =MIN(G30,Y30+Z30) -> 30844.085 | I30: =G30-H30 -> 69760.317 | J30: =SUMIFS(入力設定!$G$5:$G$24,入力設定!$F$5:$F$24,A30) -> 0 | K30: =MIN(MAX(0,D30-I30),J30) -> 0 | L30: =IF(K30>0,入力設定!$B$9,0) -> 0 | M30: =MAX(0,D30-I30-K30) -> 33275196 | N30: =IF(M30+AA30<0.000001,0,IF(AND(K30>0,入力設定!$B$8="期間短縮型",AA30<0.000001,F30>M30*C30/12),MAX(1,MIN(E30-1,IF(C30=0,ROUNDUP(M30/F30,0),ROUNDUP(-LN(1-M30*(C30/12)/F30)/LN(1+C30/12),0)))),MAX(1,E30-1))) -> 395 | O30: =SUM(G30,K30,L30) -> 100604.4 | P30: =U29 -> 33344957 | Q30: =IF(OR(A30>入力設定!$B$6*12,P30+AC30<0.000001),0,IF(P30<0.000001,Q29,IF(AE30=1,IF(C30=0,P30/MAX(1,入力設定!$B$6*12-A30+1),P30*(C30/12)/(1-(1+C30/12)^(-MAX(1,入力設定!$B$6*12-A30+1)))),Q29))) -> 100604.4 | R30: =IF(P30+AC30<0.000001,0,IF(A30=入力設定!$B$6*12,P30+AB30+AC30,MIN(Q30,P30+AB30+AC30))) -> 100604.4 | S30: =MIN(R30,AB30+AC30) -> 30844.085 | T30: =R30-S30 -> 69760.317 | U30: =MAX(0,P30-T30) -> 33275196 | V30: =D30-I30-K30-M30 -> 0 | W30: =P30-T30-U30 -> 0 | X30: =O30-G30-K30-L30 -> 0 | Y30: =D30*C30/12 -> 30844.085 | Z30: =AA29 -> 0 | AA30: =MAX(0,Z30+Y30-H30) -> 0 | AB30: =P30*C30/12 -> 30844.085 | AC30: =AD29 -> 0 | AD30: =MAX(0,AC30+AB30-S30) -> 0 | AE30: =IF(MOD(A30-1,60)=0,1,0) -> 0 | AF30: =IF(A30>入力設定!$B$6*12,0,IF(AND(ISNUMBER(C30),C30>=0,C30<=1),0,1)) -> 0
A31: =26 -> 26 | B31: =EDATE(入力設定!$B$7,A31-1) -> 47088 | C31: =INDEX(入力設定!$C$15:$C$24,INT((A31-1)/60)+1) -> 0.0111 | D31: =M30 -> 33275196 | E31: =N30 -> 395 | F31: =IF(D31+Z31<0.000001,0,IF(D31<0.000001,F30,IF(OR(AE31=1,AND(K30>0,入力設定!$B$8="返済額軽減型",入力設定!$B$11="翌月")),IF(C31=0,D31/MAX(1,E31),D31*(C31/12)/(1-(1+C31/12)^(-MAX(1,E31)))),F30))) -> 100604.4 | G31: =IF(D31+Z31<0.000001,0,IF(E31<=1,D31+Y31+Z31,MIN(D31+Y31+Z31,F31))) -> 100604.4 | H31: =MIN(G31,Y31+Z31) -> 30779.557 | I31: =G31-H31 -> 69824.845 | J31: =SUMIFS(入力設定!$G$5:$G$24,入力設定!$F$5:$F$24,A31) -> 0 | K31: =MIN(MAX(0,D31-I31),J31) -> 0 | L31: =IF(K31>0,入力設定!$B$9,0) -> 0 | M31: =MAX(0,D31-I31-K31) -> 33205371 | N31: =IF(M31+AA31<0.000001,0,IF(AND(K31>0,入力設定!$B$8="期間短縮型",AA31<0.000001,F31>M31*C31/12),MAX(1,MIN(E31-1,IF(C31=0,ROUNDUP(M31/F31,0),ROUNDUP(-LN(1-M31*(C31/12)/F31)/LN(1+C31/12),0)))),MAX(1,E31-1))) -> 394 | O31: =SUM(G31,K31,L31) -> 100604.4 | P31: =U30 -> 33275196 | Q31: =IF(OR(A31>入力設定!$B$6*12,P31+AC31<0.000001),0,IF(P31<0.000001,Q30,IF(AE31=1,IF(C31=0,P31/MAX(1,入力設定!$B$6*12-A31+1),P31*(C31/12)/(1-(1+C31/12)^(-MAX(1,入力設定!$B$6*12-A31+1)))),Q30))) -> 100604.4 | R31: =IF(P31+AC31<0.000001,0,IF(A31=入力設定!$B$6*12,P31+AB31+AC31,MIN(Q31,P31+AB31+AC31))) -> 100604.4 | S31: =MIN(R31,AB31+AC31) -> 30779.557 | T31: =R31-S31 -> 69824.845 | U31: =MAX(0,P31-T31) -> 33205371 | V31: =D31-I31-K31-M31 -> 0 | W31: =P31-T31-U31 -> 0 | X31: =O31-G31-K31-L31 -> 0 | Y31: =D31*C31/12 -> 30779.557 | Z31: =AA30 -> 0 | AA31: =MAX(0,Z31+Y31-H31) -> 0 | AB31: =P31*C31/12 -> 30779.557 | AC31: =AD30 -> 0 | AD31: =MAX(0,AC31+AB31-S31) -> 0 | AE31: =IF(MOD(A31-1,60)=0,1,0) -> 0 | AF31: =IF(A31>入力設定!$B$6*12,0,IF(AND(ISNUMBER(C31),C31>=0,C31<=1),0,1)) -> 0
A32: =27 -> 27 | B32: =EDATE(入力設定!$B$7,A32-1) -> 47119 | C32: =INDEX(入力設定!$C$15:$C$24,INT((A32-1)/60)+1) -> 0.0111 | D32: =M31 -> 33205371 | E32: =N31 -> 394 | F32: =IF(D32+Z32<0.000001,0,IF(D32<0.000001,F31,IF(OR(AE32=1,AND(K31>0,入力設定!$B$8="返済額軽減型",入力設定!$B$11="翌月")),IF(C32=0,D32/MAX(1,E32),D32*(C32/12)/(1-(1+C32/12)^(-MAX(1,E32)))),F31))) -> 100604.4 | G32: =IF(D32+Z32<0.000001,0,IF(E32<=1,D32+Y32+Z32,MIN(D32+Y32+Z32,F32))) -> 100604.4 | H32: =MIN(G32,Y32+Z32) -> 30714.969 | I32: =G32-H32 -> 69889.433 | J32: =SUMIFS(入力設定!$G$5:$G$24,入力設定!$F$5:$F$24,A32) -> 0 | K32: =MIN(MAX(0,D32-I32),J32) -> 0 | L32: =IF(K32>0,入力設定!$B$9,0) -> 0 | M32: =MAX(0,D32-I32-K32) -> 33135482 | N32: =IF(M32+AA32<0.000001,0,IF(AND(K32>0,入力設定!$B$8="期間短縮型",AA32<0.000001,F32>M32*C32/12),MAX(1,MIN(E32-1,IF(C32=0,ROUNDUP(M32/F32,0),ROUNDUP(-LN(1-M32*(C32/12)/F32)/LN(1+C32/12),0)))),MAX(1,E32-1))) -> 393 | O32: =SUM(G32,K32,L32) -> 100604.4 | P32: =U31 -> 33205371 | Q32: =IF(OR(A32>入力設定!$B$6*12,P32+AC32<0.000001),0,IF(P32<0.000001,Q31,IF(AE32=1,IF(C32=0,P32/MAX(1,入力設定!$B$6*12-A32+1),P32*(C32/12)/(1-(1+C32/12)^(-MAX(1,入力設定!$B$6*12-A32+1)))),Q31))) -> 100604.4 | R32: =IF(P32+AC32<0.000001,0,IF(A32=入力設定!$B$6*12,P32+AB32+AC32,MIN(Q32,P32+AB32+AC32))) -> 100604.4 | S32: =MIN(R32,AB32+AC32) -> 30714.969 | T32: =R32-S32 -> 69889.433 | U32: =MAX(0,P32-T32) -> 33135482 | V32: =D32-I32-K32-M32 -> 0 | W32: =P32-T32-U32 -> 0 | X32: =O32-G32-K32-L32 -> 0 | Y32: =D32*C32/12 -> 30714.969 | Z32: =AA31 -> 0 | AA32: =MAX(0,Z32+Y32-H32) -> 0 | AB32: =P32*C32/12 -> 30714.969 | AC32: =AD31 -> 0 | AD32: =MAX(0,AC32+AB32-S32) -> 0 | AE32: =IF(MOD(A32-1,60)=0,1,0) -> 0 | AF32: =IF(A32>入力設定!$B$6*12,0,IF(AND(ISNUMBER(C32),C32>=0,C32<=1),0,1)) -> 0
A33: =28 -> 28 | B33: =EDATE(入力設定!$B$7,A33-1) -> 47150 | C33: =INDEX(入力設定!$C$15:$C$24,INT((A33-1)/60)+1) -> 0.0111 | D33: =M32 -> 33135482 | E33: =N32 -> 393 | F33: =IF(D33+Z33<0.000001,0,IF(D33<0.000001,F32,IF(OR(AE33=1,AND(K32>0,入力設定!$B$8="返済額軽減型",入力設定!$B$11="翌月")),IF(C33=0,D33/MAX(1,E33),D33*(C33/12)/(1-(1+C33/12)^(-MAX(1,E33)))),F32))) -> 100604.4 | G33: =IF(D33+Z33<0.000001,0,IF(E33<=1,D33+Y33+Z33,MIN(D33+Y33+Z33,F33))) -> 100604.4 | H33: =MIN(G33,Y33+Z33) -> 30650.321 | I33: =G33-H33 -> 69954.081 | J33: =SUMIFS(入力設定!$G$5:$G$24,入力設定!$F$5:$F$24,A33) -> 0 | K33: =MIN(MAX(0,D33-I33),J33) -> 0 | L33: =IF(K33>0,入力設定!$B$9,0) -> 0 | M33: =MAX(0,D33-I33-K33) -> 33065528 | N33: =IF(M33+AA33<0.000001,0,IF(AND(K33>0,入力設定!$B$8="期間短縮型",AA33<0.000001,F33>M33*C33/12),MAX(1,MIN(E33-1,IF(C33=0,ROUNDUP(M33/F33,0),ROUNDUP(-LN(1-M33*(C33/12)/F33)/LN(1+C33/12),0)))),MAX(1,E33-1))) -> 392 | O33: =SUM(G33,K33,L33) -> 100604.4 | P33: =U32 -> 33135482 | Q33: =IF(OR(A33>入力設定!$B$6*12,P33+AC33<0.000001),0,IF(P33<0.000001,Q32,IF(AE33=1,IF(C33=0,P33/MAX(1,入力設定!$B$6*12-A33+1),P33*(C33/12)/(1-(1+C33/12)^(-MAX(1,入力設定!$B$6*12-A33+1)))),Q32))) -> 100604.4 | R33: =IF(P33+AC33<0.000001,0,IF(A33=入力設定!$B$6*12,P33+AB33+AC33,MIN(Q33,P33+AB33+AC33))) -> 100604.4 | S33: =MIN(R33,AB33+AC33) -> 30650.321 | T33: =R33-S33 -> 69954.081 | U33: =MAX(0,P33-T33) -> 33065528 | V33: =D33-I33-K33-M33 -> 0 | W33: =P33-T33-U33 -> 0 | X33: =O33-G33-K33-L33 -> 0 | Y33: =D33*C33/12 -> 30650.321 | Z33: =AA32 -> 0 | AA33: =MAX(0,Z33+Y33-H33) -> 0 | AB33: =P33*C33/12 -> 30650.321 | AC33: =AD32 -> 0 | AD33: =MAX(0,AC33+AB33-S33) -> 0 | AE33: =IF(MOD(A33-1,60)=0,1,0) -> 0 | AF33: =IF(A33>入力設定!$B$6*12,0,IF(AND(ISNUMBER(C33),C33>=0,C33<=1),0,1)) -> 0
A34: =29 -> 29 | B34: =EDATE(入力設定!$B$7,A34-1) -> 47178 | C34: =INDEX(入力設定!$C$15:$C$24,INT((A34-1)/60)+1) -> 0.0111 | D34: =M33 -> 33065528 | E34: =N33 -> 392 | F34: =IF(D34+Z34<0.000001,0,IF(D34<0.000001,F33,IF(OR(AE34=1,AND(K33>0,入力設定!$B$8="返済額軽減型",入力設定!$B$11="翌月")),IF(C34=0,D34/MAX(1,E34),D34*(C34/12)/(1-(1+C34/12)^(-MAX(1,E34)))),F33))) -> 100604.4 | G34: =IF(D34+Z34<0.000001,0,IF(E34<=1,D34+Y34+Z34,MIN(D34+Y34+Z34,F34))) -> 100604.4 | H34: =MIN(G34,Y34+Z34) -> 30585.613 | I34: =G34-H34 -> 70018.788 | J34: =SUMIFS(入力設定!$G$5:$G$24,入力設定!$F$5:$F$24,A34) -> 0 | K34: =MIN(MAX(0,D34-I34),J34) -> 0 | L34: =IF(K34>0,入力設定!$B$9,0) -> 0 | M34: =MAX(0,D34-I34-K34) -> 32995509 | N34: =IF(M34+AA34<0.000001,0,IF(AND(K34>0,入力設定!$B$8="期間短縮型",AA34<0.000001,F34>M34*C34/12),MAX(1,MIN(E34-1,IF(C34=0,ROUNDUP(M34/F34,0),ROUNDUP(-LN(1-M34*(C34/12)/F34)/LN(1+C34/12),0)))),MAX(1,E34-1))) -> 391 | O34: =SUM(G34,K34,L34) -> 100604.4 | P34: =U33 -> 33065528 | Q34: =IF(OR(A34>入力設定!$B$6*12,P34+AC34<0.000001),0,IF(P34<0.000001,Q33,IF(AE34=1,IF(C34=0,P34/MAX(1,入力設定!$B$6*12-A34+1),P34*(C34/12)/(1-(1+C34/12)^(-MAX(1,入力設定!$B$6*12-A34+1)))),Q33))) -> 100604.4 | R34: =IF(P34+AC34<0.000001,0,IF(A34=入力設定!$B$6*12,P34+AB34+AC34,MIN(Q34,P34+AB34+AC34))) -> 100604.4 | S34: =MIN(R34,AB34+AC34) -> 30585.613 | T34: =R34-S34 -> 70018.788 | U34: =MAX(0,P34-T34) -> 32995509 | V34: =D34-I34-K34-M34 -> 0 | W34: =P34-T34-U34 -> 0 | X34: =O34-G34-K34-L34 -> 0 | Y34: =D34*C34/12 -> 30585.613 | Z34: =AA33 -> 0 | AA34: =MAX(0,Z34+Y34-H34) -> 0 | AB34: =P34*C34/12 -> 30585.613 | AC34: =AD33 -> 0 | AD34: =MAX(0,AC34+AB34-S34) -> 0 | AE34: =IF(MOD(A34-1,60)=0,1,0) -> 0 | AF34: =IF(A34>入力設定!$B$6*12,0,IF(AND(ISNUMBER(C34),C34>=0,C34<=1),0,1)) -> 0
A35: =30 -> 30 | B35: =EDATE(入力設定!$B$7,A35-1) -> 47209 | C35: =INDEX(入力設定!$C$15:$C$24,INT((A35-1)/60)+1) -> 0.0111 | D35: =M34 -> 32995509 | E35: =N34 -> 391 | F35: =IF(D35+Z35<0.000001,0,IF(D35<0.000001,F34,IF(OR(AE35=1,AND(K34>0,入力設定!$B$8="返済額軽減型",入力設定!$B$11="翌月")),IF(C35=0,D35/MAX(1,E35),D35*(C35/12)/(1-(1+C35/12)^(-MAX(1,E35)))),F34))) -> 100604.4 | G35: =IF(D35+Z35<0.000001,0,IF(E35<=1,D35+Y35+Z35,MIN(D35+Y35+Z35,F35))) -> 100604.4 | H35: =MIN(G35,Y35+Z35) -> 30520.846 | I35: =G35-H35 -> 70083.556 | J35: =SUMIFS(入力設定!$G$5:$G$24,入力設定!$F$5:$F$24,A35) -> 0 | K35: =MIN(MAX(0,D35-I35),J35) -> 0 | L35: =IF(K35>0,入力設定!$B$9,0) -> 0 | M35: =MAX(0,D35-I35-K35) -> 32925426 | N35: =IF(M35+AA35<0.000001,0,IF(AND(K35>0,入力設定!$B$8="期間短縮型",AA35<0.000001,F35>M35*C35/12),MAX(1,MIN(E35-1,IF(C35=0,ROUNDUP(M35/F35,0),ROUNDUP(-LN(1-M35*(C35/12)/F35)/LN(1+C35/12),0)))),MAX(1,E35-1))) -> 390 | O35: =SUM(G35,K35,L35) -> 100604.4 | P35: =U34 -> 32995509 | Q35: =IF(OR(A35>入力設定!$B$6*12,P35+AC35<0.000001),0,IF(P35<0.000001,Q34,IF(AE35=1,IF(C35=0,P35/MAX(1,入力設定!$B$6*12-A35+1),P35*(C35/12)/(1-(1+C35/12)^(-MAX(1,入力設定!$B$6*12-A35+1)))),Q34))) -> 100604.4 | R35: =IF(P35+AC35<0.000001,0,IF(A35=入力設定!$B$6*12,P35+AB35+AC35,MIN(Q35,P35+AB35+AC35))) -> 100604.4 | S35: =MIN(R35,AB35+AC35) -> 30520.846 | T35: =R35-S35 -> 70083.556 | U35: =MAX(0,P35-T35) -> 32925426 | V35: =D35-I35-K35-M35 -> 0 | W35: =P35-T35-U35 -> 0 | X35: =O35-G35-K35-L35 -> 0 | Y35: =D35*C35/12 -> 30520.846 | Z35: =AA34 -> 0 | AA35: =MAX(0,Z35+Y35-H35) -> 0 | AB35: =P35*C35/12 -> 30520.846 | AC35: =AD34 -> 0 | AD35: =MAX(0,AC35+AB35-S35) -> 0 | AE35: =IF(MOD(A35-1,60)=0,1,0) -> 0 | AF35: =IF(A35>入力設定!$B$6*12,0,IF(AND(ISNUMBER(C35),C35>=0,C35<=1),0,1)) -> 0
A36: =31 -> 31 | B36: =EDATE(入力設定!$B$7,A36-1) -> 47239 | C36: =INDEX(入力設定!$C$15:$C$24,INT((A36-1)/60)+1) -> 0.0111 | D36: =M35 -> 32925426 | E36: =N35 -> 390 | F36: =IF(D36+Z36<0.000001,0,IF(D36<0.000001,F35,IF(OR(AE36=1,AND(K35>0,入力設定!$B$8="返済額軽減型",入力設定!$B$11="翌月")),IF(C36=0,D36/MAX(1,E36),D36*(C36/12)/(1-(1+C36/12)^(-MAX(1,E36)))),F35))) -> 100604.4 | G36: =IF(D36+Z36<0.000001,0,IF(E36<=1,D36+Y36+Z36,MIN(D36+Y36+Z36,F36))) -> 100604.4 | H36: =MIN(G36,Y36+Z36) -> 30456.019 | I36: =G36-H36 -> 70148.383 | J36: =SUMIFS(入力設定!$G$5:$G$24,入力設定!$F$5:$F$24,A36) -> 0 | K36: =MIN(MAX(0,D36-I36),J36) -> 0 | L36: =IF(K36>0,入力設定!$B$9,0) -> 0 | M36: =MAX(0,D36-I36-K36) -> 32855277 | N36: =IF(M36+AA36<0.000001,0,IF(AND(K36>0,入力設定!$B$8="期間短縮型",AA36<0.000001,F36>M36*C36/12),MAX(1,MIN(E36-1,IF(C36=0,ROUNDUP(M36/F36,0),ROUNDUP(-LN(1-M36*(C36/12)/F36)/LN(1+C36/12),0)))),MAX(1,E36-1))) -> 389 | O36: =SUM(G36,K36,L36) -> 100604.4 | P36: =U35 -> 32925426 | Q36: =IF(OR(A36>入力設定!$B$6*12,P36+AC36<0.000001),0,IF(P36<0.000001,Q35,IF(AE36=1,IF(C36=0,P36/MAX(1,入力設定!$B$6*12-A36+1),P36*(C36/12)/(1-(1+C36/12)^(-MAX(1,入力設定!$B$6*12-A36+1)))),Q35))) -> 100604.4 | R36: =IF(P36+AC36<0.000001,0,IF(A36=入力設定!$B$6*12,P36+AB36+AC36,MIN(Q36,P36+AB36+AC36))) -> 100604.4 | S36: =MIN(R36,AB36+AC36) -> 30456.019 | T36: =R36-S36 -> 70148.383 | U36: =MAX(0,P36-T36) -> 32855277 | V36: =D36-I36-K36-M36 -> 0 | W36: =P36-T36-U36 -> 0 | X36: =O36-G36-K36-L36 -> 0 | Y36: =D36*C36/12 -> 30456.019 | Z36: =AA35 -> 0 | AA36: =MAX(0,Z36+Y36-H36) -> 0 | AB36: =P36*C36/12 -> 30456.019 | AC36: =AD35 -> 0 | AD36: =MAX(0,AC36+AB36-S36) -> 0 | AE36: =IF(MOD(A36-1,60)=0,1,0) -> 0 | AF36: =IF(A36>入力設定!$B$6*12,0,IF(AND(ISNUMBER(C36),C36>=0,C36<=1),0,1)) -> 0
A37: =32 -> 32 | B37: =EDATE(入力設定!$B$7,A37-1) -> 47270 | C37: =INDEX(入力設定!$C$15:$C$24,INT((A37-1)/60)+1) -> 0.0111 | D37: =M36 -> 32855277 | E37: =N36 -> 389 | F37: =IF(D37+Z37<0.000001,0,IF(D37<0.000001,F36,IF(OR(AE37=1,AND(K36>0,入力設定!$B$8="返済額軽減型",入力設定!$B$11="翌月")),IF(C37=0,D37/MAX(1,E37),D37*(C37/12)/(1-(1+C37/12)^(-MAX(1,E37)))),F36))) -> 100604.4 | G37: =IF(D37+Z37<0.000001,0,IF(E37<=1,D37+Y37+Z37,MIN(D37+Y37+Z37,F37))) -> 100604.4 | H37: =MIN(G37,Y37+Z37) -> 30391.131 | I37: =G37-H37 -> 70213.27 | J37: =SUMIFS(入力設定!$G$5:$G$24,入力設定!$F$5:$F$24,A37) -> 0 | K37: =MIN(MAX(0,D37-I37),J37) -> 0 | L37: =IF(K37>0,入力設定!$B$9,0) -> 0 | M37: =MAX(0,D37-I37-K37) -> 32785064 | N37: =IF(M37+AA37<0.000001,0,IF(AND(K37>0,入力設定!$B$8="期間短縮型",AA37<0.000001,F37>M37*C37/12),MAX(1,MIN(E37-1,IF(C37=0,ROUNDUP(M37/F37,0),ROUNDUP(-LN(1-M37*(C37/12)/F37)/LN(1+C37/12),0)))),MAX(1,E37-1))) -> 388 | O37: =SUM(G37,K37,L37) -> 100604.4 | P37: =U36 -> 32855277 | Q37: =IF(OR(A37>入力設定!$B$6*12,P37+AC37<0.000001),0,IF(P37<0.000001,Q36,IF(AE37=1,IF(C37=0,P37/MAX(1,入力設定!$B$6*12-A37+1),P37*(C37/12)/(1-(1+C37/12)^(-MAX(1,入力設定!$B$6*12-A37+1)))),Q36))) -> 100604.4 | R37: =IF(P37+AC37<0.000001,0,IF(A37=入力設定!$B$6*12,P37+AB37+AC37,MIN(Q37,P37+AB37+AC37))) -> 100604.4 | S37: =MIN(R37,AB37+AC37) -> 30391.131 | T37: =R37-S37 -> 70213.27 | U37: =MAX(0,P37-T37) -> 32785064 | V37: =D37-I37-K37-M37 -> 0 | W37: =P37-T37-U37 -> 0 | X37: =O37-G37-K37-L37 -> 0 | Y37: =D37*C37/12 -> 30391.131 | Z37: =AA36 -> 0 | AA37: =MAX(0,Z37+Y37-H37) -> 0 | AB37: =P37*C37/12 -> 30391.131 | AC37: =AD36 -> 0 | AD37: =MAX(0,AC37+AB37-S37) -> 0 | AE37: =IF(MOD(A37-1,60)=0,1,0) -> 0 | AF37: =IF(A37>入力設定!$B$6*12,0,IF(AND(ISNUMBER(C37),C37>=0,C37<=1),0,1)) -> 0
A38: =33 -> 33 | B38: =EDATE(入力設定!$B$7,A38-1) -> 47300 | C38: =INDEX(入力設定!$C$15:$C$24,INT((A38-1)/60)+1) -> 0.0111 | D38: =M37 -> 32785064 | E38: =N37 -> 388 | F38: =IF(D38+Z38<0.000001,0,IF(D38<0.000001,F37,IF(OR(AE38=1,AND(K37>0,入力設定!$B$8="返済額軽減型",入力設定!$B$11="翌月")),IF(C38=0,D38/MAX(1,E38),D38*(C38/12)/(1-(1+C38/12)^(-MAX(1,E38)))),F37))) -> 100604.4 | G38: =IF(D38+Z38<0.000001,0,IF(E38<=1,D38+Y38+Z38,MIN(D38+Y38+Z38,F38))) -> 100604.4 | H38: =MIN(G38,Y38+Z38) -> 30326.184 | I38: =G38-H38 -> 70278.217 | J38: =SUMIFS(入力設定!$G$5:$G$24,入力設定!$F$5:$F$24,A38) -> 0 | K38: =MIN(MAX(0,D38-I38),J38) -> 0 | L38: =IF(K38>0,入力設定!$B$9,0) -> 0 | M38: =MAX(0,D38-I38-K38) -> 32714786 | N38: =IF(M38+AA38<0.000001,0,IF(AND(K38>0,入力設定!$B$8="期間短縮型",AA38<0.000001,F38>M38*C38/12),MAX(1,MIN(E38-1,IF(C38=0,ROUNDUP(M38/F38,0),ROUNDUP(-LN(1-M38*(C38/12)/F38)/LN(1+C38/12),0)))),MAX(1,E38-1))) -> 387 | O38: =SUM(G38,K38,L38) -> 100604.4 | P38: =U37 -> 32785064 | Q38: =IF(OR(A38>入力設定!$B$6*12,P38+AC38<0.000001),0,IF(P38<0.000001,Q37,IF(AE38=1,IF(C38=0,P38/MAX(1,入力設定!$B$6*12-A38+1),P38*(C38/12)/(1-(1+C38/12)^(-MAX(1,入力設定!$B$6*12-A38+1)))),Q37))) -> 100604.4 | R38: =IF(P38+AC38<0.000001,0,IF(A38=入力設定!$B$6*12,P38+AB38+AC38,MIN(Q38,P38+AB38+AC38))) -> 100604.4 | S38: =MIN(R38,AB38+AC38) -> 30326.184 | T38: =R38-S38 -> 70278.217 | U38: =MAX(0,P38-T38) -> 32714786 | V38: =D38-I38-K38-M38 -> 0 | W38: =P38-T38-U38 -> 0 | X38: =O38-G38-K38-L38 -> 0 | Y38: =D38*C38/12 -> 30326.184 | Z38: =AA37 -> 0 | AA38: =MAX(0,Z38+Y38-H38) -> 0 | AB38: =P38*C38/12 -> 30326.184 | AC38: =AD37 -> 0 | AD38: =MAX(0,AC38+AB38-S38) -> 0 | AE38: =IF(MOD(A38-1,60)=0,1,0) -> 0 | AF38: =IF(A38>入力設定!$B$6*12,0,IF(AND(ISNUMBER(C38),C38>=0,C38<=1),0,1)) -> 0
A39: =34 -> 34 | B39: =EDATE(入力設定!$B$7,A39-1) -> 47331 | C39: =INDEX(入力設定!$C$15:$C$24,INT((A39-1)/60)+1) -> 0.0111 | D39: =M38 -> 32714786 | E39: =N38 -> 387 | F39: =IF(D39+Z39<0.000001,0,IF(D39<0.000001,F38,IF(OR(AE39=1,AND(K38>0,入力設定!$B$8="返済額軽減型",入力設定!$B$11="翌月")),IF(C39=0,D39/MAX(1,E39),D39*(C39/12)/(1-(1+C39/12)^(-MAX(1,E39)))),F38))) -> 100604.4 | G39: =IF(D39+Z39<0.000001,0,IF(E39<=1,D39+Y39+Z39,MIN(D39+Y39+Z39,F39))) -> 100604.4 | H39: =MIN(G39,Y39+Z39) -> 30261.177 | I39: =G39-H39 -> 70343.225 | J39: =SUMIFS(入力設定!$G$5:$G$24,入力設定!$F$5:$F$24,A39) -> 0 | K39: =MIN(MAX(0,D39-I39),J39) -> 0 | L39: =IF(K39>0,入力設定!$B$9,0) -> 0 | M39: =MAX(0,D39-I39-K39) -> 32644443 | N39: =IF(M39+AA39<0.000001,0,IF(AND(K39>0,入力設定!$B$8="期間短縮型",AA39<0.000001,F39>M39*C39/12),MAX(1,MIN(E39-1,IF(C39=0,ROUNDUP(M39/F39,0),ROUNDUP(-LN(1-M39*(C39/12)/F39)/LN(1+C39/12),0)))),MAX(1,E39-1))) -> 386 | O39: =SUM(G39,K39,L39) -> 100604.4 | P39: =U38 -> 32714786 | Q39: =IF(OR(A39>入力設定!$B$6*12,P39+AC39<0.000001),0,IF(P39<0.000001,Q38,IF(AE39=1,IF(C39=0,P39/MAX(1,入力設定!$B$6*12-A39+1),P39*(C39/12)/(1-(1+C39/12)^(-MAX(1,入力設定!$B$6*12-A39+1)))),Q38))) -> 100604.4 | R39: =IF(P39+AC39<0.000001,0,IF(A39=入力設定!$B$6*12,P39+AB39+AC39,MIN(Q39,P39+AB39+AC39))) -> 100604.4 | S39: =MIN(R39,AB39+AC39) -> 30261.177 | T39: =R39-S39 -> 70343.225 | U39: =MAX(0,P39-T39) -> 32644443 | V39: =D39-I39-K39-M39 -> 0 | W39: =P39-T39-U39 -> 0 | X39: =O39-G39-K39-L39 -> 0 | Y39: =D39*C39/12 -> 30261.177 | Z39: =AA38 -> 0 | AA39: =MAX(0,Z39+Y39-H39) -> 0 | AB39: =P39*C39/12 -> 30261.177 | AC39: =AD38 -> 0 | AD39: =MAX(0,AC39+AB39-S39) -> 0 | AE39: =IF(MOD(A39-1,60)=0,1,0) -> 0 | AF39: =IF(A39>入力設定!$B$6*12,0,IF(AND(ISNUMBER(C39),C39>=0,C39<=1),0,1)) -> 0
A40: =35 -> 35 | B40: =EDATE(入力設定!$B$7,A40-1) -> 47362 | C40: =INDEX(入力設定!$C$15:$C$24,INT((A40-1)/60)+1) -> 0.0111 | D40: =M39 -> 32644443 | E40: =N39 -> 386 | F40: =IF(D40+Z40<0.000001,0,IF(D40<0.000001,F39,IF(OR(AE40=1,AND(K39>0,入力設定!$B$8="返済額軽減型",入力設定!$B$11="翌月")),IF(C40=0,D40/MAX(1,E40),D40*(C40/12)/(1-(1+C40/12)^(-MAX(1,E40)))),F39))) -> 100604.4 | G40: =IF(D40+Z40<0.000001,0,IF(E40<=1,D40+Y40+Z40,MIN(D40+Y40+Z40,F40))) -> 100604.4 | H40: =MIN(G40,Y40+Z40) -> 30196.109 | I40: =G40-H40 -> 70408.292 | J40: =SUMIFS(入力設定!$G$5:$G$24,入力設定!$F$5:$F$24,A40) -> 0 | K40: =MIN(MAX(0,D40-I40),J40) -> 0 | L40: =IF(K40>0,入力設定!$B$9,0) -> 0 | M40: =MAX(0,D40-I40-K40) -> 32574034 | N40: =IF(M40+AA40<0.000001,0,IF(AND(K40>0,入力設定!$B$8="期間短縮型",AA40<0.000001,F40>M40*C40/12),MAX(1,MIN(E40-1,IF(C40=0,ROUNDUP(M40/F40,0),ROUNDUP(-LN(1-M40*(C40/12)/F40)/LN(1+C40/12),0)))),MAX(1,E40-1))) -> 385 | O40: =SUM(G40,K40,L40) -> 100604.4 | P40: =U39 -> 32644443 | Q40: =IF(OR(A40>入力設定!$B$6*12,P40+AC40<0.000001),0,IF(P40<0.000001,Q39,IF(AE40=1,IF(C40=0,P40/MAX(1,入力設定!$B$6*12-A40+1),P40*(C40/12)/(1-(1+C40/12)^(-MAX(1,入力設定!$B$6*12-A40+1)))),Q39))) -> 100604.4 | R40: =IF(P40+AC40<0.000001,0,IF(A40=入力設定!$B$6*12,P40+AB40+AC40,MIN(Q40,P40+AB40+AC40))) -> 100604.4 | S40: =MIN(R40,AB40+AC40) -> 30196.109 | T40: =R40-S40 -> 70408.292 | U40: =MAX(0,P40-T40) -> 32574034 | V40: =D40-I40-K40-M40 -> 0 | W40: =P40-T40-U40 -> 0 | X40: =O40-G40-K40-L40 -> 0 | Y40: =D40*C40/12 -> 30196.109 | Z40: =AA39 -> 0 | AA40: =MAX(0,Z40+Y40-H40) -> 0 | AB40: =P40*C40/12 -> 30196.109 | AC40: =AD39 -> 0 | AD40: =MAX(0,AC40+AB40-S40) -> 0 | AE40: =IF(MOD(A40-1,60)=0,1,0) -> 0 | AF40: =IF(A40>入力設定!$B$6*12,0,IF(AND(ISNUMBER(C40),C40>=0,C40<=1),0,1)) -> 0
A41: =36 -> 36 | B41: =EDATE(入力設定!$B$7,A41-1) -> 47392 | C41: =INDEX(入力設定!$C$15:$C$24,INT((A41-1)/60)+1) -> 0.0111 | D41: =M40 -> 32574034 | E41: =N40 -> 385 | F41: =IF(D41+Z41<0.000001,0,IF(D41<0.000001,F40,IF(OR(AE41=1,AND(K40>0,入力設定!$B$8="返済額軽減型",入力設定!$B$11="翌月")),IF(C41=0,D41/MAX(1,E41),D41*(C41/12)/(1-(1+C41/12)^(-MAX(1,E41)))),F40))) -> 100604.4 | G41: =IF(D41+Z41<0.000001,0,IF(E41<=1,D41+Y41+Z41,MIN(D41+Y41+Z41,F41))) -> 100604.4 | H41: =MIN(G41,Y41+Z41) -> 30130.982 | I41: =G41-H41 -> 70473.42 | J41: =SUMIFS(入力設定!$G$5:$G$24,入力設定!$F$5:$F$24,A41) -> 0 | K41: =MIN(MAX(0,D41-I41),J41) -> 0 | L41: =IF(K41>0,入力設定!$B$9,0) -> 0 | M41: =MAX(0,D41-I41-K41) -> 32503561 | N41: =IF(M41+AA41<0.000001,0,IF(AND(K41>0,入力設定!$B$8="期間短縮型",AA41<0.000001,F41>M41*C41/12),MAX(1,MIN(E41-1,IF(C41=0,ROUNDUP(M41/F41,0),ROUNDUP(-LN(1-M41*(C41/12)/F41)/LN(1+C41/12),0)))),MAX(1,E41-1))) -> 384 | O41: =SUM(G41,K41,L41) -> 100604.4 | P41: =U40 -> 32574034 | Q41: =IF(OR(A41>入力設定!$B$6*12,P41+AC41<0.000001),0,IF(P41<0.000001,Q40,IF(AE41=1,IF(C41=0,P41/MAX(1,入力設定!$B$6*12-A41+1),P41*(C41/12)/(1-(1+C41/12)^(-MAX(1,入力設定!$B$6*12-A41+1)))),Q40))) -> 100604.4 | R41: =IF(P41+AC41<0.000001,0,IF(A41=入力設定!$B$6*12,P41+AB41+AC41,MIN(Q41,P41+AB41+AC41))) -> 100604.4 | S41: =MIN(R41,AB41+AC41) -> 30130.982 | T41: =R41-S41 -> 70473.42 | U41: =MAX(0,P41-T41) -> 32503561 | V41: =D41-I41-K41-M41 -> 0 | W41: =P41-T41-U41 -> 0 | X41: =O41-G41-K41-L41 -> 0 | Y41: =D41*C41/12 -> 30130.982 | Z41: =AA40 -> 0 | AA41: =MAX(0,Z41+Y41-H41) -> 0 | AB41: =P41*C41/12 -> 30130.982 | AC41: =AD40 -> 0 | AD41: =MAX(0,AC41+AB41-S41) -> 0 | AE41: =IF(MOD(A41-1,60)=0,1,0) -> 0 | AF41: =IF(A41>入力設定!$B$6*12,0,IF(AND(ISNUMBER(C41),C41>=0,C41<=1),0,1)) -> 0
A42: =37 -> 37 | B42: =EDATE(入力設定!$B$7,A42-1) -> 47423 | C42: =INDEX(入力設定!$C$15:$C$24,INT((A42-1)/60)+1) -> 0.0111 | D42: =M41 -> 32503561 | E42: =N41 -> 384 | F42: =IF(D42+Z42<0.000001,0,IF(D42<0.000001,F41,IF(OR(AE42=1,AND(K41>0,入力設定!$B$8="返済額軽減型",入力設定!$B$11="翌月")),IF(C42=0,D42/MAX(1,E42),D42*(C42/12)/(1-(1+C42/12)^(-MAX(1,E42)))),F41))) -> 100604.4 | G42: =IF(D42+Z42<0.000001,0,IF(E42<=1,D42+Y42+Z42,MIN(D42+Y42+Z42,F42))) -> 100604.4 | H42: =MIN(G42,Y42+Z42) -> 30065.794 | I42: =G42-H42 -> 70538.608 | J42: =SUMIFS(入力設定!$G$5:$G$24,入力設定!$F$5:$F$24,A42) -> 0 | K42: =MIN(MAX(0,D42-I42),J42) -> 0 | L42: =IF(K42>0,入力設定!$B$9,0) -> 0 | M42: =MAX(0,D42-I42-K42) -> 32433022 | N42: =IF(M42+AA42<0.000001,0,IF(AND(K42>0,入力設定!$B$8="期間短縮型",AA42<0.000001,F42>M42*C42/12),MAX(1,MIN(E42-1,IF(C42=0,ROUNDUP(M42/F42,0),ROUNDUP(-LN(1-M42*(C42/12)/F42)/LN(1+C42/12),0)))),MAX(1,E42-1))) -> 383 | O42: =SUM(G42,K42,L42) -> 100604.4 | P42: =U41 -> 32503561 | Q42: =IF(OR(A42>入力設定!$B$6*12,P42+AC42<0.000001),0,IF(P42<0.000001,Q41,IF(AE42=1,IF(C42=0,P42/MAX(1,入力設定!$B$6*12-A42+1),P42*(C42/12)/(1-(1+C42/12)^(-MAX(1,入力設定!$B$6*12-A42+1)))),Q41))) -> 100604.4 | R42: =IF(P42+AC42<0.000001,0,IF(A42=入力設定!$B$6*12,P42+AB42+AC42,MIN(Q42,P42+AB42+AC42))) -> 100604.4 | S42: =MIN(R42,AB42+AC42) -> 30065.794 | T42: =R42-S42 -> 70538.608 | U42: =MAX(0,P42-T42) -> 32433022 | V42: =D42-I42-K42-M42 -> 0 | W42: =P42-T42-U42 -> 0 | X42: =O42-G42-K42-L42 -> 0 | Y42: =D42*C42/12 -> 30065.794 | Z42: =AA41 -> 0 | AA42: =MAX(0,Z42+Y42-H42) -> 0 | AB42: =P42*C42/12 -> 30065.794 | AC42: =AD41 -> 0 | AD42: =MAX(0,AC42+AB42-S42) -> 0 | AE42: =IF(MOD(A42-1,60)=0,1,0) -> 0 | AF42: =IF(A42>入力設定!$B$6*12,0,IF(AND(ISNUMBER(C42),C42>=0,C42<=1),0,1)) -> 0
A43: =38 -> 38 | B43: =EDATE(入力設定!$B$7,A43-1) -> 47453 | C43: =INDEX(入力設定!$C$15:$C$24,INT((A43-1)/60)+1) -> 0.0111 | D43: =M42 -> 32433022 | E43: =N42 -> 383 | F43: =IF(D43+Z43<0.000001,0,IF(D43<0.000001,F42,IF(OR(AE43=1,AND(K42>0,入力設定!$B$8="返済額軽減型",入力設定!$B$11="翌月")),IF(C43=0,D43/MAX(1,E43),D43*(C43/12)/(1-(1+C43/12)^(-MAX(1,E43)))),F42))) -> 100604.4 | G43: =IF(D43+Z43<0.000001,0,IF(E43<=1,D43+Y43+Z43,MIN(D43+Y43+Z43,F43))) -> 100604.4 | H43: =MIN(G43,Y43+Z43) -> 30000.546 | I43: =G43-H43 -> 70603.856 | J43: =SUMIFS(入力設定!$G$5:$G$24,入力設定!$F$5:$F$24,A43) -> 0 | K43: =MIN(MAX(0,D43-I43),J43) -> 0 | L43: =IF(K43>0,入力設定!$B$9,0) -> 0 | M43: =MAX(0,D43-I43-K43) -> 32362418 | N43: =IF(M43+AA43<0.000001,0,IF(AND(K43>0,入力設定!$B$8="期間短縮型",AA43<0.000001,F43>M43*C43/12),MAX(1,MIN(E43-1,IF(C43=0,ROUNDUP(M43/F43,0),ROUNDUP(-LN(1-M43*(C43/12)/F43)/LN(1+C43/12),0)))),MAX(1,E43-1))) -> 382 | O43: =SUM(G43,K43,L43) -> 100604.4 | P43: =U42 -> 32433022 | Q43: =IF(OR(A43>入力設定!$B$6*12,P43+AC43<0.000001),0,IF(P43<0.000001,Q42,IF(AE43=1,IF(C43=0,P43/MAX(1,入力設定!$B$6*12-A43+1),P43*(C43/12)/(1-(1+C43/12)^(-MAX(1,入力設定!$B$6*12-A43+1)))),Q42))) -> 100604.4 | R43: =IF(P43+AC43<0.000001,0,IF(A43=入力設定!$B$6*12,P43+AB43+AC43,MIN(Q43,P43+AB43+AC43))) -> 100604.4 | S43: =MIN(R43,AB43+AC43) -> 30000.546 | T43: =R43-S43 -> 70603.856 | U43: =MAX(0,P43-T43) -> 32362418 | V43: =D43-I43-K43-M43 -> 0 | W43: =P43-T43-U43 -> 0 | X43: =O43-G43-K43-L43 -> 0 | Y43: =D43*C43/12 -> 30000.546 | Z43: =AA42 -> 0 | AA43: =MAX(0,Z43+Y43-H43) -> 0 | AB43: =P43*C43/12 -> 30000.546 | AC43: =AD42 -> 0 | AD43: =MAX(0,AC43+AB43-S43) -> 0 | AE43: =IF(MOD(A43-1,60)=0,1,0) -> 0 | AF43: =IF(A43>入力設定!$B$6*12,0,IF(AND(ISNUMBER(C43),C43>=0,C43<=1),0,1)) -> 0
A44: =39 -> 39 | B44: =EDATE(入力設定!$B$7,A44-1) -> 47484 | C44: =INDEX(入力設定!$C$15:$C$24,INT((A44-1)/60)+1) -> 0.0111 | D44: =M43 -> 32362418 | E44: =N43 -> 382 | F44: =IF(D44+Z44<0.000001,0,IF(D44<0.000001,F43,IF(OR(AE44=1,AND(K43>0,入力設定!$B$8="返済額軽減型",入力設定!$B$11="翌月")),IF(C44=0,D44/MAX(1,E44),D44*(C44/12)/(1-(1+C44/12)^(-MAX(1,E44)))),F43))) -> 100604.4 | G44: =IF(D44+Z44<0.000001,0,IF(E44<=1,D44+Y44+Z44,MIN(D44+Y44+Z44,F44))) -> 100604.4 | H44: =MIN(G44,Y44+Z44) -> 29935.237 | I44: =G44-H44 -> 70669.165 | J44: =SUMIFS(入力設定!$G$5:$G$24,入力設定!$F$5:$F$24,A44) -> 0 | K44: =MIN(MAX(0,D44-I44),J44) -> 0 | L44: =IF(K44>0,入力設定!$B$9,0) -> 0 | M44: =MAX(0,D44-I44-K44) -> 32291749 | N44: =IF(M44+AA44<0.000001,0,IF(AND(K44>0,入力設定!$B$8="期間短縮型",AA44<0.000001,F44>M44*C44/12),MAX(1,MIN(E44-1,IF(C44=0,ROUNDUP(M44/F44,0),ROUNDUP(-LN(1-M44*(C44/12)/F44)/LN(1+C44/12),0)))),MAX(1,E44-1))) -> 381 | O44: =SUM(G44,K44,L44) -> 100604.4 | P44: =U43 -> 32362418 | Q44: =IF(OR(A44>入力設定!$B$6*12,P44+AC44<0.000001),0,IF(P44<0.000001,Q43,IF(AE44=1,IF(C44=0,P44/MAX(1,入力設定!$B$6*12-A44+1),P44*(C44/12)/(1-(1+C44/12)^(-MAX(1,入力設定!$B$6*12-A44+1)))),Q43))) -> 100604.4 | R44: =IF(P44+AC44<0.000001,0,IF(A44=入力設定!$B$6*12,P44+AB44+AC44,MIN(Q44,P44+AB44+AC44))) -> 100604.4 | S44: =MIN(R44,AB44+AC44) -> 29935.237 | T44: =R44-S44 -> 70669.165 | U44: =MAX(0,P44-T44) -> 32291749 | V44: =D44-I44-K44-M44 -> 0 | W44: =P44-T44-U44 -> 0 | X44: =O44-G44-K44-L44 -> 0 | Y44: =D44*C44/12 -> 29935.237 | Z44: =AA43 -> 0 | AA44: =MAX(0,Z44+Y44-H44) -> 0 | AB44: =P44*C44/12 -> 29935.237 | AC44: =AD43 -> 0 | AD44: =MAX(0,AC44+AB44-S44) -> 0 | AE44: =IF(MOD(A44-1,60)=0,1,0) -> 0 | AF44: =IF(A44>入力設定!$B$6*12,0,IF(AND(ISNUMBER(C44),C44>=0,C44<=1),0,1)) -> 0
A45: =40 -> 40 | B45: =EDATE(入力設定!$B$7,A45-1) -> 47515 | C45: =INDEX(入力設定!$C$15:$C$24,INT((A45-1)/60)+1) -> 0.0111 | D45: =M44 -> 32291749 | E45: =N44 -> 381 | F45: =IF(D45+Z45<0.000001,0,IF(D45<0.000001,F44,IF(OR(AE45=1,AND(K44>0,入力設定!$B$8="返済額軽減型",入力設定!$B$11="翌月")),IF(C45=0,D45/MAX(1,E45),D45*(C45/12)/(1-(1+C45/12)^(-MAX(1,E45)))),F44))) -> 100604.4 | G45: =IF(D45+Z45<0.000001,0,IF(E45<=1,D45+Y45+Z45,MIN(D45+Y45+Z45,F45))) -> 100604.4 | H45: =MIN(G45,Y45+Z45) -> 29869.868 | I45: =G45-H45 -> 70734.534 | J45: =SUMIFS(入力設定!$G$5:$G$24,入力設定!$F$5:$F$24,A45) -> 0 | K45: =MIN(MAX(0,D45-I45),J45) -> 0 | L45: =IF(K45>0,入力設定!$B$9,0) -> 0 | M45: =MAX(0,D45-I45-K45) -> 32221015 | N45: =IF(M45+AA45<0.000001,0,IF(AND(K45>0,入力設定!$B$8="期間短縮型",AA45<0.000001,F45>M45*C45/12),MAX(1,MIN(E45-1,IF(C45=0,ROUNDUP(M45/F45,0),ROUNDUP(-LN(1-M45*(C45/12)/F45)/LN(1+C45/12),0)))),MAX(1,E45-1))) -> 380 | O45: =SUM(G45,K45,L45) -> 100604.4 | P45: =U44 -> 32291749 | Q45: =IF(OR(A45>入力設定!$B$6*12,P45+AC45<0.000001),0,IF(P45<0.000001,Q44,IF(AE45=1,IF(C45=0,P45/MAX(1,入力設定!$B$6*12-A45+1),P45*(C45/12)/(1-(1+C45/12)^(-MAX(1,入力設定!$B$6*12-A45+1)))),Q44))) -> 100604.4 | R45: =IF(P45+AC45<0.000001,0,IF(A45=入力設定!$B$6*12,P45+AB45+AC45,MIN(Q45,P45+AB45+AC45))) -> 100604.4 | S45: =MIN(R45,AB45+AC45) -> 29869.868 | T45: =R45-S45 -> 70734.534 | U45: =MAX(0,P45-T45) -> 32221015 | V45: =D45-I45-K45-M45 -> 0 | W45: =P45-T45-U45 -> 0 | X45: =O45-G45-K45-L45 -> 0 | Y45: =D45*C45/12 -> 29869.868 | Z45: =AA44 -> 0 | AA45: =MAX(0,Z45+Y45-H45) -> 0 | AB45: =P45*C45/12 -> 29869.868 | AC45: =AD44 -> 0 | AD45: =MAX(0,AC45+AB45-S45) -> 0 | AE45: =IF(MOD(A45-1,60)=0,1,0) -> 0 | AF45: =IF(A45>入力設定!$B$6*12,0,IF(AND(ISNUMBER(C45),C45>=0,C45<=1),0,1)) -> 0
A46: =41 -> 41 | B46: =EDATE(入力設定!$B$7,A46-1) -> 47543 | C46: =INDEX(入力設定!$C$15:$C$24,INT((A46-1)/60)+1) -> 0.0111 | D46: =M45 -> 32221015 | E46: =N45 -> 380 | F46: =IF(D46+Z46<0.000001,0,IF(D46<0.000001,F45,IF(OR(AE46=1,AND(K45>0,入力設定!$B$8="返済額軽減型",入力設定!$B$11="翌月")),IF(C46=0,D46/MAX(1,E46),D46*(C46/12)/(1-(1+C46/12)^(-MAX(1,E46)))),F45))) -> 100604.4 | G46: =IF(D46+Z46<0.000001,0,IF(E46<=1,D46+Y46+Z46,MIN(D46+Y46+Z46,F46))) -> 100604.4 | H46: =MIN(G46,Y46+Z46) -> 29804.439 | I46: =G46-H46 -> 70799.963 | J46: =SUMIFS(入力設定!$G$5:$G$24,入力設定!$F$5:$F$24,A46) -> 0 | K46: =MIN(MAX(0,D46-I46),J46) -> 0 | L46: =IF(K46>0,入力設定!$B$9,0) -> 0 | M46: =MAX(0,D46-I46-K46) -> 32150215 | N46: =IF(M46+AA46<0.000001,0,IF(AND(K46>0,入力設定!$B$8="期間短縮型",AA46<0.000001,F46>M46*C46/12),MAX(1,MIN(E46-1,IF(C46=0,ROUNDUP(M46/F46,0),ROUNDUP(-LN(1-M46*(C46/12)/F46)/LN(1+C46/12),0)))),MAX(1,E46-1))) -> 379 | O46: =SUM(G46,K46,L46) -> 100604.4 | P46: =U45 -> 32221015 | Q46: =IF(OR(A46>入力設定!$B$6*12,P46+AC46<0.000001),0,IF(P46<0.000001,Q45,IF(AE46=1,IF(C46=0,P46/MAX(1,入力設定!$B$6*12-A46+1),P46*(C46/12)/(1-(1+C46/12)^(-MAX(1,入力設定!$B$6*12-A46+1)))),Q45))) -> 100604.4 | R46: =IF(P46+AC46<0.000001,0,IF(A46=入力設定!$B$6*12,P46+AB46+AC46,MIN(Q46,P46+AB46+AC46))) -> 100604.4 | S46: =MIN(R46,AB46+AC46) -> 29804.439 | T46: =R46-S46 -> 70799.963 | U46: =MAX(0,P46-T46) -> 32150215 | V46: =D46-I46-K46-M46 -> 0 | W46: =P46-T46-U46 -> 0 | X46: =O46-G46-K46-L46 -> 0 | Y46: =D46*C46/12 -> 29804.439 | Z46: =AA45 -> 0 | AA46: =MAX(0,Z46+Y46-H46) -> 0 | AB46: =P46*C46/12 -> 29804.439 | AC46: =AD45 -> 0 | AD46: =MAX(0,AC46+AB46-S46) -> 0 | AE46: =IF(MOD(A46-1,60)=0,1,0) -> 0 | AF46: =IF(A46>入力設定!$B$6*12,0,IF(AND(ISNUMBER(C46),C46>=0,C46<=1),0,1)) -> 0
A47: =42 -> 42 | B47: =EDATE(入力設定!$B$7,A47-1) -> 47574 | C47: =INDEX(入力設定!$C$15:$C$24,INT((A47-1)/60)+1) -> 0.0111 | D47: =M46 -> 32150215 | E47: =N46 -> 379 | F47: =IF(D47+Z47<0.000001,0,IF(D47<0.000001,F46,IF(OR(AE47=1,AND(K46>0,入力設定!$B$8="返済額軽減型",入力設定!$B$11="翌月")),IF(C47=0,D47/MAX(1,E47),D47*(C47/12)/(1-(1+C47/12)^(-MAX(1,E47)))),F46))) -> 100604.4 | G47: =IF(D47+Z47<0.000001,0,IF(E47<=1,D47+Y47+Z47,MIN(D47+Y47+Z47,F47))) -> 100604.4 | H47: =MIN(G47,Y47+Z47) -> 29738.949 | I47: =G47-H47 -> 70865.453 | J47: =SUMIFS(入力設定!$G$5:$G$24,入力設定!$F$5:$F$24,A47) -> 0 | K47: =MIN(MAX(0,D47-I47),J47) -> 0 | L47: =IF(K47>0,入力設定!$B$9,0) -> 0 | M47: =MAX(0,D47-I47-K47) -> 32079349 | N47: =IF(M47+AA47<0.000001,0,IF(AND(K47>0,入力設定!$B$8="期間短縮型",AA47<0.000001,F47>M47*C47/12),MAX(1,MIN(E47-1,IF(C47=0,ROUNDUP(M47/F47,0),ROUNDUP(-LN(1-M47*(C47/12)/F47)/LN(1+C47/12),0)))),MAX(1,E47-1))) -> 378 | O47: =SUM(G47,K47,L47) -> 100604.4 | P47: =U46 -> 32150215 | Q47: =IF(OR(A47>入力設定!$B$6*12,P47+AC47<0.000001),0,IF(P47<0.000001,Q46,IF(AE47=1,IF(C47=0,P47/MAX(1,入力設定!$B$6*12-A47+1),P47*(C47/12)/(1-(1+C47/12)^(-MAX(1,入力設定!$B$6*12-A47+1)))),Q46))) -> 100604.4 | R47: =IF(P47+AC47<0.000001,0,IF(A47=入力設定!$B$6*12,P47+AB47+AC47,MIN(Q47,P47+AB47+AC47))) -> 100604.4 | S47: =MIN(R47,AB47+AC47) -> 29738.949 | T47: =R47-S47 -> 70865.453 | U47: =MAX(0,P47-T47) -> 32079349 | V47: =D47-I47-K47-M47 -> 0 | W47: =P47-T47-U47 -> 0 | X47: =O47-G47-K47-L47 -> 0 | Y47: =D47*C47/12 -> 29738.949 | Z47: =AA46 -> 0 | AA47: =MAX(0,Z47+Y47-H47) -> 0 | AB47: =P47*C47/12 -> 29738.949 | AC47: =AD46 -> 0 | AD47: =MAX(0,AC47+AB47-S47) -> 0 | AE47: =IF(MOD(A47-1,60)=0,1,0) -> 0 | AF47: =IF(A47>入力設定!$B$6*12,0,IF(AND(ISNUMBER(C47),C47>=0,C47<=1),0,1)) -> 0
A48: =43 -> 43 | B48: =EDATE(入力設定!$B$7,A48-1) -> 47604 | C48: =INDEX(入力設定!$C$15:$C$24,INT((A48-1)/60)+1) -> 0.0111 | D48: =M47 -> 32079349 | E48: =N47 -> 378 | F48: =IF(D48+Z48<0.000001,0,IF(D48<0.000001,F47,IF(OR(AE48=1,AND(K47>0,入力設定!$B$8="返済額軽減型",入力設定!$B$11="翌月")),IF(C48=0,D48/MAX(1,E48),D48*(C48/12)/(1-(1+C48/12)^(-MAX(1,E48)))),F47))) -> 100604.4 | G48: =IF(D48+Z48<0.000001,0,IF(E48<=1,D48+Y48+Z48,MIN(D48+Y48+Z48,F48))) -> 100604.4 | H48: =MIN(G48,Y48+Z48) -> 29673.398 | I48: =G48-H48 -> 70931.004 | J48: =SUMIFS(入力設定!$G$5:$G$24,入力設定!$F$5:$F$24,A48) -> 0 | K48: =MIN(MAX(0,D48-I48),J48) -> 0 | L48: =IF(K48>0,入力設定!$B$9,0) -> 0 | M48: =MAX(0,D48-I48-K48) -> 32008418 | N48: =IF(M48+AA48<0.000001,0,IF(AND(K48>0,入力設定!$B$8="期間短縮型",AA48<0.000001,F48>M48*C48/12),MAX(1,MIN(E48-1,IF(C48=0,ROUNDUP(M48/F48,0),ROUNDUP(-LN(1-M48*(C48/12)/F48)/LN(1+C48/12),0)))),MAX(1,E48-1))) -> 377 | O48: =SUM(G48,K48,L48) -> 100604.4 | P48: =U47 -> 32079349 | Q48: =IF(OR(A48>入力設定!$B$6*12,P48+AC48<0.000001),0,IF(P48<0.000001,Q47,IF(AE48=1,IF(C48=0,P48/MAX(1,入力設定!$B$6*12-A48+1),P48*(C48/12)/(1-(1+C48/12)^(-MAX(1,入力設定!$B$6*12-A48+1)))),Q47))) -> 100604.4 | R48: =IF(P48+AC48<0.000001,0,IF(A48=入力設定!$B$6*12,P48+AB48+AC48,MIN(Q48,P48+AB48+AC48))) -> 100604.4 | S48: =MIN(R48,AB48+AC48) -> 29673.398 | T48: =R48-S48 -> 70931.004 | U48: =MAX(0,P48-T48) -> 32008418 | V48: =D48-I48-K48-M48 -> 0 | W48: =P48-T48-U48 -> 0 | X48: =O48-G48-K48-L48 -> 0 | Y48: =D48*C48/12 -> 29673.398 | Z48: =AA47 -> 0 | AA48: =MAX(0,Z48+Y48-H48) -> 0 | AB48: =P48*C48/12 -> 29673.398 | AC48: =AD47 -> 0 | AD48: =MAX(0,AC48+AB48-S48) -> 0 | AE48: =IF(MOD(A48-1,60)=0,1,0) -> 0 | AF48: =IF(A48>入力設定!$B$6*12,0,IF(AND(ISNUMBER(C48),C48>=0,C48<=1),0,1)) -> 0
A49: =44 -> 44 | B49: =EDATE(入力設定!$B$7,A49-1) -> 47635 | C49: =INDEX(入力設定!$C$15:$C$24,INT((A49-1)/60)+1) -> 0.0111 | D49: =M48 -> 32008418 | E49: =N48 -> 377 | F49: =IF(D49+Z49<0.000001,0,IF(D49<0.000001,F48,IF(OR(AE49=1,AND(K48>0,入力設定!$B$8="返済額軽減型",入力設定!$B$11="翌月")),IF(C49=0,D49/MAX(1,E49),D49*(C49/12)/(1-(1+C49/12)^(-MAX(1,E49)))),F48))) -> 100604.4 | G49: =IF(D49+Z49<0.000001,0,IF(E49<=1,D49+Y49+Z49,MIN(D49+Y49+Z49,F49))) -> 100604.4 | H49: =MIN(G49,Y49+Z49) -> 29607.787 | I49: =G49-H49 -> 70996.615 | J49: =SUMIFS(入力設定!$G$5:$G$24,入力設定!$F$5:$F$24,A49) -> 0 | K49: =MIN(MAX(0,D49-I49),J49) -> 0 | L49: =IF(K49>0,入力設定!$B$9,0) -> 0 | M49: =MAX(0,D49-I49-K49) -> 31937422 | N49: =IF(M49+AA49<0.000001,0,IF(AND(K49>0,入力設定!$B$8="期間短縮型",AA49<0.000001,F49>M49*C49/12),MAX(1,MIN(E49-1,IF(C49=0,ROUNDUP(M49/F49,0),ROUNDUP(-LN(1-M49*(C49/12)/F49)/LN(1+C49/12),0)))),MAX(1,E49-1))) -> 376 | O49: =SUM(G49,K49,L49) -> 100604.4 | P49: =U48 -> 32008418 | Q49: =IF(OR(A49>入力設定!$B$6*12,P49+AC49<0.000001),0,IF(P49<0.000001,Q48,IF(AE49=1,IF(C49=0,P49/MAX(1,入力設定!$B$6*12-A49+1),P49*(C49/12)/(1-(1+C49/12)^(-MAX(1,入力設定!$B$6*12-A49+1)))),Q48))) -> 100604.4 | R49: =IF(P49+AC49<0.000001,0,IF(A49=入力設定!$B$6*12,P49+AB49+AC49,MIN(Q49,P49+AB49+AC49))) -> 100604.4 | S49: =MIN(R49,AB49+AC49) -> 29607.787 | T49: =R49-S49 -> 70996.615 | U49: =MAX(0,P49-T49) -> 31937422 | V49: =D49-I49-K49-M49 -> 0 | W49: =P49-T49-U49 -> 0 | X49: =O49-G49-K49-L49 -> 0 | Y49: =D49*C49/12 -> 29607.787 | Z49: =AA48 -> 0 | AA49: =MAX(0,Z49+Y49-H49) -> 0 | AB49: =P49*C49/12 -> 29607.787 | AC49: =AD48 -> 0 | AD49: =MAX(0,AC49+AB49-S49) -> 0 | AE49: =IF(MOD(A49-1,60)=0,1,0) -> 0 | AF49: =IF(A49>入力設定!$B$6*12,0,IF(AND(ISNUMBER(C49),C49>=0,C49<=1),0,1)) -> 0
A50: =45 -> 45 | B50: =EDATE(入力設定!$B$7,A50-1) -> 47665 | C50: =INDEX(入力設定!$C$15:$C$24,INT((A50-1)/60)+1) -> 0.0111 | D50: =M49 -> 31937422 | E50: =N49 -> 376 | F50: =IF(D50+Z50<0.000001,0,IF(D50<0.000001,F49,IF(OR(AE50=1,AND(K49>0,入力設定!$B$8="返済額軽減型",入力設定!$B$11="翌月")),IF(C50=0,D50/MAX(1,E50),D50*(C50/12)/(1-(1+C50/12)^(-MAX(1,E50)))),F49))) -> 100604.4 | G50: =IF(D50+Z50<0.000001,0,IF(E50<=1,D50+Y50+Z50,MIN(D50+Y50+Z50,F50))) -> 100604.4 | H50: =MIN(G50,Y50+Z50) -> 29542.115 | I50: =G50-H50 -> 71062.287 | J50: =SUMIFS(入力設定!$G$5:$G$24,入力設定!$F$5:$F$24,A50) -> 0 | K50: =MIN(MAX(0,D50-I50),J50) -> 0 | L50: =IF(K50>0,入力設定!$B$9,0) -> 0 | M50: =MAX(0,D50-I50-K50) -> 31866359 | N50: =IF(M50+AA50<0.000001,0,IF(AND(K50>0,入力設定!$B$8="期間短縮型",AA50<0.000001,F50>M50*C50/12),MAX(1,MIN(E50-1,IF(C50=0,ROUNDUP(M50/F50,0),ROUNDUP(-LN(1-M50*(C50/12)/F50)/LN(1+C50/12),0)))),MAX(1,E50-1))) -> 375 | O50: =SUM(G50,K50,L50) -> 100604.4 | P50: =U49 -> 31937422 | Q50: =IF(OR(A50>入力設定!$B$6*12,P50+AC50<0.000001),0,IF(P50<0.000001,Q49,IF(AE50=1,IF(C50=0,P50/MAX(1,入力設定!$B$6*12-A50+1),P50*(C50/12)/(1-(1+C50/12)^(-MAX(1,入力設定!$B$6*12-A50+1)))),Q49))) -> 100604.4 | R50: =IF(P50+AC50<0.000001,0,IF(A50=入力設定!$B$6*12,P50+AB50+AC50,MIN(Q50,P50+AB50+AC50))) -> 100604.4 | S50: =MIN(R50,AB50+AC50) -> 29542.115 | T50: =R50-S50 -> 71062.287 | U50: =MAX(0,P50-T50) -> 31866359 | V50: =D50-I50-K50-M50 -> 0 | W50: =P50-T50-U50 -> 0 | X50: =O50-G50-K50-L50 -> 0 | Y50: =D50*C50/12 -> 29542.115 | Z50: =AA49 -> 0 | AA50: =MAX(0,Z50+Y50-H50) -> 0 | AB50: =P50*C50/12 -> 29542.115 | AC50: =AD49 -> 0 | AD50: =MAX(0,AC50+AB50-S50) -> 0 | AE50: =IF(MOD(A50-1,60)=0,1,0) -> 0 | AF50: =IF(A50>入力設定!$B$6*12,0,IF(AND(ISNUMBER(C50),C50>=0,C50<=1),0,1)) -> 0
A51: =46 -> 46 | B51: =EDATE(入力設定!$B$7,A51-1) -> 47696 | C51: =INDEX(入力設定!$C$15:$C$24,INT((A51-1)/60)+1) -> 0.0111 | D51: =M50 -> 31866359 | E51: =N50 -> 375 | F51: =IF(D51+Z51<0.000001,0,IF(D51<0.000001,F50,IF(OR(AE51=1,AND(K50>0,入力設定!$B$8="返済額軽減型",入力設定!$B$11="翌月")),IF(C51=0,D51/MAX(1,E51),D51*(C51/12)/(1-(1+C51/12)^(-MAX(1,E51)))),F50))) -> 100604.4 | G51: =IF(D51+Z51<0.000001,0,IF(E51<=1,D51+Y51+Z51,MIN(D51+Y51+Z51,F51))) -> 100604.4 | H51: =MIN(G51,Y51+Z51) -> 29476.382 | I51: =G51-H51 -> 71128.019 | J51: =SUMIFS(入力設定!$G$5:$G$24,入力設定!$F$5:$F$24,A51) -> 0 | K51: =MIN(MAX(0,D51-I51),J51) -> 0 | L51: =IF(K51>0,入力設定!$B$9,0) -> 0 | M51: =MAX(0,D51-I51-K51) -> 31795231 | N51: =IF(M51+AA51<0.000001,0,IF(AND(K51>0,入力設定!$B$8="期間短縮型",AA51<0.000001,F51>M51*C51/12),MAX(1,MIN(E51-1,IF(C51=0,ROUNDUP(M51/F51,0),ROUNDUP(-LN(1-M51*(C51/12)/F51)/LN(1+C51/12),0)))),MAX(1,E51-1))) -> 374 | O51: =SUM(G51,K51,L51) -> 100604.4 | P51: =U50 -> 31866359 | Q51: =IF(OR(A51>入力設定!$B$6*12,P51+AC51<0.000001),0,IF(P51<0.000001,Q50,IF(AE51=1,IF(C51=0,P51/MAX(1,入力設定!$B$6*12-A51+1),P51*(C51/12)/(1-(1+C51/12)^(-MAX(1,入力設定!$B$6*12-A51+1)))),Q50))) -> 100604.4 | R51: =IF(P51+AC51<0.000001,0,IF(A51=入力設定!$B$6*12,P51+AB51+AC51,MIN(Q51,P51+AB51+AC51))) -> 100604.4 | S51: =MIN(R51,AB51+AC51) -> 29476.382 | T51: =R51-S51 -> 71128.019 | U51: =MAX(0,P51-T51) -> 31795231 | V51: =D51-I51-K51-M51 -> 0 | W51: =P51-T51-U51 -> 0 | X51: =O51-G51-K51-L51 -> 0 | Y51: =D51*C51/12 -> 29476.382 | Z51: =AA50 -> 0 | AA51: =MAX(0,Z51+Y51-H51) -> 0 | AB51: =P51*C51/12 -> 29476.382 | AC51: =AD50 -> 0 | AD51: =MAX(0,AC51+AB51-S51) -> 0 | AE51: =IF(MOD(A51-1,60)=0,1,0) -> 0 | AF51: =IF(A51>入力設定!$B$6*12,0,IF(AND(ISNUMBER(C51),C51>=0,C51<=1),0,1)) -> 0
A52: =47 -> 47 | B52: =EDATE(入力設定!$B$7,A52-1) -> 47727 | C52: =INDEX(入力設定!$C$15:$C$24,INT((A52-1)/60)+1) -> 0.0111 | D52: =M51 -> 31795231 | E52: =N51 -> 374 | F52: =IF(D52+Z52<0.000001,0,IF(D52<0.000001,F51,IF(OR(AE52=1,AND(K51>0,入力設定!$B$8="返済額軽減型",入力設定!$B$11="翌月")),IF(C52=0,D52/MAX(1,E52),D52*(C52/12)/(1-(1+C52/12)^(-MAX(1,E52)))),F51))) -> 100604.4 | G52: =IF(D52+Z52<0.000001,0,IF(E52<=1,D52+Y52+Z52,MIN(D52+Y52+Z52,F52))) -> 100604.4 | H52: =MIN(G52,Y52+Z52) -> 29410.589 | I52: =G52-H52 -> 71193.813 | J52: =SUMIFS(入力設定!$G$5:$G$24,入力設定!$F$5:$F$24,A52) -> 0 | K52: =MIN(MAX(0,D52-I52),J52) -> 0 | L52: =IF(K52>0,入力設定!$B$9,0) -> 0 | M52: =MAX(0,D52-I52-K52) -> 31724038 | N52: =IF(M52+AA52<0.000001,0,IF(AND(K52>0,入力設定!$B$8="期間短縮型",AA52<0.000001,F52>M52*C52/12),MAX(1,MIN(E52-1,IF(C52=0,ROUNDUP(M52/F52,0),ROUNDUP(-LN(1-M52*(C52/12)/F52)/LN(1+C52/12),0)))),MAX(1,E52-1))) -> 373 | O52: =SUM(G52,K52,L52) -> 100604.4 | P52: =U51 -> 31795231 | Q52: =IF(OR(A52>入力設定!$B$6*12,P52+AC52<0.000001),0,IF(P52<0.000001,Q51,IF(AE52=1,IF(C52=0,P52/MAX(1,入力設定!$B$6*12-A52+1),P52*(C52/12)/(1-(1+C52/12)^(-MAX(1,入力設定!$B$6*12-A52+1)))),Q51))) -> 100604.4 | R52: =IF(P52+AC52<0.000001,0,IF(A52=入力設定!$B$6*12,P52+AB52+AC52,MIN(Q52,P52+AB52+AC52))) -> 100604.4 | S52: =MIN(R52,AB52+AC52) -> 29410.589 | T52: =R52-S52 -> 71193.813 | U52: =MAX(0,P52-T52) -> 31724038 | V52: =D52-I52-K52-M52 -> 0 | W52: =P52-T52-U52 -> 0 | X52: =O52-G52-K52-L52 -> 0 | Y52: =D52*C52/12 -> 29410.589 | Z52: =AA51 -> 0 | AA52: =MAX(0,Z52+Y52-H52) -> 0 | AB52: =P52*C52/12 -> 29410.589 | AC52: =AD51 -> 0 | AD52: =MAX(0,AC52+AB52-S52) -> 0 | AE52: =IF(MOD(A52-1,60)=0,1,0) -> 0 | AF52: =IF(A52>入力設定!$B$6*12,0,IF(AND(ISNUMBER(C52),C52>=0,C52<=1),0,1)) -> 0
A53: =48 -> 48 | B53: =EDATE(入力設定!$B$7,A53-1) -> 47757 | C53: =INDEX(入力設定!$C$15:$C$24,INT((A53-1)/60)+1) -> 0.0111 | D53: =M52 -> 31724038 | E53: =N52 -> 373 | F53: =IF(D53+Z53<0.000001,0,IF(D53<0.000001,F52,IF(OR(AE53=1,AND(K52>0,入力設定!$B$8="返済額軽減型",入力設定!$B$11="翌月")),IF(C53=0,D53/MAX(1,E53),D53*(C53/12)/(1-(1+C53/12)^(-MAX(1,E53)))),F52))) -> 100604.4 | G53: =IF(D53+Z53<0.000001,0,IF(E53<=1,D53+Y53+Z53,MIN(D53+Y53+Z53,F53))) -> 100604.4 | H53: =MIN(G53,Y53+Z53) -> 29344.735 | I53: =G53-H53 -> 71259.667 | J53: =SUMIFS(入力設定!$G$5:$G$24,入力設定!$F$5:$F$24,A53) -> 0 | K53: =MIN(MAX(0,D53-I53),J53) -> 0 | L53: =IF(K53>0,入力設定!$B$9,0) -> 0 | M53: =MAX(0,D53-I53-K53) -> 31652778 | N53: =IF(M53+AA53<0.000001,0,IF(AND(K53>0,入力設定!$B$8="期間短縮型",AA53<0.000001,F53>M53*C53/12),MAX(1,MIN(E53-1,IF(C53=0,ROUNDUP(M53/F53,0),ROUNDUP(-LN(1-M53*(C53/12)/F53)/LN(1+C53/12),0)))),MAX(1,E53-1))) -> 372 | O53: =SUM(G53,K53,L53) -> 100604.4 | P53: =U52 -> 31724038 | Q53: =IF(OR(A53>入力設定!$B$6*12,P53+AC53<0.000001),0,IF(P53<0.000001,Q52,IF(AE53=1,IF(C53=0,P53/MAX(1,入力設定!$B$6*12-A53+1),P53*(C53/12)/(1-(1+C53/12)^(-MAX(1,入力設定!$B$6*12-A53+1)))),Q52))) -> 100604.4 | R53: =IF(P53+AC53<0.000001,0,IF(A53=入力設定!$B$6*12,P53+AB53+AC53,MIN(Q53,P53+AB53+AC53))) -> 100604.4 | S53: =MIN(R53,AB53+AC53) -> 29344.735 | T53: =R53-S53 -> 71259.667 | U53: =MAX(0,P53-T53) -> 31652778 | V53: =D53-I53-K53-M53 -> 0 | W53: =P53-T53-U53 -> 0 | X53: =O53-G53-K53-L53 -> 0 | Y53: =D53*C53/12 -> 29344.735 | Z53: =AA52 -> 0 | AA53: =MAX(0,Z53+Y53-H53) -> 0 | AB53: =P53*C53/12 -> 29344.735 | AC53: =AD52 -> 0 | AD53: =MAX(0,AC53+AB53-S53) -> 0 | AE53: =IF(MOD(A53-1,60)=0,1,0) -> 0 | AF53: =IF(A53>入力設定!$B$6*12,0,IF(AND(ISNUMBER(C53),C53>=0,C53<=1),0,1)) -> 0
A54: =49 -> 49 | B54: =EDATE(入力設定!$B$7,A54-1) -> 47788 | C54: =INDEX(入力設定!$C$15:$C$24,INT((A54-1)/60)+1) -> 0.0111 | D54: =M53 -> 31652778 | E54: =N53 -> 372 | F54: =IF(D54+Z54<0.000001,0,IF(D54<0.000001,F53,IF(OR(AE54=1,AND(K53>0,入力設定!$B$8="返済額軽減型",入力設定!$B$11="翌月")),IF(C54=0,D54/MAX(1,E54),D54*(C54/12)/(1-(1+C54/12)^(-MAX(1,E54)))),F53))) -> 100604.4 | G54: =IF(D54+Z54<0.000001,0,IF(E54<=1,D54+Y54+Z54,MIN(D54+Y54+Z54,F54))) -> 100604.4 | H54: =MIN(G54,Y54+Z54) -> 29278.82 | I54: =G54-H54 -> 71325.582 | J54: =SUMIFS(入力設定!$G$5:$G$24,入力設定!$F$5:$F$24,A54) -> 0 | K54: =MIN(MAX(0,D54-I54),J54) -> 0 | L54: =IF(K54>0,入力設定!$B$9,0) -> 0 | M54: =MAX(0,D54-I54-K54) -> 31581452 | N54: =IF(M54+AA54<0.000001,0,IF(AND(K54>0,入力設定!$B$8="期間短縮型",AA54<0.000001,F54>M54*C54/12),MAX(1,MIN(E54-1,IF(C54=0,ROUNDUP(M54/F54,0),ROUNDUP(-LN(1-M54*(C54/12)/F54)/LN(1+C54/12),0)))),MAX(1,E54-1))) -> 371 | O54: =SUM(G54,K54,L54) -> 100604.4 | P54: =U53 -> 31652778 | Q54: =IF(OR(A54>入力設定!$B$6*12,P54+AC54<0.000001),0,IF(P54<0.000001,Q53,IF(AE54=1,IF(C54=0,P54/MAX(1,入力設定!$B$6*12-A54+1),P54*(C54/12)/(1-(1+C54/12)^(-MAX(1,入力設定!$B$6*12-A54+1)))),Q53))) -> 100604.4 | R54: =IF(P54+AC54<0.000001,0,IF(A54=入力設定!$B$6*12,P54+AB54+AC54,MIN(Q54,P54+AB54+AC54))) -> 100604.4 | S54: =MIN(R54,AB54+AC54) -> 29278.82 | T54: =R54-S54 -> 71325.582 | U54: =MAX(0,P54-T54) -> 31581452 | V54: =D54-I54-K54-M54 -> 0 | W54: =P54-T54-U54 -> 0 | X54: =O54-G54-K54-L54 -> 0 | Y54: =D54*C54/12 -> 29278.82 | Z54: =AA53 -> 0 | AA54: =MAX(0,Z54+Y54-H54) -> 0 | AB54: =P54*C54/12 -> 29278.82 | AC54: =AD53 -> 0 | AD54: =MAX(0,AC54+AB54-S54) -> 0 | AE54: =IF(MOD(A54-1,60)=0,1,0) -> 0 | AF54: =IF(A54>入力設定!$B$6*12,0,IF(AND(ISNUMBER(C54),C54>=0,C54<=1),0,1)) -> 0
A55: =50 -> 50 | B55: =EDATE(入力設定!$B$7,A55-1) -> 47818 | C55: =INDEX(入力設定!$C$15:$C$24,INT((A55-1)/60)+1) -> 0.0111 | D55: =M54 -> 31581452 | E55: =N54 -> 371 | F55: =IF(D55+Z55<0.000001,0,IF(D55<0.000001,F54,IF(OR(AE55=1,AND(K54>0,入力設定!$B$8="返済額軽減型",入力設定!$B$11="翌月")),IF(C55=0,D55/MAX(1,E55),D55*(C55/12)/(1-(1+C55/12)^(-MAX(1,E55)))),F54))) -> 100604.4 | G55: =IF(D55+Z55<0.000001,0,IF(E55<=1,D55+Y55+Z55,MIN(D55+Y55+Z55,F55))) -> 100604.4 | H55: =MIN(G55,Y55+Z55) -> 29212.843 | I55: =G55-H55 -> 71391.558 | J55: =SUMIFS(入力設定!$G$5:$G$24,入力設定!$F$5:$F$24,A55) -> 0 | K55: =MIN(MAX(0,D55-I55),J55) -> 0 | L55: =IF(K55>0,入力設定!$B$9,0) -> 0 | M55: =MAX(0,D55-I55-K55) -> 31510061 | N55: =IF(M55+AA55<0.000001,0,IF(AND(K55>0,入力設定!$B$8="期間短縮型",AA55<0.000001,F55>M55*C55/12),MAX(1,MIN(E55-1,IF(C55=0,ROUNDUP(M55/F55,0),ROUNDUP(-LN(1-M55*(C55/12)/F55)/LN(1+C55/12),0)))),MAX(1,E55-1))) -> 370 | O55: =SUM(G55,K55,L55) -> 100604.4 | P55: =U54 -> 31581452 | Q55: =IF(OR(A55>入力設定!$B$6*12,P55+AC55<0.000001),0,IF(P55<0.000001,Q54,IF(AE55=1,IF(C55=0,P55/MAX(1,入力設定!$B$6*12-A55+1),P55*(C55/12)/(1-(1+C55/12)^(-MAX(1,入力設定!$B$6*12-A55+1)))),Q54))) -> 100604.4 | R55: =IF(P55+AC55<0.000001,0,IF(A55=入力設定!$B$6*12,P55+AB55+AC55,MIN(Q55,P55+AB55+AC55))) -> 100604.4 | S55: =MIN(R55,AB55+AC55) -> 29212.843 | T55: =R55-S55 -> 71391.558 | U55: =MAX(0,P55-T55) -> 31510061 | V55: =D55-I55-K55-M55 -> 0 | W55: =P55-T55-U55 -> 0 | X55: =O55-G55-K55-L55 -> 0 | Y55: =D55*C55/12 -> 29212.843 | Z55: =AA54 -> 0 | AA55: =MAX(0,Z55+Y55-H55) -> 0 | AB55: =P55*C55/12 -> 29212.843 | AC55: =AD54 -> 0 | AD55: =MAX(0,AC55+AB55-S55) -> 0 | AE55: =IF(MOD(A55-1,60)=0,1,0) -> 0 | AF55: =IF(A55>入力設定!$B$6*12,0,IF(AND(ISNUMBER(C55),C55>=0,C55<=1),0,1)) -> 0
A56: =51 -> 51 | B56: =EDATE(入力設定!$B$7,A56-1) -> 47849 | C56: =INDEX(入力設定!$C$15:$C$24,INT((A56-1)/60)+1) -> 0.0111 | D56: =M55 -> 31510061 | E56: =N55 -> 370 | F56: =IF(D56+Z56<0.000001,0,IF(D56<0.000001,F55,IF(OR(AE56=1,AND(K55>0,入力設定!$B$8="返済額軽減型",入力設定!$B$11="翌月")),IF(C56=0,D56/MAX(1,E56),D56*(C56/12)/(1-(1+C56/12)^(-MAX(1,E56)))),F55))) -> 100604.4 | G56: =IF(D56+Z56<0.000001,0,IF(E56<=1,D56+Y56+Z56,MIN(D56+Y56+Z56,F56))) -> 100604.4 | H56: =MIN(G56,Y56+Z56) -> 29146.806 | I56: =G56-H56 -> 71457.595 | J56: =SUMIFS(入力設定!$G$5:$G$24,入力設定!$F$5:$F$24,A56) -> 0 | K56: =MIN(MAX(0,D56-I56),J56) -> 0 | L56: =IF(K56>0,入力設定!$B$9,0) -> 0 | M56: =MAX(0,D56-I56-K56) -> 31438603 | N56: =IF(M56+AA56<0.000001,0,IF(AND(K56>0,入力設定!$B$8="期間短縮型",AA56<0.000001,F56>M56*C56/12),MAX(1,MIN(E56-1,IF(C56=0,ROUNDUP(M56/F56,0),ROUNDUP(-LN(1-M56*(C56/12)/F56)/LN(1+C56/12),0)))),MAX(1,E56-1))) -> 369 | O56: =SUM(G56,K56,L56) -> 100604.4 | P56: =U55 -> 31510061 | Q56: =IF(OR(A56>入力設定!$B$6*12,P56+AC56<0.000001),0,IF(P56<0.000001,Q55,IF(AE56=1,IF(C56=0,P56/MAX(1,入力設定!$B$6*12-A56+1),P56*(C56/12)/(1-(1+C56/12)^(-MAX(1,入力設定!$B$6*12-A56+1)))),Q55))) -> 100604.4 | R56: =IF(P56+AC56<0.000001,0,IF(A56=入力設定!$B$6*12,P56+AB56+AC56,MIN(Q56,P56+AB56+AC56))) -> 100604.4 | S56: =MIN(R56,AB56+AC56) -> 29146.806 | T56: =R56-S56 -> 71457.595 | U56: =MAX(0,P56-T56) -> 31438603 | V56: =D56-I56-K56-M56 -> 0 | W56: =P56-T56-U56 -> 0 | X56: =O56-G56-K56-L56 -> 0 | Y56: =D56*C56/12 -> 29146.806 | Z56: =AA55 -> 0 | AA56: =MAX(0,Z56+Y56-H56) -> 0 | AB56: =P56*C56/12 -> 29146.806 | AC56: =AD55 -> 0 | AD56: =MAX(0,AC56+AB56-S56) -> 0 | AE56: =IF(MOD(A56-1,60)=0,1,0) -> 0 | AF56: =IF(A56>入力設定!$B$6*12,0,IF(AND(ISNUMBER(C56),C56>=0,C56<=1),0,1)) -> 0
A57: =52 -> 52 | B57: =EDATE(入力設定!$B$7,A57-1) -> 47880 | C57: =INDEX(入力設定!$C$15:$C$24,INT((A57-1)/60)+1) -> 0.0111 | D57: =M56 -> 31438603 | E57: =N56 -> 369 | F57: =IF(D57+Z57<0.000001,0,IF(D57<0.000001,F56,IF(OR(AE57=1,AND(K56>0,入力設定!$B$8="返済額軽減型",入力設定!$B$11="翌月")),IF(C57=0,D57/MAX(1,E57),D57*(C57/12)/(1-(1+C57/12)^(-MAX(1,E57)))),F56))) -> 100604.4 | G57: =IF(D57+Z57<0.000001,0,IF(E57<=1,D57+Y57+Z57,MIN(D57+Y57+Z57,F57))) -> 100604.4 | H57: =MIN(G57,Y57+Z57) -> 29080.708 | I57: =G57-H57 -> 71523.694 | J57: =SUMIFS(入力設定!$G$5:$G$24,入力設定!$F$5:$F$24,A57) -> 0 | K57: =MIN(MAX(0,D57-I57),J57) -> 0 | L57: =IF(K57>0,入力設定!$B$9,0) -> 0 | M57: =MAX(0,D57-I57-K57) -> 31367079 | N57: =IF(M57+AA57<0.000001,0,IF(AND(K57>0,入力設定!$B$8="期間短縮型",AA57<0.000001,F57>M57*C57/12),MAX(1,MIN(E57-1,IF(C57=0,ROUNDUP(M57/F57,0),ROUNDUP(-LN(1-M57*(C57/12)/F57)/LN(1+C57/12),0)))),MAX(1,E57-1))) -> 368 | O57: =SUM(G57,K57,L57) -> 100604.4 | P57: =U56 -> 31438603 | Q57: =IF(OR(A57>入力設定!$B$6*12,P57+AC57<0.000001),0,IF(P57<0.000001,Q56,IF(AE57=1,IF(C57=0,P57/MAX(1,入力設定!$B$6*12-A57+1),P57*(C57/12)/(1-(1+C57/12)^(-MAX(1,入力設定!$B$6*12-A57+1)))),Q56))) -> 100604.4 | R57: =IF(P57+AC57<0.000001,0,IF(A57=入力設定!$B$6*12,P57+AB57+AC57,MIN(Q57,P57+AB57+AC57))) -> 100604.4 | S57: =MIN(R57,AB57+AC57) -> 29080.708 | T57: =R57-S57 -> 71523.694 | U57: =MAX(0,P57-T57) -> 31367079 | V57: =D57-I57-K57-M57 -> 0 | W57: =P57-T57-U57 -> 0 | X57: =O57-G57-K57-L57 -> 0 | Y57: =D57*C57/12 -> 29080.708 | Z57: =AA56 -> 0 | AA57: =MAX(0,Z57+Y57-H57) -> 0 | AB57: =P57*C57/12 -> 29080.708 | AC57: =AD56 -> 0 | AD57: =MAX(0,AC57+AB57-S57) -> 0 | AE57: =IF(MOD(A57-1,60)=0,1,0) -> 0 | AF57: =IF(A57>入力設定!$B$6*12,0,IF(AND(ISNUMBER(C57),C57>=0,C57<=1),0,1)) -> 0
A58: =53 -> 53 | B58: =EDATE(入力設定!$B$7,A58-1) -> 47908 | C58: =INDEX(入力設定!$C$15:$C$24,INT((A58-1)/60)+1) -> 0.0111 | D58: =M57 -> 31367079 | E58: =N57 -> 368 | F58: =IF(D58+Z58<0.000001,0,IF(D58<0.000001,F57,IF(OR(AE58=1,AND(K57>0,入力設定!$B$8="返済額軽減型",入力設定!$B$11="翌月")),IF(C58=0,D58/MAX(1,E58),D58*(C58/12)/(1-(1+C58/12)^(-MAX(1,E58)))),F57))) -> 100604.4 | G58: =IF(D58+Z58<0.000001,0,IF(E58<=1,D58+Y58+Z58,MIN(D58+Y58+Z58,F58))) -> 100604.4 | H58: =MIN(G58,Y58+Z58) -> 29014.548 | I58: =G58-H58 -> 71589.853 | J58: =SUMIFS(入力設定!$G$5:$G$24,入力設定!$F$5:$F$24,A58) -> 0 | K58: =MIN(MAX(0,D58-I58),J58) -> 0 | L58: =IF(K58>0,入力設定!$B$9,0) -> 0 | M58: =MAX(0,D58-I58-K58) -> 31295490 | N58: =IF(M58+AA58<0.000001,0,IF(AND(K58>0,入力設定!$B$8="期間短縮型",AA58<0.000001,F58>M58*C58/12),MAX(1,MIN(E58-1,IF(C58=0,ROUNDUP(M58/F58,0),ROUNDUP(-LN(1-M58*(C58/12)/F58)/LN(1+C58/12),0)))),MAX(1,E58-1))) -> 367 | O58: =SUM(G58,K58,L58) -> 100604.4 | P58: =U57 -> 31367079 | Q58: =IF(OR(A58>入力設定!$B$6*12,P58+AC58<0.000001),0,IF(P58<0.000001,Q57,IF(AE58=1,IF(C58=0,P58/MAX(1,入力設定!$B$6*12-A58+1),P58*(C58/12)/(1-(1+C58/12)^(-MAX(1,入力設定!$B$6*12-A58+1)))),Q57))) -> 100604.4 | R58: =IF(P58+AC58<0.000001,0,IF(A58=入力設定!$B$6*12,P58+AB58+AC58,MIN(Q58,P58+AB58+AC58))) -> 100604.4 | S58: =MIN(R58,AB58+AC58) -> 29014.548 | T58: =R58-S58 -> 71589.853 | U58: =MAX(0,P58-T58) -> 31295490 | V58: =D58-I58-K58-M58 -> 0 | W58: =P58-T58-U58 -> 0 | X58: =O58-G58-K58-L58 -> 0 | Y58: =D58*C58/12 -> 29014.548 | Z58: =AA57 -> 0 | AA58: =MAX(0,Z58+Y58-H58) -> 0 | AB58: =P58*C58/12 -> 29014.548 | AC58: =AD57 -> 0 | AD58: =MAX(0,AC58+AB58-S58) -> 0 | AE58: =IF(MOD(A58-1,60)=0,1,0) -> 0 | AF58: =IF(A58>入力設定!$B$6*12,0,IF(AND(ISNUMBER(C58),C58>=0,C58<=1),0,1)) -> 0
A59: =54 -> 54 | B59: =EDATE(入力設定!$B$7,A59-1) -> 47939 | C59: =INDEX(入力設定!$C$15:$C$24,INT((A59-1)/60)+1) -> 0.0111 | D59: =M58 -> 31295490 | E59: =N58 -> 367 | F59: =IF(D59+Z59<0.000001,0,IF(D59<0.000001,F58,IF(OR(AE59=1,AND(K58>0,入力設定!$B$8="返済額軽減型",入力設定!$B$11="翌月")),IF(C59=0,D59/MAX(1,E59),D59*(C59/12)/(1-(1+C59/12)^(-MAX(1,E59)))),F58))) -> 100604.4 | G59: =IF(D59+Z59<0.000001,0,IF(E59<=1,D59+Y59+Z59,MIN(D59+Y59+Z59,F59))) -> 100604.4 | H59: =MIN(G59,Y59+Z59) -> 28948.328 | I59: =G59-H59 -> 71656.074 | J59: =SUMIFS(入力設定!$G$5:$G$24,入力設定!$F$5:$F$24,A59) -> 0 | K59: =MIN(MAX(0,D59-I59),J59) -> 0 | L59: =IF(K59>0,入力設定!$B$9,0) -> 0 | M59: =MAX(0,D59-I59-K59) -> 31223833 | N59: =IF(M59+AA59<0.000001,0,IF(AND(K59>0,入力設定!$B$8="期間短縮型",AA59<0.000001,F59>M59*C59/12),MAX(1,MIN(E59-1,IF(C59=0,ROUNDUP(M59/F59,0),ROUNDUP(-LN(1-M59*(C59/12)/F59)/LN(1+C59/12),0)))),MAX(1,E59-1))) -> 366 | O59: =SUM(G59,K59,L59) -> 100604.4 | P59: =U58 -> 31295490 | Q59: =IF(OR(A59>入力設定!$B$6*12,P59+AC59<0.000001),0,IF(P59<0.000001,Q58,IF(AE59=1,IF(C59=0,P59/MAX(1,入力設定!$B$6*12-A59+1),P59*(C59/12)/(1-(1+C59/12)^(-MAX(1,入力設定!$B$6*12-A59+1)))),Q58))) -> 100604.4 | R59: =IF(P59+AC59<0.000001,0,IF(A59=入力設定!$B$6*12,P59+AB59+AC59,MIN(Q59,P59+AB59+AC59))) -> 100604.4 | S59: =MIN(R59,AB59+AC59) -> 28948.328 | T59: =R59-S59 -> 71656.074 | U59: =MAX(0,P59-T59) -> 31223833 | V59: =D59-I59-K59-M59 -> 0 | W59: =P59-T59-U59 -> 0 | X59: =O59-G59-K59-L59 -> 0 | Y59: =D59*C59/12 -> 28948.328 | Z59: =AA58 -> 0 | AA59: =MAX(0,Z59+Y59-H59) -> 0 | AB59: =P59*C59/12 -> 28948.328 | AC59: =AD58 -> 0 | AD59: =MAX(0,AC59+AB59-S59) -> 0 | AE59: =IF(MOD(A59-1,60)=0,1,0) -> 0 | AF59: =IF(A59>入力設定!$B$6*12,0,IF(AND(ISNUMBER(C59),C59>=0,C59<=1),0,1)) -> 0
A60: =55 -> 55 | B60: =EDATE(入力設定!$B$7,A60-1) -> 47969 | C60: =INDEX(入力設定!$C$15:$C$24,INT((A60-1)/60)+1) -> 0.0111 | D60: =M59 -> 31223833 | E60: =N59 -> 366 | F60: =IF(D60+Z60<0.000001,0,IF(D60<0.000001,F59,IF(OR(AE60=1,AND(K59>0,入力設定!$B$8="返済額軽減型",入力設定!$B$11="翌月")),IF(C60=0,D60/MAX(1,E60),D60*(C60/12)/(1-(1+C60/12)^(-MAX(1,E60)))),F59))) -> 100604.4 | G60: =IF(D60+Z60<0.000001,0,IF(E60<=1,D60+Y60+Z60,MIN(D60+Y60+Z60,F60))) -> 100604.4 | H60: =MIN(G60,Y60+Z60) -> 28882.046 | I60: =G60-H60 -> 71722.356 | J60: =SUMIFS(入力設定!$G$5:$G$24,入力設定!$F$5:$F$24,A60) -> 0 | K60: =MIN(MAX(0,D60-I60),J60) -> 0 | L60: =IF(K60>0,入力設定!$B$9,0) -> 0 | M60: =MAX(0,D60-I60-K60) -> 31152111 | N60: =IF(M60+AA60<0.000001,0,IF(AND(K60>0,入力設定!$B$8="期間短縮型",AA60<0.000001,F60>M60*C60/12),MAX(1,MIN(E60-1,IF(C60=0,ROUNDUP(M60/F60,0),ROUNDUP(-LN(1-M60*(C60/12)/F60)/LN(1+C60/12),0)))),MAX(1,E60-1))) -> 365 | O60: =SUM(G60,K60,L60) -> 100604.4 | P60: =U59 -> 31223833 | Q60: =IF(OR(A60>入力設定!$B$6*12,P60+AC60<0.000001),0,IF(P60<0.000001,Q59,IF(AE60=1,IF(C60=0,P60/MAX(1,入力設定!$B$6*12-A60+1),P60*(C60/12)/(1-(1+C60/12)^(-MAX(1,入力設定!$B$6*12-A60+1)))),Q59))) -> 100604.4 | R60: =IF(P60+AC60<0.000001,0,IF(A60=入力設定!$B$6*12,P60+AB60+AC60,MIN(Q60,P60+AB60+AC60))) -> 100604.4 | S60: =MIN(R60,AB60+AC60) -> 28882.046 | T60: =R60-S60 -> 71722.356 | U60: =MAX(0,P60-T60) -> 31152111 | V60: =D60-I60-K60-M60 -> 0 | W60: =P60-T60-U60 -> 0 | X60: =O60-G60-K60-L60 -> 0 | Y60: =D60*C60/12 -> 28882.046 | Z60: =AA59 -> 0 | AA60: =MAX(0,Z60+Y60-H60) -> 0 | AB60: =P60*C60/12 -> 28882.046 | AC60: =AD59 -> 0 | AD60: =MAX(0,AC60+AB60-S60) -> 0 | AE60: =IF(MOD(A60-1,60)=0,1,0) -> 0 | AF60: =IF(A60>入力設定!$B$6*12,0,IF(AND(ISNUMBER(C60),C60>=0,C60<=1),0,1)) -> 0
A61: =56 -> 56 | B61: =EDATE(入力設定!$B$7,A61-1) -> 48000 | C61: =INDEX(入力設定!$C$15:$C$24,INT((A61-1)/60)+1) -> 0.0111 | D61: =M60 -> 31152111 | E61: =N60 -> 365 | F61: =IF(D61+Z61<0.000001,0,IF(D61<0.000001,F60,IF(OR(AE61=1,AND(K60>0,入力設定!$B$8="返済額軽減型",入力設定!$B$11="翌月")),IF(C61=0,D61/MAX(1,E61),D61*(C61/12)/(1-(1+C61/12)^(-MAX(1,E61)))),F60))) -> 100604.4 | G61: =IF(D61+Z61<0.000001,0,IF(E61<=1,D61+Y61+Z61,MIN(D61+Y61+Z61,F61))) -> 100604.4 | H61: =MIN(G61,Y61+Z61) -> 28815.703 | I61: =G61-H61 -> 71788.699 | J61: =SUMIFS(入力設定!$G$5:$G$24,入力設定!$F$5:$F$24,A61) -> 0 | K61: =MIN(MAX(0,D61-I61),J61) -> 0 | L61: =IF(K61>0,入力設定!$B$9,0) -> 0 | M61: =MAX(0,D61-I61-K61) -> 31080322 | N61: =IF(M61+AA61<0.000001,0,IF(AND(K61>0,入力設定!$B$8="期間短縮型",AA61<0.000001,F61>M61*C61/12),MAX(1,MIN(E61-1,IF(C61=0,ROUNDUP(M61/F61,0),ROUNDUP(-LN(1-M61*(C61/12)/F61)/LN(1+C61/12),0)))),MAX(1,E61-1))) -> 364 | O61: =SUM(G61,K61,L61) -> 100604.4 | P61: =U60 -> 31152111 | Q61: =IF(OR(A61>入力設定!$B$6*12,P61+AC61<0.000001),0,IF(P61<0.000001,Q60,IF(AE61=1,IF(C61=0,P61/MAX(1,入力設定!$B$6*12-A61+1),P61*(C61/12)/(1-(1+C61/12)^(-MAX(1,入力設定!$B$6*12-A61+1)))),Q60))) -> 100604.4 | R61: =IF(P61+AC61<0.000001,0,IF(A61=入力設定!$B$6*12,P61+AB61+AC61,MIN(Q61,P61+AB61+AC61))) -> 100604.4 | S61: =MIN(R61,AB61+AC61) -> 28815.703 | T61: =R61-S61 -> 71788.699 | U61: =MAX(0,P61-T61) -> 31080322 | V61: =D61-I61-K61-M61 -> 0 | W61: =P61-T61-U61 -> 0 | X61: =O61-G61-K61-L61 -> 0 | Y61: =D61*C61/12 -> 28815.703 | Z61: =AA60 -> 0 | AA61: =MAX(0,Z61+Y61-H61) -> 0 | AB61: =P61*C61/12 -> 28815.703 | AC61: =AD60 -> 0 | AD61: =MAX(0,AC61+AB61-S61) -> 0 | AE61: =IF(MOD(A61-1,60)=0,1,0) -> 0 | AF61: =IF(A61>入力設定!$B$6*12,0,IF(AND(ISNUMBER(C61),C61>=0,C61<=1),0,1)) -> 0
A62: =57 -> 57 | B62: =EDATE(入力設定!$B$7,A62-1) -> 48030 | C62: =INDEX(入力設定!$C$15:$C$24,INT((A62-1)/60)+1) -> 0.0111 | D62: =M61 -> 31080322 | E62: =N61 -> 364 | F62: =IF(D62+Z62<0.000001,0,IF(D62<0.000001,F61,IF(OR(AE62=1,AND(K61>0,入力設定!$B$8="返済額軽減型",入力設定!$B$11="翌月")),IF(C62=0,D62/MAX(1,E62),D62*(C62/12)/(1-(1+C62/12)^(-MAX(1,E62)))),F61))) -> 100604.4 | G62: =IF(D62+Z62<0.000001,0,IF(E62<=1,D62+Y62+Z62,MIN(D62+Y62+Z62,F62))) -> 100604.4 | H62: =MIN(G62,Y62+Z62) -> 28749.298 | I62: =G62-H62 -> 71855.103 | J62: =SUMIFS(入力設定!$G$5:$G$24,入力設定!$F$5:$F$24,A62) -> 0 | K62: =MIN(MAX(0,D62-I62),J62) -> 0 | L62: =IF(K62>0,入力設定!$B$9,0) -> 0 | M62: =MAX(0,D62-I62-K62) -> 31008467 | N62: =IF(M62+AA62<0.000001,0,IF(AND(K62>0,入力設定!$B$8="期間短縮型",AA62<0.000001,F62>M62*C62/12),MAX(1,MIN(E62-1,IF(C62=0,ROUNDUP(M62/F62,0),ROUNDUP(-LN(1-M62*(C62/12)/F62)/LN(1+C62/12),0)))),MAX(1,E62-1))) -> 363 | O62: =SUM(G62,K62,L62) -> 100604.4 | P62: =U61 -> 31080322 | Q62: =IF(OR(A62>入力設定!$B$6*12,P62+AC62<0.000001),0,IF(P62<0.000001,Q61,IF(AE62=1,IF(C62=0,P62/MAX(1,入力設定!$B$6*12-A62+1),P62*(C62/12)/(1-(1+C62/12)^(-MAX(1,入力設定!$B$6*12-A62+1)))),Q61))) -> 100604.4 | R62: =IF(P62+AC62<0.000001,0,IF(A62=入力設定!$B$6*12,P62+AB62+AC62,MIN(Q62,P62+AB62+AC62))) -> 100604.4 | S62: =MIN(R62,AB62+AC62) -> 28749.298 | T62: =R62-S62 -> 71855.103 | U62: =MAX(0,P62-T62) -> 31008467 | V62: =D62-I62-K62-M62 -> 0 | W62: =P62-T62-U62 -> 0 | X62: =O62-G62-K62-L62 -> 0 | Y62: =D62*C62/12 -> 28749.298 | Z62: =AA61 -> 0 | AA62: =MAX(0,Z62+Y62-H62) -> 0 | AB62: =P62*C62/12 -> 28749.298 | AC62: =AD61 -> 0 | AD62: =MAX(0,AC62+AB62-S62) -> 0 | AE62: =IF(MOD(A62-1,60)=0,1,0) -> 0 | AF62: =IF(A62>入力設定!$B$6*12,0,IF(AND(ISNUMBER(C62),C62>=0,C62<=1),0,1)) -> 0
A63: =58 -> 58 | B63: =EDATE(入力設定!$B$7,A63-1) -> 48061 | C63: =INDEX(入力設定!$C$15:$C$24,INT((A63-1)/60)+1) -> 0.0111 | D63: =M62 -> 31008467 | E63: =N62 -> 363 | F63: =IF(D63+Z63<0.000001,0,IF(D63<0.000001,F62,IF(OR(AE63=1,AND(K62>0,入力設定!$B$8="返済額軽減型",入力設定!$B$11="翌月")),IF(C63=0,D63/MAX(1,E63),D63*(C63/12)/(1-(1+C63/12)^(-MAX(1,E63)))),F62))) -> 100604.4 | G63: =IF(D63+Z63<0.000001,0,IF(E63<=1,D63+Y63+Z63,MIN(D63+Y63+Z63,F63))) -> 100604.4 | H63: =MIN(G63,Y63+Z63) -> 28682.832 | I63: =G63-H63 -> 71921.569 | J63: =SUMIFS(入力設定!$G$5:$G$24,入力設定!$F$5:$F$24,A63) -> 0 | K63: =MIN(MAX(0,D63-I63),J63) -> 0 | L63: =IF(K63>0,入力設定!$B$9,0) -> 0 | M63: =MAX(0,D63-I63-K63) -> 30936546 | N63: =IF(M63+AA63<0.000001,0,IF(AND(K63>0,入力設定!$B$8="期間短縮型",AA63<0.000001,F63>M63*C63/12),MAX(1,MIN(E63-1,IF(C63=0,ROUNDUP(M63/F63,0),ROUNDUP(-LN(1-M63*(C63/12)/F63)/LN(1+C63/12),0)))),MAX(1,E63-1))) -> 362 | O63: =SUM(G63,K63,L63) -> 100604.4 | P63: =U62 -> 31008467 | Q63: =IF(OR(A63>入力設定!$B$6*12,P63+AC63<0.000001),0,IF(P63<0.000001,Q62,IF(AE63=1,IF(C63=0,P63/MAX(1,入力設定!$B$6*12-A63+1),P63*(C63/12)/(1-(1+C63/12)^(-MAX(1,入力設定!$B$6*12-A63+1)))),Q62))) -> 100604.4 | R63: =IF(P63+AC63<0.000001,0,IF(A63=入力設定!$B$6*12,P63+AB63+AC63,MIN(Q63,P63+AB63+AC63))) -> 100604.4 | S63: =MIN(R63,AB63+AC63) -> 28682.832 | T63: =R63-S63 -> 71921.569 | U63: =MAX(0,P63-T63) -> 30936546 | V63: =D63-I63-K63-M63 -> 0 | W63: =P63-T63-U63 -> 0 | X63: =O63-G63-K63-L63 -> 0 | Y63: =D63*C63/12 -> 28682.832 | Z63: =AA62 -> 0 | AA63: =MAX(0,Z63+Y63-H63) -> 0 | AB63: =P63*C63/12 -> 28682.832 | AC63: =AD62 -> 0 | AD63: =MAX(0,AC63+AB63-S63) -> 0 | AE63: =IF(MOD(A63-1,60)=0,1,0) -> 0 | AF63: =IF(A63>入力設定!$B$6*12,0,IF(AND(ISNUMBER(C63),C63>=0,C63<=1),0,1)) -> 0
A64: =59 -> 59 | B64: =EDATE(入力設定!$B$7,A64-1) -> 48092 | C64: =INDEX(入力設定!$C$15:$C$24,INT((A64-1)/60)+1) -> 0.0111 | D64: =M63 -> 30936546 | E64: =N63 -> 362 | F64: =IF(D64+Z64<0.000001,0,IF(D64<0.000001,F63,IF(OR(AE64=1,AND(K63>0,入力設定!$B$8="返済額軽減型",入力設定!$B$11="翌月")),IF(C64=0,D64/MAX(1,E64),D64*(C64/12)/(1-(1+C64/12)^(-MAX(1,E64)))),F63))) -> 100604.4 | G64: =IF(D64+Z64<0.000001,0,IF(E64<=1,D64+Y64+Z64,MIN(D64+Y64+Z64,F64))) -> 100604.4 | H64: =MIN(G64,Y64+Z64) -> 28616.305 | I64: =G64-H64 -> 71988.097 | J64: =SUMIFS(入力設定!$G$5:$G$24,入力設定!$F$5:$F$24,A64) -> 0 | K64: =MIN(MAX(0,D64-I64),J64) -> 0 | L64: =IF(K64>0,入力設定!$B$9,0) -> 0 | M64: =MAX(0,D64-I64-K64) -> 30864558 | N64: =IF(M64+AA64<0.000001,0,IF(AND(K64>0,入力設定!$B$8="期間短縮型",AA64<0.000001,F64>M64*C64/12),MAX(1,MIN(E64-1,IF(C64=0,ROUNDUP(M64/F64,0),ROUNDUP(-LN(1-M64*(C64/12)/F64)/LN(1+C64/12),0)))),MAX(1,E64-1))) -> 361 | O64: =SUM(G64,K64,L64) -> 100604.4 | P64: =U63 -> 30936546 | Q64: =IF(OR(A64>入力設定!$B$6*12,P64+AC64<0.000001),0,IF(P64<0.000001,Q63,IF(AE64=1,IF(C64=0,P64/MAX(1,入力設定!$B$6*12-A64+1),P64*(C64/12)/(1-(1+C64/12)^(-MAX(1,入力設定!$B$6*12-A64+1)))),Q63))) -> 100604.4 | R64: =IF(P64+AC64<0.000001,0,IF(A64=入力設定!$B$6*12,P64+AB64+AC64,MIN(Q64,P64+AB64+AC64))) -> 100604.4 | S64: =MIN(R64,AB64+AC64) -> 28616.305 | T64: =R64-S64 -> 71988.097 | U64: =MAX(0,P64-T64) -> 30864558 | V64: =D64-I64-K64-M64 -> 0 | W64: =P64-T64-U64 -> 0 | X64: =O64-G64-K64-L64 -> 0 | Y64: =D64*C64/12 -> 28616.305 | Z64: =AA63 -> 0 | AA64: =MAX(0,Z64+Y64-H64) -> 0 | AB64: =P64*C64/12 -> 28616.305 | AC64: =AD63 -> 0 | AD64: =MAX(0,AC64+AB64-S64) -> 0 | AE64: =IF(MOD(A64-1,60)=0,1,0) -> 0 | AF64: =IF(A64>入力設定!$B$6*12,0,IF(AND(ISNUMBER(C64),C64>=0,C64<=1),0,1)) -> 0
A65: =60 -> 60 | B65: =EDATE(入力設定!$B$7,A65-1) -> 48122 | C65: =INDEX(入力設定!$C$15:$C$24,INT((A65-1)/60)+1) -> 0.0111 | D65: =M64 -> 30864558 | E65: =N64 -> 361 | F65: =IF(D65+Z65<0.000001,0,IF(D65<0.000001,F64,IF(OR(AE65=1,AND(K64>0,入力設定!$B$8="返済額軽減型",入力設定!$B$11="翌月")),IF(C65=0,D65/MAX(1,E65),D65*(C65/12)/(1-(1+C65/12)^(-MAX(1,E65)))),F64))) -> 100604.4 | G65: =IF(D65+Z65<0.000001,0,IF(E65<=1,D65+Y65+Z65,MIN(D65+Y65+Z65,F65))) -> 100604.4 | H65: =MIN(G65,Y65+Z65) -> 28549.716 | I65: =G65-H65 -> 72054.686 | J65: =SUMIFS(入力設定!$G$5:$G$24,入力設定!$F$5:$F$24,A65) -> 3000000 | K65: =MIN(MAX(0,D65-I65),J65) -> 3000000 | L65: =IF(K65>0,入力設定!$B$9,0) -> 0 | M65: =MAX(0,D65-I65-K65) -> 27792503 | N65: =IF(M65+AA65<0.000001,0,IF(AND(K65>0,入力設定!$B$8="期間短縮型",AA65<0.000001,F65>M65*C65/12),MAX(1,MIN(E65-1,IF(C65=0,ROUNDUP(M65/F65,0),ROUNDUP(-LN(1-M65*(C65/12)/F65)/LN(1+C65/12),0)))),MAX(1,E65-1))) -> 320 | O65: =SUM(G65,K65,L65) -> 3100604.4 | P65: =U64 -> 30864558 | Q65: =IF(OR(A65>入力設定!$B$6*12,P65+AC65<0.000001),0,IF(P65<0.000001,Q64,IF(AE65=1,IF(C65=0,P65/MAX(1,入力設定!$B$6*12-A65+1),P65*(C65/12)/(1-(1+C65/12)^(-MAX(1,入力設定!$B$6*12-A65+1)))),Q64))) -> 100604.4 | R65: =IF(P65+AC65<0.000001,0,IF(A65=入力設定!$B$6*12,P65+AB65+AC65,MIN(Q65,P65+AB65+AC65))) -> 100604.4 | S65: =MIN(R65,AB65+AC65) -> 28549.716 | T65: =R65-S65 -> 72054.686 | U65: =MAX(0,P65-T65) -> 30792503 | V65: =D65-I65-K65-M65 -> 0 | W65: =P65-T65-U65 -> 0 | X65: =O65-G65-K65-L65 -> 0 | Y65: =D65*C65/12 -> 28549.716 | Z65: =AA64 -> 0 | AA65: =MAX(0,Z65+Y65-H65) -> 0 | AB65: =P65*C65/12 -> 28549.716 | AC65: =AD64 -> 0 | AD65: =MAX(0,AC65+AB65-S65) -> 0 | AE65: =IF(MOD(A65-1,60)=0,1,0) -> 0 | AF65: =IF(A65>入力設定!$B$6*12,0,IF(AND(ISNUMBER(C65),C65>=0,C65<=1),0,1)) -> 0
A66: =61 -> 61 | B66: =EDATE(入力設定!$B$7,A66-1) -> 48153 | C66: =INDEX(入力設定!$C$15:$C$24,INT((A66-1)/60)+1) -> 0.025 | D66: =M65 -> 27792503 | E66: =N65 -> 320 | F66: =IF(D66+Z66<0.000001,0,IF(D66<0.000001,F65,IF(OR(AE66=1,AND(K65>0,入力設定!$B$8="返済額軽減型",入力設定!$B$11="翌月")),IF(C66=0,D66/MAX(1,E66),D66*(C66/12)/(1-(1+C66/12)^(-MAX(1,E66)))),F65))) -> 119082.41 | G66: =IF(D66+Z66<0.000001,0,IF(E66<=1,D66+Y66+Z66,MIN(D66+Y66+Z66,F66))) -> 119082.41 | H66: =MIN(G66,Y66+Z66) -> 57901.048 | I66: =G66-H66 -> 61181.36 | J66: =SUMIFS(入力設定!$G$5:$G$24,入力設定!$F$5:$F$24,A66) -> 0 | K66: =MIN(MAX(0,D66-I66),J66) -> 0 | L66: =IF(K66>0,入力設定!$B$9,0) -> 0 | M66: =MAX(0,D66-I66-K66) -> 27731322 | N66: =IF(M66+AA66<0.000001,0,IF(AND(K66>0,入力設定!$B$8="期間短縮型",AA66<0.000001,F66>M66*C66/12),MAX(1,MIN(E66-1,IF(C66=0,ROUNDUP(M66/F66,0),ROUNDUP(-LN(1-M66*(C66/12)/F66)/LN(1+C66/12),0)))),MAX(1,E66-1))) -> 319 | O66: =SUM(G66,K66,L66) -> 119082.41 | P66: =U65 -> 30792503 | Q66: =IF(OR(A66>入力設定!$B$6*12,P66+AC66<0.000001),0,IF(P66<0.000001,Q65,IF(AE66=1,IF(C66=0,P66/MAX(1,入力設定!$B$6*12-A66+1),P66*(C66/12)/(1-(1+C66/12)^(-MAX(1,入力設定!$B$6*12-A66+1)))),Q65))) -> 121667.61 | R66: =IF(P66+AC66<0.000001,0,IF(A66=入力設定!$B$6*12,P66+AB66+AC66,MIN(Q66,P66+AB66+AC66))) -> 121667.61 | S66: =MIN(R66,AB66+AC66) -> 64151.048 | T66: =R66-S66 -> 57516.567 | U66: =MAX(0,P66-T66) -> 30734986 | V66: =D66-I66-K66-M66 -> 0 | W66: =P66-T66-U66 -> 0 | X66: =O66-G66-K66-L66 -> 0 | Y66: =D66*C66/12 -> 57901.048 | Z66: =AA65 -> 0 | AA66: =MAX(0,Z66+Y66-H66) -> 0 | AB66: =P66*C66/12 -> 64151.048 | AC66: =AD65 -> 0 | AD66: =MAX(0,AC66+AB66-S66) -> 0 | AE66: =IF(MOD(A66-1,60)=0,1,0) -> 1 | AF66: =IF(A66>入力設定!$B$6*12,0,IF(AND(ISNUMBER(C66),C66>=0,C66<=1),0,1)) -> 0
A67: =62 -> 62 | B67: =EDATE(入力設定!$B$7,A67-1) -> 48183 | C67: =INDEX(入力設定!$C$15:$C$24,INT((A67-1)/60)+1) -> 0.025 | D67: =M66 -> 27731322 | E67: =N66 -> 319 | F67: =IF(D67+Z67<0.000001,0,IF(D67<0.000001,F66,IF(OR(AE67=1,AND(K66>0,入力設定!$B$8="返済額軽減型",入力設定!$B$11="翌月")),IF(C67=0,D67/MAX(1,E67),D67*(C67/12)/(1-(1+C67/12)^(-MAX(1,E67)))),F66))) -> 119082.41 | G67: =IF(D67+Z67<0.000001,0,IF(E67<=1,D67+Y67+Z67,MIN(D67+Y67+Z67,F67))) -> 119082.41 | H67: =MIN(G67,Y67+Z67) -> 57773.587 | I67: =G67-H67 -> 61308.822 | J67: =SUMIFS(入力設定!$G$5:$G$24,入力設定!$F$5:$F$24,A67) -> 0 | K67: =MIN(MAX(0,D67-I67),J67) -> 0 | L67: =IF(K67>0,入力設定!$B$9,0) -> 0 | M67: =MAX(0,D67-I67-K67) -> 27670013 | N67: =IF(M67+AA67<0.000001,0,IF(AND(K67>0,入力設定!$B$8="期間短縮型",AA67<0.000001,F67>M67*C67/12),MAX(1,MIN(E67-1,IF(C67=0,ROUNDUP(M67/F67,0),ROUNDUP(-LN(1-M67*(C67/12)/F67)/LN(1+C67/12),0)))),MAX(1,E67-1))) -> 318 | O67: =SUM(G67,K67,L67) -> 119082.41 | P67: =U66 -> 30734986 | Q67: =IF(OR(A67>入力設定!$B$6*12,P67+AC67<0.000001),0,IF(P67<0.000001,Q66,IF(AE67=1,IF(C67=0,P67/MAX(1,入力設定!$B$6*12-A67+1),P67*(C67/12)/(1-(1+C67/12)^(-MAX(1,入力設定!$B$6*12-A67+1)))),Q66))) -> 121667.61 | R67: =IF(P67+AC67<0.000001,0,IF(A67=入力設定!$B$6*12,P67+AB67+AC67,MIN(Q67,P67+AB67+AC67))) -> 121667.61 | S67: =MIN(R67,AB67+AC67) -> 64031.222 | T67: =R67-S67 -> 57636.393 | U67: =MAX(0,P67-T67) -> 30677350 | V67: =D67-I67-K67-M67 -> 0 | W67: =P67-T67-U67 -> 0 | X67: =O67-G67-K67-L67 -> 0 | Y67: =D67*C67/12 -> 57773.587 | Z67: =AA66 -> 0 | AA67: =MAX(0,Z67+Y67-H67) -> 0 | AB67: =P67*C67/12 -> 64031.222 | AC67: =AD66 -> 0 | AD67: =MAX(0,AC67+AB67-S67) -> 0 | AE67: =IF(MOD(A67-1,60)=0,1,0) -> 0 | AF67: =IF(A67>入力設定!$B$6*12,0,IF(AND(ISNUMBER(C67),C67>=0,C67<=1),0,1)) -> 0
A68: =63 -> 63 | B68: =EDATE(入力設定!$B$7,A68-1) -> 48214 | C68: =INDEX(入力設定!$C$15:$C$24,INT((A68-1)/60)+1) -> 0.025 | D68: =M67 -> 27670013 | E68: =N67 -> 318 | F68: =IF(D68+Z68<0.000001,0,IF(D68<0.000001,F67,IF(OR(AE68=1,AND(K67>0,入力設定!$B$8="返済額軽減型",入力設定!$B$11="翌月")),IF(C68=0,D68/MAX(1,E68),D68*(C68/12)/(1-(1+C68/12)^(-MAX(1,E68)))),F67))) -> 119082.41 | G68: =IF(D68+Z68<0.000001,0,IF(E68<=1,D68+Y68+Z68,MIN(D68+Y68+Z68,F68))) -> 119082.41 | H68: =MIN(G68,Y68+Z68) -> 57645.86 | I68: =G68-H68 -> 61436.548 | J68: =SUMIFS(入力設定!$G$5:$G$24,入力設定!$F$5:$F$24,A68) -> 0 | K68: =MIN(MAX(0,D68-I68),J68) -> 0 | L68: =IF(K68>0,入力設定!$B$9,0) -> 0 | M68: =MAX(0,D68-I68-K68) -> 27608576 | N68: =IF(M68+AA68<0.000001,0,IF(AND(K68>0,入力設定!$B$8="期間短縮型",AA68<0.000001,F68>M68*C68/12),MAX(1,MIN(E68-1,IF(C68=0,ROUNDUP(M68/F68,0),ROUNDUP(-LN(1-M68*(C68/12)/F68)/LN(1+C68/12),0)))),MAX(1,E68-1))) -> 317 | O68: =SUM(G68,K68,L68) -> 119082.41 | P68: =U67 -> 30677350 | Q68: =IF(OR(A68>入力設定!$B$6*12,P68+AC68<0.000001),0,IF(P68<0.000001,Q67,IF(AE68=1,IF(C68=0,P68/MAX(1,入力設定!$B$6*12-A68+1),P68*(C68/12)/(1-(1+C68/12)^(-MAX(1,入力設定!$B$6*12-A68+1)))),Q67))) -> 121667.61 | R68: =IF(P68+AC68<0.000001,0,IF(A68=入力設定!$B$6*12,P68+AB68+AC68,MIN(Q68,P68+AB68+AC68))) -> 121667.61 | S68: =MIN(R68,AB68+AC68) -> 63911.146 | T68: =R68-S68 -> 57756.469 | U68: =MAX(0,P68-T68) -> 30619594 | V68: =D68-I68-K68-M68 -> 0 | W68: =P68-T68-U68 -> 0 | X68: =O68-G68-K68-L68 -> 0 | Y68: =D68*C68/12 -> 57645.86 | Z68: =AA67 -> 0 | AA68: =MAX(0,Z68+Y68-H68) -> 0 | AB68: =P68*C68/12 -> 63911.146 | AC68: =AD67 -> 0 | AD68: =MAX(0,AC68+AB68-S68) -> 0 | AE68: =IF(MOD(A68-1,60)=0,1,0) -> 0 | AF68: =IF(A68>入力設定!$B$6*12,0,IF(AND(ISNUMBER(C68),C68>=0,C68<=1),0,1)) -> 0
A69: =64 -> 64 | B69: =EDATE(入力設定!$B$7,A69-1) -> 48245 | C69: =INDEX(入力設定!$C$15:$C$24,INT((A69-1)/60)+1) -> 0.025 | D69: =M68 -> 27608576 | E69: =N68 -> 317 | F69: =IF(D69+Z69<0.000001,0,IF(D69<0.000001,F68,IF(OR(AE69=1,AND(K68>0,入力設定!$B$8="返済額軽減型",入力設定!$B$11="翌月")),IF(C69=0,D69/MAX(1,E69),D69*(C69/12)/(1-(1+C69/12)^(-MAX(1,E69)))),F68))) -> 119082.41 | G69: =IF(D69+Z69<0.000001,0,IF(E69<=1,D69+Y69+Z69,MIN(D69+Y69+Z69,F69))) -> 119082.41 | H69: =MIN(G69,Y69+Z69) -> 57517.867 | I69: =G69-H69 -> 61564.541 | J69: =SUMIFS(入力設定!$G$5:$G$24,入力設定!$F$5:$F$24,A69) -> 0 | K69: =MIN(MAX(0,D69-I69),J69) -> 0 | L69: =IF(K69>0,入力設定!$B$9,0) -> 0 | M69: =MAX(0,D69-I69-K69) -> 27547012 | N69: =IF(M69+AA69<0.000001,0,IF(AND(K69>0,入力設定!$B$8="期間短縮型",AA69<0.000001,F69>M69*C69/12),MAX(1,MIN(E69-1,IF(C69=0,ROUNDUP(M69/F69,0),ROUNDUP(-LN(1-M69*(C69/12)/F69)/LN(1+C69/12),0)))),MAX(1,E69-1))) -> 316 | O69: =SUM(G69,K69,L69) -> 119082.41 | P69: =U68 -> 30619594 | Q69: =IF(OR(A69>入力設定!$B$6*12,P69+AC69<0.000001),0,IF(P69<0.000001,Q68,IF(AE69=1,IF(C69=0,P69/MAX(1,入力設定!$B$6*12-A69+1),P69*(C69/12)/(1-(1+C69/12)^(-MAX(1,入力設定!$B$6*12-A69+1)))),Q68))) -> 121667.61 | R69: =IF(P69+AC69<0.000001,0,IF(A69=入力設定!$B$6*12,P69+AB69+AC69,MIN(Q69,P69+AB69+AC69))) -> 121667.61 | S69: =MIN(R69,AB69+AC69) -> 63790.82 | T69: =R69-S69 -> 57876.795 | U69: =MAX(0,P69-T69) -> 30561717 | V69: =D69-I69-K69-M69 -> 0 | W69: =P69-T69-U69 -> 0 | X69: =O69-G69-K69-L69 -> 0 | Y69: =D69*C69/12 -> 57517.867 | Z69: =AA68 -> 0 | AA69: =MAX(0,Z69+Y69-H69) -> 0 | AB69: =P69*C69/12 -> 63790.82 | AC69: =AD68 -> 0 | AD69: =MAX(0,AC69+AB69-S69) -> 0 | AE69: =IF(MOD(A69-1,60)=0,1,0) -> 0 | AF69: =IF(A69>入力設定!$B$6*12,0,IF(AND(ISNUMBER(C69),C69>=0,C69<=1),0,1)) -> 0
A70: =65 -> 65 | B70: =EDATE(入力設定!$B$7,A70-1) -> 48274 | C70: =INDEX(入力設定!$C$15:$C$24,INT((A70-1)/60)+1) -> 0.025 | D70: =M69 -> 27547012 | E70: =N69 -> 316 | F70: =IF(D70+Z70<0.000001,0,IF(D70<0.000001,F69,IF(OR(AE70=1,AND(K69>0,入力設定!$B$8="返済額軽減型",入力設定!$B$11="翌月")),IF(C70=0,D70/MAX(1,E70),D70*(C70/12)/(1-(1+C70/12)^(-MAX(1,E70)))),F69))) -> 119082.41 | G70: =IF(D70+Z70<0.000001,0,IF(E70<=1,D70+Y70+Z70,MIN(D70+Y70+Z70,F70))) -> 119082.41 | H70: =MIN(G70,Y70+Z70) -> 57389.608 | I70: =G70-H70 -> 61692.801 | J70: =SUMIFS(入力設定!$G$5:$G$24,入力設定!$F$5:$F$24,A70) -> 0 | K70: =MIN(MAX(0,D70-I70),J70) -> 0 | L70: =IF(K70>0,入力設定!$B$9,0) -> 0 | M70: =MAX(0,D70-I70-K70) -> 27485319 | N70: =IF(M70+AA70<0.000001,0,IF(AND(K70>0,入力設定!$B$8="期間短縮型",AA70<0.000001,F70>M70*C70/12),MAX(1,MIN(E70-1,IF(C70=0,ROUNDUP(M70/F70,0),ROUNDUP(-LN(1-M70*(C70/12)/F70)/LN(1+C70/12),0)))),MAX(1,E70-1))) -> 315 | O70: =SUM(G70,K70,L70) -> 119082.41 | P70: =U69 -> 30561717 | Q70: =IF(OR(A70>入力設定!$B$6*12,P70+AC70<0.000001),0,IF(P70<0.000001,Q69,IF(AE70=1,IF(C70=0,P70/MAX(1,入力設定!$B$6*12-A70+1),P70*(C70/12)/(1-(1+C70/12)^(-MAX(1,入力設定!$B$6*12-A70+1)))),Q69))) -> 121667.61 | R70: =IF(P70+AC70<0.000001,0,IF(A70=入力設定!$B$6*12,P70+AB70+AC70,MIN(Q70,P70+AB70+AC70))) -> 121667.61 | S70: =MIN(R70,AB70+AC70) -> 63670.243 | T70: =R70-S70 -> 57997.371 | U70: =MAX(0,P70-T70) -> 30503719 | V70: =D70-I70-K70-M70 -> 0 | W70: =P70-T70-U70 -> 0 | X70: =O70-G70-K70-L70 -> 0 | Y70: =D70*C70/12 -> 57389.608 | Z70: =AA69 -> 0 | AA70: =MAX(0,Z70+Y70-H70) -> 0 | AB70: =P70*C70/12 -> 63670.243 | AC70: =AD69 -> 0 | AD70: =MAX(0,AC70+AB70-S70) -> 0 | AE70: =IF(MOD(A70-1,60)=0,1,0) -> 0 | AF70: =IF(A70>入力設定!$B$6*12,0,IF(AND(ISNUMBER(C70),C70>=0,C70<=1),0,1)) -> 0
A71: =66 -> 66 | B71: =EDATE(入力設定!$B$7,A71-1) -> 48305 | C71: =INDEX(入力設定!$C$15:$C$24,INT((A71-1)/60)+1) -> 0.025 | D71: =M70 -> 27485319 | E71: =N70 -> 315 | F71: =IF(D71+Z71<0.000001,0,IF(D71<0.000001,F70,IF(OR(AE71=1,AND(K70>0,入力設定!$B$8="返済額軽減型",入力設定!$B$11="翌月")),IF(C71=0,D71/MAX(1,E71),D71*(C71/12)/(1-(1+C71/12)^(-MAX(1,E71)))),F70))) -> 119082.41 | G71: =IF(D71+Z71<0.000001,0,IF(E71<=1,D71+Y71+Z71,MIN(D71+Y71+Z71,F71))) -> 119082.41 | H71: =MIN(G71,Y71+Z71) -> 57261.081 | I71: =G71-H71 -> 61821.327 | J71: =SUMIFS(入力設定!$G$5:$G$24,入力設定!$F$5:$F$24,A71) -> 0 | K71: =MIN(MAX(0,D71-I71),J71) -> 0 | L71: =IF(K71>0,入力設定!$B$9,0) -> 0 | M71: =MAX(0,D71-I71-K71) -> 27423498 | N71: =IF(M71+AA71<0.000001,0,IF(AND(K71>0,入力設定!$B$8="期間短縮型",AA71<0.000001,F71>M71*C71/12),MAX(1,MIN(E71-1,IF(C71=0,ROUNDUP(M71/F71,0),ROUNDUP(-LN(1-M71*(C71/12)/F71)/LN(1+C71/12),0)))),MAX(1,E71-1))) -> 314 | O71: =SUM(G71,K71,L71) -> 119082.41 | P71: =U70 -> 30503719 | Q71: =IF(OR(A71>入力設定!$B$6*12,P71+AC71<0.000001),0,IF(P71<0.000001,Q70,IF(AE71=1,IF(C71=0,P71/MAX(1,入力設定!$B$6*12-A71+1),P71*(C71/12)/(1-(1+C71/12)^(-MAX(1,入力設定!$B$6*12-A71+1)))),Q70))) -> 121667.61 | R71: =IF(P71+AC71<0.000001,0,IF(A71=入力設定!$B$6*12,P71+AB71+AC71,MIN(Q71,P71+AB71+AC71))) -> 121667.61 | S71: =MIN(R71,AB71+AC71) -> 63549.415 | T71: =R71-S71 -> 58118.199 | U71: =MAX(0,P71-T71) -> 30445601 | V71: =D71-I71-K71-M71 -> 0 | W71: =P71-T71-U71 -> 0 | X71: =O71-G71-K71-L71 -> 0 | Y71: =D71*C71/12 -> 57261.081 | Z71: =AA70 -> 0 | AA71: =MAX(0,Z71+Y71-H71) -> 0 | AB71: =P71*C71/12 -> 63549.415 | AC71: =AD70 -> 0 | AD71: =MAX(0,AC71+AB71-S71) -> 0 | AE71: =IF(MOD(A71-1,60)=0,1,0) -> 0 | AF71: =IF(A71>入力設定!$B$6*12,0,IF(AND(ISNUMBER(C71),C71>=0,C71<=1),0,1)) -> 0
A72: =67 -> 67 | B72: =EDATE(入力設定!$B$7,A72-1) -> 48335 | C72: =INDEX(入力設定!$C$15:$C$24,INT((A72-1)/60)+1) -> 0.025 | D72: =M71 -> 27423498 | E72: =N71 -> 314 | F72: =IF(D72+Z72<0.000001,0,IF(D72<0.000001,F71,IF(OR(AE72=1,AND(K71>0,入力設定!$B$8="返済額軽減型",入力設定!$B$11="翌月")),IF(C72=0,D72/MAX(1,E72),D72*(C72/12)/(1-(1+C72/12)^(-MAX(1,E72)))),F71))) -> 119082.41 | G72: =IF(D72+Z72<0.000001,0,IF(E72<=1,D72+Y72+Z72,MIN(D72+Y72+Z72,F72))) -> 119082.41 | H72: =MIN(G72,Y72+Z72) -> 57132.287 | I72: =G72-H72 -> 61950.122 | J72: =SUMIFS(入力設定!$G$5:$G$24,入力設定!$F$5:$F$24,A72) -> 0 | K72: =MIN(MAX(0,D72-I72),J72) -> 0 | L72: =IF(K72>0,入力設定!$B$9,0) -> 0 | M72: =MAX(0,D72-I72-K72) -> 27361547 | N72: =IF(M72+AA72<0.000001,0,IF(AND(K72>0,入力設定!$B$8="期間短縮型",AA72<0.000001,F72>M72*C72/12),MAX(1,MIN(E72-1,IF(C72=0,ROUNDUP(M72/F72,0),ROUNDUP(-LN(1-M72*(C72/12)/F72)/LN(1+C72/12),0)))),MAX(1,E72-1))) -> 313 | O72: =SUM(G72,K72,L72) -> 119082.41 | P72: =U71 -> 30445601 | Q72: =IF(OR(A72>入力設定!$B$6*12,P72+AC72<0.000001),0,IF(P72<0.000001,Q71,IF(AE72=1,IF(C72=0,P72/MAX(1,入力設定!$B$6*12-A72+1),P72*(C72/12)/(1-(1+C72/12)^(-MAX(1,入力設定!$B$6*12-A72+1)))),Q71))) -> 121667.61 | R72: =IF(P72+AC72<0.000001,0,IF(A72=入力設定!$B$6*12,P72+AB72+AC72,MIN(Q72,P72+AB72+AC72))) -> 121667.61 | S72: =MIN(R72,AB72+AC72) -> 63428.336 | T72: =R72-S72 -> 58239.279 | U72: =MAX(0,P72-T72) -> 30387362 | V72: =D72-I72-K72-M72 -> 0 | W72: =P72-T72-U72 -> 0 | X72: =O72-G72-K72-L72 -> 0 | Y72: =D72*C72/12 -> 57132.287 | Z72: =AA71 -> 0 | AA72: =MAX(0,Z72+Y72-H72) -> 0 | AB72: =P72*C72/12 -> 63428.336 | AC72: =AD71 -> 0 | AD72: =MAX(0,AC72+AB72-S72) -> 0 | AE72: =IF(MOD(A72-1,60)=0,1,0) -> 0 | AF72: =IF(A72>入力設定!$B$6*12,0,IF(AND(ISNUMBER(C72),C72>=0,C72<=1),0,1)) -> 0
A73: =68 -> 68 | B73: =EDATE(入力設定!$B$7,A73-1) -> 48366 | C73: =INDEX(入力設定!$C$15:$C$24,INT((A73-1)/60)+1) -> 0.025 | D73: =M72 -> 27361547 | E73: =N72 -> 313 | F73: =IF(D73+Z73<0.000001,0,IF(D73<0.000001,F72,IF(OR(AE73=1,AND(K72>0,入力設定!$B$8="返済額軽減型",入力設定!$B$11="翌月")),IF(C73=0,D73/MAX(1,E73),D73*(C73/12)/(1-(1+C73/12)^(-MAX(1,E73)))),F72))) -> 119082.41 | G73: =IF(D73+Z73<0.000001,0,IF(E73<=1,D73+Y73+Z73,MIN(D73+Y73+Z73,F73))) -> 119082.41 | H73: =MIN(G73,Y73+Z73) -> 57003.224 | I73: =G73-H73 -> 62079.184 | J73: =SUMIFS(入力設定!$G$5:$G$24,入力設定!$F$5:$F$24,A73) -> 0 | K73: =MIN(MAX(0,D73-I73),J73) -> 0 | L73: =IF(K73>0,入力設定!$B$9,0) -> 0 | M73: =MAX(0,D73-I73-K73) -> 27299468 | N73: =IF(M73+AA73<0.000001,0,IF(AND(K73>0,入力設定!$B$8="期間短縮型",AA73<0.000001,F73>M73*C73/12),MAX(1,MIN(E73-1,IF(C73=0,ROUNDUP(M73/F73,0),ROUNDUP(-LN(1-M73*(C73/12)/F73)/LN(1+C73/12),0)))),MAX(1,E73-1))) -> 312 | O73: =SUM(G73,K73,L73) -> 119082.41 | P73: =U72 -> 30387362 | Q73: =IF(OR(A73>入力設定!$B$6*12,P73+AC73<0.000001),0,IF(P73<0.000001,Q72,IF(AE73=1,IF(C73=0,P73/MAX(1,入力設定!$B$6*12-A73+1),P73*(C73/12)/(1-(1+C73/12)^(-MAX(1,入力設定!$B$6*12-A73+1)))),Q72))) -> 121667.61 | R73: =IF(P73+AC73<0.000001,0,IF(A73=入力設定!$B$6*12,P73+AB73+AC73,MIN(Q73,P73+AB73+AC73))) -> 121667.61 | S73: =MIN(R73,AB73+AC73) -> 63307.004 | T73: =R73-S73 -> 58360.611 | U73: =MAX(0,P73-T73) -> 30329001 | V73: =D73-I73-K73-M73 -> 0 | W73: =P73-T73-U73 -> 0 | X73: =O73-G73-K73-L73 -> 0 | Y73: =D73*C73/12 -> 57003.224 | Z73: =AA72 -> 0 | AA73: =MAX(0,Z73+Y73-H73) -> 0 | AB73: =P73*C73/12 -> 63307.004 | AC73: =AD72 -> 0 | AD73: =MAX(0,AC73+AB73-S73) -> 0 | AE73: =IF(MOD(A73-1,60)=0,1,0) -> 0 | AF73: =IF(A73>入力設定!$B$6*12,0,IF(AND(ISNUMBER(C73),C73>=0,C73<=1),0,1)) -> 0
A74: =69 -> 69 | B74: =EDATE(入力設定!$B$7,A74-1) -> 48396 | C74: =INDEX(入力設定!$C$15:$C$24,INT((A74-1)/60)+1) -> 0.025 | D74: =M73 -> 27299468 | E74: =N73 -> 312 | F74: =IF(D74+Z74<0.000001,0,IF(D74<0.000001,F73,IF(OR(AE74=1,AND(K73>0,入力設定!$B$8="返済額軽減型",入力設定!$B$11="翌月")),IF(C74=0,D74/MAX(1,E74),D74*(C74/12)/(1-(1+C74/12)^(-MAX(1,E74)))),F73))) -> 119082.41 | G74: =IF(D74+Z74<0.000001,0,IF(E74<=1,D74+Y74+Z74,MIN(D74+Y74+Z74,F74))) -> 119082.41 | H74: =MIN(G74,Y74+Z74) -> 56873.892 | I74: =G74-H74 -> 62208.516 | J74: =SUMIFS(入力設定!$G$5:$G$24,入力設定!$F$5:$F$24,A74) -> 0 | K74: =MIN(MAX(0,D74-I74),J74) -> 0 | L74: =IF(K74>0,入力設定!$B$9,0) -> 0 | M74: =MAX(0,D74-I74-K74) -> 27237260 | N74: =IF(M74+AA74<0.000001,0,IF(AND(K74>0,入力設定!$B$8="期間短縮型",AA74<0.000001,F74>M74*C74/12),MAX(1,MIN(E74-1,IF(C74=0,ROUNDUP(M74/F74,0),ROUNDUP(-LN(1-M74*(C74/12)/F74)/LN(1+C74/12),0)))),MAX(1,E74-1))) -> 311 | O74: =SUM(G74,K74,L74) -> 119082.41 | P74: =U73 -> 30329001 | Q74: =IF(OR(A74>入力設定!$B$6*12,P74+AC74<0.000001),0,IF(P74<0.000001,Q73,IF(AE74=1,IF(C74=0,P74/MAX(1,入力設定!$B$6*12-A74+1),P74*(C74/12)/(1-(1+C74/12)^(-MAX(1,入力設定!$B$6*12-A74+1)))),Q73))) -> 121667.61 | R74: =IF(P74+AC74<0.000001,0,IF(A74=入力設定!$B$6*12,P74+AB74+AC74,MIN(Q74,P74+AB74+AC74))) -> 121667.61 | S74: =MIN(R74,AB74+AC74) -> 63185.419 | T74: =R74-S74 -> 58482.195 | U74: =MAX(0,P74-T74) -> 30270519 | V74: =D74-I74-K74-M74 -> 0 | W74: =P74-T74-U74 -> 0 | X74: =O74-G74-K74-L74 -> 0 | Y74: =D74*C74/12 -> 56873.892 | Z74: =AA73 -> 0 | AA74: =MAX(0,Z74+Y74-H74) -> 0 | AB74: =P74*C74/12 -> 63185.419 | AC74: =AD73 -> 0 | AD74: =MAX(0,AC74+AB74-S74) -> 0 | AE74: =IF(MOD(A74-1,60)=0,1,0) -> 0 | AF74: =IF(A74>入力設定!$B$6*12,0,IF(AND(ISNUMBER(C74),C74>=0,C74<=1),0,1)) -> 0
A75: =70 -> 70 | B75: =EDATE(入力設定!$B$7,A75-1) -> 48427 | C75: =INDEX(入力設定!$C$15:$C$24,INT((A75-1)/60)+1) -> 0.025 | D75: =M74 -> 27237260 | E75: =N74 -> 311 | F75: =IF(D75+Z75<0.000001,0,IF(D75<0.000001,F74,IF(OR(AE75=1,AND(K74>0,入力設定!$B$8="返済額軽減型",入力設定!$B$11="翌月")),IF(C75=0,D75/MAX(1,E75),D75*(C75/12)/(1-(1+C75/12)^(-MAX(1,E75)))),F74))) -> 119082.41 | G75: =IF(D75+Z75<0.000001,0,IF(E75<=1,D75+Y75+Z75,MIN(D75+Y75+Z75,F75))) -> 119082.41 | H75: =MIN(G75,Y75+Z75) -> 56744.291 | I75: =G75-H75 -> 62338.117 | J75: =SUMIFS(入力設定!$G$5:$G$24,入力設定!$F$5:$F$24,A75) -> 0 | K75: =MIN(MAX(0,D75-I75),J75) -> 0 | L75: =IF(K75>0,入力設定!$B$9,0) -> 0 | M75: =MAX(0,D75-I75-K75) -> 27174922 | N75: =IF(M75+AA75<0.000001,0,IF(AND(K75>0,入力設定!$B$8="期間短縮型",AA75<0.000001,F75>M75*C75/12),MAX(1,MIN(E75-1,IF(C75=0,ROUNDUP(M75/F75,0),ROUNDUP(-LN(1-M75*(C75/12)/F75)/LN(1+C75/12),0)))),MAX(1,E75-1))) -> 310 | O75: =SUM(G75,K75,L75) -> 119082.41 | P75: =U74 -> 30270519 | Q75: =IF(OR(A75>入力設定!$B$6*12,P75+AC75<0.000001),0,IF(P75<0.000001,Q74,IF(AE75=1,IF(C75=0,P75/MAX(1,入力設定!$B$6*12-A75+1),P75*(C75/12)/(1-(1+C75/12)^(-MAX(1,入力設定!$B$6*12-A75+1)))),Q74))) -> 121667.61 | R75: =IF(P75+AC75<0.000001,0,IF(A75=入力設定!$B$6*12,P75+AB75+AC75,MIN(Q75,P75+AB75+AC75))) -> 121667.61 | S75: =MIN(R75,AB75+AC75) -> 63063.581 | T75: =R75-S75 -> 58604.033 | U75: =MAX(0,P75-T75) -> 30211915 | V75: =D75-I75-K75-M75 -> 0 | W75: =P75-T75-U75 -> 0 | X75: =O75-G75-K75-L75 -> 0 | Y75: =D75*C75/12 -> 56744.291 | Z75: =AA74 -> 0 | AA75: =MAX(0,Z75+Y75-H75) -> 0 | AB75: =P75*C75/12 -> 63063.581 | AC75: =AD74 -> 0 | AD75: =MAX(0,AC75+AB75-S75) -> 0 | AE75: =IF(MOD(A75-1,60)=0,1,0) -> 0 | AF75: =IF(A75>入力設定!$B$6*12,0,IF(AND(ISNUMBER(C75),C75>=0,C75<=1),0,1)) -> 0
A76: =71 -> 71 | B76: =EDATE(入力設定!$B$7,A76-1) -> 48458 | C76: =INDEX(入力設定!$C$15:$C$24,INT((A76-1)/60)+1) -> 0.025 | D76: =M75 -> 27174922 | E76: =N75 -> 310 | F76: =IF(D76+Z76<0.000001,0,IF(D76<0.000001,F75,IF(OR(AE76=1,AND(K75>0,入力設定!$B$8="返済額軽減型",入力設定!$B$11="翌月")),IF(C76=0,D76/MAX(1,E76),D76*(C76/12)/(1-(1+C76/12)^(-MAX(1,E76)))),F75))) -> 119082.41 | G76: =IF(D76+Z76<0.000001,0,IF(E76<=1,D76+Y76+Z76,MIN(D76+Y76+Z76,F76))) -> 119082.41 | H76: =MIN(G76,Y76+Z76) -> 56614.42 | I76: =G76-H76 -> 62467.988 | J76: =SUMIFS(入力設定!$G$5:$G$24,入力設定!$F$5:$F$24,A76) -> 0 | K76: =MIN(MAX(0,D76-I76),J76) -> 0 | L76: =IF(K76>0,入力設定!$B$9,0) -> 0 | M76: =MAX(0,D76-I76-K76) -> 27112454 | N76: =IF(M76+AA76<0.000001,0,IF(AND(K76>0,入力設定!$B$8="期間短縮型",AA76<0.000001,F76>M76*C76/12),MAX(1,MIN(E76-1,IF(C76=0,ROUNDUP(M76/F76,0),ROUNDUP(-LN(1-M76*(C76/12)/F76)/LN(1+C76/12),0)))),MAX(1,E76-1))) -> 309 | O76: =SUM(G76,K76,L76) -> 119082.41 | P76: =U75 -> 30211915 | Q76: =IF(OR(A76>入力設定!$B$6*12,P76+AC76<0.000001),0,IF(P76<0.000001,Q75,IF(AE76=1,IF(C76=0,P76/MAX(1,入力設定!$B$6*12-A76+1),P76*(C76/12)/(1-(1+C76/12)^(-MAX(1,入力設定!$B$6*12-A76+1)))),Q75))) -> 121667.61 | R76: =IF(P76+AC76<0.000001,0,IF(A76=入力設定!$B$6*12,P76+AB76+AC76,MIN(Q76,P76+AB76+AC76))) -> 121667.61 | S76: =MIN(R76,AB76+AC76) -> 62941.49 | T76: =R76-S76 -> 58726.125 | U76: =MAX(0,P76-T76) -> 30153189 | V76: =D76-I76-K76-M76 -> 0 | W76: =P76-T76-U76 -> 0 | X76: =O76-G76-K76-L76 -> 0 | Y76: =D76*C76/12 -> 56614.42 | Z76: =AA75 -> 0 | AA76: =MAX(0,Z76+Y76-H76) -> 0 | AB76: =P76*C76/12 -> 62941.49 | AC76: =AD75 -> 0 | AD76: =MAX(0,AC76+AB76-S76) -> 0 | AE76: =IF(MOD(A76-1,60)=0,1,0) -> 0 | AF76: =IF(A76>入力設定!$B$6*12,0,IF(AND(ISNUMBER(C76),C76>=0,C76<=1),0,1)) -> 0
A77: =72 -> 72 | B77: =EDATE(入力設定!$B$7,A77-1) -> 48488 | C77: =INDEX(入力設定!$C$15:$C$24,INT((A77-1)/60)+1) -> 0.025 | D77: =M76 -> 27112454 | E77: =N76 -> 309 | F77: =IF(D77+Z77<0.000001,0,IF(D77<0.000001,F76,IF(OR(AE77=1,AND(K76>0,入力設定!$B$8="返済額軽減型",入力設定!$B$11="翌月")),IF(C77=0,D77/MAX(1,E77),D77*(C77/12)/(1-(1+C77/12)^(-MAX(1,E77)))),F76))) -> 119082.41 | G77: =IF(D77+Z77<0.000001,0,IF(E77<=1,D77+Y77+Z77,MIN(D77+Y77+Z77,F77))) -> 119082.41 | H77: =MIN(G77,Y77+Z77) -> 56484.278 | I77: =G77-H77 -> 62598.13 | J77: =SUMIFS(入力設定!$G$5:$G$24,入力設定!$F$5:$F$24,A77) -> 0 | K77: =MIN(MAX(0,D77-I77),J77) -> 0 | L77: =IF(K77>0,入力設定!$B$9,0) -> 0 | M77: =MAX(0,D77-I77-K77) -> 27049856 | N77: =IF(M77+AA77<0.000001,0,IF(AND(K77>0,入力設定!$B$8="期間短縮型",AA77<0.000001,F77>M77*C77/12),MAX(1,MIN(E77-1,IF(C77=0,ROUNDUP(M77/F77,0),ROUNDUP(-LN(1-M77*(C77/12)/F77)/LN(1+C77/12),0)))),MAX(1,E77-1))) -> 308 | O77: =SUM(G77,K77,L77) -> 119082.41 | P77: =U76 -> 30153189 | Q77: =IF(OR(A77>入力設定!$B$6*12,P77+AC77<0.000001),0,IF(P77<0.000001,Q76,IF(AE77=1,IF(C77=0,P77/MAX(1,入力設定!$B$6*12-A77+1),P77*(C77/12)/(1-(1+C77/12)^(-MAX(1,入力設定!$B$6*12-A77+1)))),Q76))) -> 121667.61 | R77: =IF(P77+AC77<0.000001,0,IF(A77=入力設定!$B$6*12,P77+AB77+AC77,MIN(Q77,P77+AB77+AC77))) -> 121667.61 | S77: =MIN(R77,AB77+AC77) -> 62819.144 | T77: =R77-S77 -> 58848.471 | U77: =MAX(0,P77-T77) -> 30094340 | V77: =D77-I77-K77-M77 -> 0 | W77: =P77-T77-U77 -> 0 | X77: =O77-G77-K77-L77 -> 0 | Y77: =D77*C77/12 -> 56484.278 | Z77: =AA76 -> 0 | AA77: =MAX(0,Z77+Y77-H77) -> 0 | AB77: =P77*C77/12 -> 62819.144 | AC77: =AD76 -> 0 | AD77: =MAX(0,AC77+AB77-S77) -> 0 | AE77: =IF(MOD(A77-1,60)=0,1,0) -> 0 | AF77: =IF(A77>入力設定!$B$6*12,0,IF(AND(ISNUMBER(C77),C77>=0,C77<=1),0,1)) -> 0
A78: =73 -> 73 | B78: =EDATE(入力設定!$B$7,A78-1) -> 48519 | C78: =INDEX(入力設定!$C$15:$C$24,INT((A78-1)/60)+1) -> 0.025 | D78: =M77 -> 27049856 | E78: =N77 -> 308 | F78: =IF(D78+Z78<0.000001,0,IF(D78<0.000001,F77,IF(OR(AE78=1,AND(K77>0,入力設定!$B$8="返済額軽減型",入力設定!$B$11="翌月")),IF(C78=0,D78/MAX(1,E78),D78*(C78/12)/(1-(1+C78/12)^(-MAX(1,E78)))),F77))) -> 119082.41 | G78: =IF(D78+Z78<0.000001,0,IF(E78<=1,D78+Y78+Z78,MIN(D78+Y78+Z78,F78))) -> 119082.41 | H78: =MIN(G78,Y78+Z78) -> 56353.866 | I78: =G78-H78 -> 62728.543 | J78: =SUMIFS(入力設定!$G$5:$G$24,入力設定!$F$5:$F$24,A78) -> 0 | K78: =MIN(MAX(0,D78-I78),J78) -> 0 | L78: =IF(K78>0,入力設定!$B$9,0) -> 0 | M78: =MAX(0,D78-I78-K78) -> 26987127 | N78: =IF(M78+AA78<0.000001,0,IF(AND(K78>0,入力設定!$B$8="期間短縮型",AA78<0.000001,F78>M78*C78/12),MAX(1,MIN(E78-1,IF(C78=0,ROUNDUP(M78/F78,0),ROUNDUP(-LN(1-M78*(C78/12)/F78)/LN(1+C78/12),0)))),MAX(1,E78-1))) -> 307 | O78: =SUM(G78,K78,L78) -> 119082.41 | P78: =U77 -> 30094340 | Q78: =IF(OR(A78>入力設定!$B$6*12,P78+AC78<0.000001),0,IF(P78<0.000001,Q77,IF(AE78=1,IF(C78=0,P78/MAX(1,入力設定!$B$6*12-A78+1),P78*(C78/12)/(1-(1+C78/12)^(-MAX(1,入力設定!$B$6*12-A78+1)))),Q77))) -> 121667.61 | R78: =IF(P78+AC78<0.000001,0,IF(A78=入力設定!$B$6*12,P78+AB78+AC78,MIN(Q78,P78+AB78+AC78))) -> 121667.61 | S78: =MIN(R78,AB78+AC78) -> 62696.543 | T78: =R78-S78 -> 58971.072 | U78: =MAX(0,P78-T78) -> 30035369 | V78: =D78-I78-K78-M78 -> 0 | W78: =P78-T78-U78 -> 0 | X78: =O78-G78-K78-L78 -> 0 | Y78: =D78*C78/12 -> 56353.866 | Z78: =AA77 -> 0 | AA78: =MAX(0,Z78+Y78-H78) -> 0 | AB78: =P78*C78/12 -> 62696.543 | AC78: =AD77 -> 0 | AD78: =MAX(0,AC78+AB78-S78) -> 0 | AE78: =IF(MOD(A78-1,60)=0,1,0) -> 0 | AF78: =IF(A78>入力設定!$B$6*12,0,IF(AND(ISNUMBER(C78),C78>=0,C78<=1),0,1)) -> 0
A79: =74 -> 74 | B79: =EDATE(入力設定!$B$7,A79-1) -> 48549 | C79: =INDEX(入力設定!$C$15:$C$24,INT((A79-1)/60)+1) -> 0.025 | D79: =M78 -> 26987127 | E79: =N78 -> 307 | F79: =IF(D79+Z79<0.000001,0,IF(D79<0.000001,F78,IF(OR(AE79=1,AND(K78>0,入力設定!$B$8="返済額軽減型",入力設定!$B$11="翌月")),IF(C79=0,D79/MAX(1,E79),D79*(C79/12)/(1-(1+C79/12)^(-MAX(1,E79)))),F78))) -> 119082.41 | G79: =IF(D79+Z79<0.000001,0,IF(E79<=1,D79+Y79+Z79,MIN(D79+Y79+Z79,F79))) -> 119082.41 | H79: =MIN(G79,Y79+Z79) -> 56223.181 | I79: =G79-H79 -> 62859.227 | J79: =SUMIFS(入力設定!$G$5:$G$24,入力設定!$F$5:$F$24,A79) -> 0 | K79: =MIN(MAX(0,D79-I79),J79) -> 0 | L79: =IF(K79>0,入力設定!$B$9,0) -> 0 | M79: =MAX(0,D79-I79-K79) -> 26924268 | N79: =IF(M79+AA79<0.000001,0,IF(AND(K79>0,入力設定!$B$8="期間短縮型",AA79<0.000001,F79>M79*C79/12),MAX(1,MIN(E79-1,IF(C79=0,ROUNDUP(M79/F79,0),ROUNDUP(-LN(1-M79*(C79/12)/F79)/LN(1+C79/12),0)))),MAX(1,E79-1))) -> 306 | O79: =SUM(G79,K79,L79) -> 119082.41 | P79: =U78 -> 30035369 | Q79: =IF(OR(A79>入力設定!$B$6*12,P79+AC79<0.000001),0,IF(P79<0.000001,Q78,IF(AE79=1,IF(C79=0,P79/MAX(1,入力設定!$B$6*12-A79+1),P79*(C79/12)/(1-(1+C79/12)^(-MAX(1,入力設定!$B$6*12-A79+1)))),Q78))) -> 121667.61 | R79: =IF(P79+AC79<0.000001,0,IF(A79=入力設定!$B$6*12,P79+AB79+AC79,MIN(Q79,P79+AB79+AC79))) -> 121667.61 | S79: =MIN(R79,AB79+AC79) -> 62573.686 | T79: =R79-S79 -> 59093.928 | U79: =MAX(0,P79-T79) -> 29976275 | V79: =D79-I79-K79-M79 -> 0 | W79: =P79-T79-U79 -> 0 | X79: =O79-G79-K79-L79 -> 0 | Y79: =D79*C79/12 -> 56223.181 | Z79: =AA78 -> 0 | AA79: =MAX(0,Z79+Y79-H79) -> 0 | AB79: =P79*C79/12 -> 62573.686 | AC79: =AD78 -> 0 | AD79: =MAX(0,AC79+AB79-S79) -> 0 | AE79: =IF(MOD(A79-1,60)=0,1,0) -> 0 | AF79: =IF(A79>入力設定!$B$6*12,0,IF(AND(ISNUMBER(C79),C79>=0,C79<=1),0,1)) -> 0
A80: =75 -> 75 | B80: =EDATE(入力設定!$B$7,A80-1) -> 48580 | C80: =INDEX(入力設定!$C$15:$C$24,INT((A80-1)/60)+1) -> 0.025 | D80: =M79 -> 26924268 | E80: =N79 -> 306 | F80: =IF(D80+Z80<0.000001,0,IF(D80<0.000001,F79,IF(OR(AE80=1,AND(K79>0,入力設定!$B$8="返済額軽減型",入力設定!$B$11="翌月")),IF(C80=0,D80/MAX(1,E80),D80*(C80/12)/(1-(1+C80/12)^(-MAX(1,E80)))),F79))) -> 119082.41 | G80: =IF(D80+Z80<0.000001,0,IF(E80<=1,D80+Y80+Z80,MIN(D80+Y80+Z80,F80))) -> 119082.41 | H80: =MIN(G80,Y80+Z80) -> 56092.224 | I80: =G80-H80 -> 62990.184 | J80: =SUMIFS(入力設定!$G$5:$G$24,入力設定!$F$5:$F$24,A80) -> 0 | K80: =MIN(MAX(0,D80-I80),J80) -> 0 | L80: =IF(K80>0,入力設定!$B$9,0) -> 0 | M80: =MAX(0,D80-I80-K80) -> 26861278 | N80: =IF(M80+AA80<0.000001,0,IF(AND(K80>0,入力設定!$B$8="期間短縮型",AA80<0.000001,F80>M80*C80/12),MAX(1,MIN(E80-1,IF(C80=0,ROUNDUP(M80/F80,0),ROUNDUP(-LN(1-M80*(C80/12)/F80)/LN(1+C80/12),0)))),MAX(1,E80-1))) -> 305 | O80: =SUM(G80,K80,L80) -> 119082.41 | P80: =U79 -> 29976275 | Q80: =IF(OR(A80>入力設定!$B$6*12,P80+AC80<0.000001),0,IF(P80<0.000001,Q79,IF(AE80=1,IF(C80=0,P80/MAX(1,入力設定!$B$6*12-A80+1),P80*(C80/12)/(1-(1+C80/12)^(-MAX(1,入力設定!$B$6*12-A80+1)))),Q79))) -> 121667.61 | R80: =IF(P80+AC80<0.000001,0,IF(A80=入力設定!$B$6*12,P80+AB80+AC80,MIN(Q80,P80+AB80+AC80))) -> 121667.61 | S80: =MIN(R80,AB80+AC80) -> 62450.574 | T80: =R80-S80 -> 59217.041 | U80: =MAX(0,P80-T80) -> 29917058 | V80: =D80-I80-K80-M80 -> 0 | W80: =P80-T80-U80 -> 0 | X80: =O80-G80-K80-L80 -> 0 | Y80: =D80*C80/12 -> 56092.224 | Z80: =AA79 -> 0 | AA80: =MAX(0,Z80+Y80-H80) -> 0 | AB80: =P80*C80/12 -> 62450.574 | AC80: =AD79 -> 0 | AD80: =MAX(0,AC80+AB80-S80) -> 0 | AE80: =IF(MOD(A80-1,60)=0,1,0) -> 0 | AF80: =IF(A80>入力設定!$B$6*12,0,IF(AND(ISNUMBER(C80),C80>=0,C80<=1),0,1)) -> 0
A81: =76 -> 76 | B81: =EDATE(入力設定!$B$7,A81-1) -> 48611 | C81: =INDEX(入力設定!$C$15:$C$24,INT((A81-1)/60)+1) -> 0.025 | D81: =M80 -> 26861278 | E81: =N80 -> 305 | F81: =IF(D81+Z81<0.000001,0,IF(D81<0.000001,F80,IF(OR(AE81=1,AND(K80>0,入力設定!$B$8="返済額軽減型",入力設定!$B$11="翌月")),IF(C81=0,D81/MAX(1,E81),D81*(C81/12)/(1-(1+C81/12)^(-MAX(1,E81)))),F80))) -> 119082.41 | G81: =IF(D81+Z81<0.000001,0,IF(E81<=1,D81+Y81+Z81,MIN(D81+Y81+Z81,F81))) -> 119082.41 | H81: =MIN(G81,Y81+Z81) -> 55960.995 | I81: =G81-H81 -> 63121.413 | J81: =SUMIFS(入力設定!$G$5:$G$24,入力設定!$F$5:$F$24,A81) -> 0 | K81: =MIN(MAX(0,D81-I81),J81) -> 0 | L81: =IF(K81>0,入力設定!$B$9,0) -> 0 | M81: =MAX(0,D81-I81-K81) -> 26798156 | N81: =IF(M81+AA81<0.000001,0,IF(AND(K81>0,入力設定!$B$8="期間短縮型",AA81<0.000001,F81>M81*C81/12),MAX(1,MIN(E81-1,IF(C81=0,ROUNDUP(M81/F81,0),ROUNDUP(-LN(1-M81*(C81/12)/F81)/LN(1+C81/12),0)))),MAX(1,E81-1))) -> 304 | O81: =SUM(G81,K81,L81) -> 119082.41 | P81: =U80 -> 29917058 | Q81: =IF(OR(A81>入力設定!$B$6*12,P81+AC81<0.000001),0,IF(P81<0.000001,Q80,IF(AE81=1,IF(C81=0,P81/MAX(1,入力設定!$B$6*12-A81+1),P81*(C81/12)/(1-(1+C81/12)^(-MAX(1,入力設定!$B$6*12-A81+1)))),Q80))) -> 121667.61 | R81: =IF(P81+AC81<0.000001,0,IF(A81=入力設定!$B$6*12,P81+AB81+AC81,MIN(Q81,P81+AB81+AC81))) -> 121667.61 | S81: =MIN(R81,AB81+AC81) -> 62327.205 | T81: =R81-S81 -> 59340.409 | U81: =MAX(0,P81-T81) -> 29857718 | V81: =D81-I81-K81-M81 -> 0 | W81: =P81-T81-U81 -> 0 | X81: =O81-G81-K81-L81 -> 0 | Y81: =D81*C81/12 -> 55960.995 | Z81: =AA80 -> 0 | AA81: =MAX(0,Z81+Y81-H81) -> 0 | AB81: =P81*C81/12 -> 62327.205 | AC81: =AD80 -> 0 | AD81: =MAX(0,AC81+AB81-S81) -> 0 | AE81: =IF(MOD(A81-1,60)=0,1,0) -> 0 | AF81: =IF(A81>入力設定!$B$6*12,0,IF(AND(ISNUMBER(C81),C81>=0,C81<=1),0,1)) -> 0
A82: =77 -> 77 | B82: =EDATE(入力設定!$B$7,A82-1) -> 48639 | C82: =INDEX(入力設定!$C$15:$C$24,INT((A82-1)/60)+1) -> 0.025 | D82: =M81 -> 26798156 | E82: =N81 -> 304 | F82: =IF(D82+Z82<0.000001,0,IF(D82<0.000001,F81,IF(OR(AE82=1,AND(K81>0,入力設定!$B$8="返済額軽減型",入力設定!$B$11="翌月")),IF(C82=0,D82/MAX(1,E82),D82*(C82/12)/(1-(1+C82/12)^(-MAX(1,E82)))),F81))) -> 119082.41 | G82: =IF(D82+Z82<0.000001,0,IF(E82<=1,D82+Y82+Z82,MIN(D82+Y82+Z82,F82))) -> 119082.41 | H82: =MIN(G82,Y82+Z82) -> 55829.492 | I82: =G82-H82 -> 63252.916 | J82: =SUMIFS(入力設定!$G$5:$G$24,入力設定!$F$5:$F$24,A82) -> 0 | K82: =MIN(MAX(0,D82-I82),J82) -> 0 | L82: =IF(K82>0,入力設定!$B$9,0) -> 0 | M82: =MAX(0,D82-I82-K82) -> 26734903 | N82: =IF(M82+AA82<0.000001,0,IF(AND(K82>0,入力設定!$B$8="期間短縮型",AA82<0.000001,F82>M82*C82/12),MAX(1,MIN(E82-1,IF(C82=0,ROUNDUP(M82/F82,0),ROUNDUP(-LN(1-M82*(C82/12)/F82)/LN(1+C82/12),0)))),MAX(1,E82-1))) -> 303 | O82: =SUM(G82,K82,L82) -> 119082.41 | P82: =U81 -> 29857718 | Q82: =IF(OR(A82>入力設定!$B$6*12,P82+AC82<0.000001),0,IF(P82<0.000001,Q81,IF(AE82=1,IF(C82=0,P82/MAX(1,入力設定!$B$6*12-A82+1),P82*(C82/12)/(1-(1+C82/12)^(-MAX(1,入力設定!$B$6*12-A82+1)))),Q81))) -> 121667.61 | R82: =IF(P82+AC82<0.000001,0,IF(A82=入力設定!$B$6*12,P82+AB82+AC82,MIN(Q82,P82+AB82+AC82))) -> 121667.61 | S82: =MIN(R82,AB82+AC82) -> 62203.579 | T82: =R82-S82 -> 59464.035 | U82: =MAX(0,P82-T82) -> 29798254 | V82: =D82-I82-K82-M82 -> 0 | W82: =P82-T82-U82 -> 0 | X82: =O82-G82-K82-L82 -> 0 | Y82: =D82*C82/12 -> 55829.492 | Z82: =AA81 -> 0 | AA82: =MAX(0,Z82+Y82-H82) -> 0 | AB82: =P82*C82/12 -> 62203.579 | AC82: =AD81 -> 0 | AD82: =MAX(0,AC82+AB82-S82) -> 0 | AE82: =IF(MOD(A82-1,60)=0,1,0) -> 0 | AF82: =IF(A82>入力設定!$B$6*12,0,IF(AND(ISNUMBER(C82),C82>=0,C82<=1),0,1)) -> 0
A83: =78 -> 78 | B83: =EDATE(入力設定!$B$7,A83-1) -> 48670 | C83: =INDEX(入力設定!$C$15:$C$24,INT((A83-1)/60)+1) -> 0.025 | D83: =M82 -> 26734903 | E83: =N82 -> 303 | F83: =IF(D83+Z83<0.000001,0,IF(D83<0.000001,F82,IF(OR(AE83=1,AND(K82>0,入力設定!$B$8="返済額軽減型",入力設定!$B$11="翌月")),IF(C83=0,D83/MAX(1,E83),D83*(C83/12)/(1-(1+C83/12)^(-MAX(1,E83)))),F82))) -> 119082.41 | G83: =IF(D83+Z83<0.000001,0,IF(E83<=1,D83+Y83+Z83,MIN(D83+Y83+Z83,F83))) -> 119082.41 | H83: =MIN(G83,Y83+Z83) -> 55697.715 | I83: =G83-H83 -> 63384.693 | J83: =SUMIFS(入力設定!$G$5:$G$24,入力設定!$F$5:$F$24,A83) -> 0 | K83: =MIN(MAX(0,D83-I83),J83) -> 0 | L83: =IF(K83>0,入力設定!$B$9,0) -> 0 | M83: =MAX(0,D83-I83-K83) -> 26671519 | N83: =IF(M83+AA83<0.000001,0,IF(AND(K83>0,入力設定!$B$8="期間短縮型",AA83<0.000001,F83>M83*C83/12),MAX(1,MIN(E83-1,IF(C83=0,ROUNDUP(M83/F83,0),ROUNDUP(-LN(1-M83*(C83/12)/F83)/LN(1+C83/12),0)))),MAX(1,E83-1))) -> 302 | O83: =SUM(G83,K83,L83) -> 119082.41 | P83: =U82 -> 29798254 | Q83: =IF(OR(A83>入力設定!$B$6*12,P83+AC83<0.000001),0,IF(P83<0.000001,Q82,IF(AE83=1,IF(C83=0,P83/MAX(1,入力設定!$B$6*12-A83+1),P83*(C83/12)/(1-(1+C83/12)^(-MAX(1,入力設定!$B$6*12-A83+1)))),Q82))) -> 121667.61 | R83: =IF(P83+AC83<0.000001,0,IF(A83=入力設定!$B$6*12,P83+AB83+AC83,MIN(Q83,P83+AB83+AC83))) -> 121667.61 | S83: =MIN(R83,AB83+AC83) -> 62079.696 | T83: =R83-S83 -> 59587.919 | U83: =MAX(0,P83-T83) -> 29738666 | V83: =D83-I83-K83-M83 -> 0 | W83: =P83-T83-U83 -> 0 | X83: =O83-G83-K83-L83 -> 0 | Y83: =D83*C83/12 -> 55697.715 | Z83: =AA82 -> 0 | AA83: =MAX(0,Z83+Y83-H83) -> 0 | AB83: =P83*C83/12 -> 62079.696 | AC83: =AD82 -> 0 | AD83: =MAX(0,AC83+AB83-S83) -> 0 | AE83: =IF(MOD(A83-1,60)=0,1,0) -> 0 | AF83: =IF(A83>入力設定!$B$6*12,0,IF(AND(ISNUMBER(C83),C83>=0,C83<=1),0,1)) -> 0
A84: =79 -> 79 | B84: =EDATE(入力設定!$B$7,A84-1) -> 48700 | C84: =INDEX(入力設定!$C$15:$C$24,INT((A84-1)/60)+1) -> 0.025 | D84: =M83 -> 26671519 | E84: =N83 -> 302 | F84: =IF(D84+Z84<0.000001,0,IF(D84<0.000001,F83,IF(OR(AE84=1,AND(K83>0,入力設定!$B$8="返済額軽減型",入力設定!$B$11="翌月")),IF(C84=0,D84/MAX(1,E84),D84*(C84/12)/(1-(1+C84/12)^(-MAX(1,E84)))),F83))) -> 119082.41 | G84: =IF(D84+Z84<0.000001,0,IF(E84<=1,D84+Y84+Z84,MIN(D84+Y84+Z84,F84))) -> 119082.41 | H84: =MIN(G84,Y84+Z84) -> 55565.664 | I84: =G84-H84 -> 63516.745 | J84: =SUMIFS(入力設定!$G$5:$G$24,入力設定!$F$5:$F$24,A84) -> 0 | K84: =MIN(MAX(0,D84-I84),J84) -> 0 | L84: =IF(K84>0,入力設定!$B$9,0) -> 0 | M84: =MAX(0,D84-I84-K84) -> 26608002 | N84: =IF(M84+AA84<0.000001,0,IF(AND(K84>0,入力設定!$B$8="期間短縮型",AA84<0.000001,F84>M84*C84/12),MAX(1,MIN(E84-1,IF(C84=0,ROUNDUP(M84/F84,0),ROUNDUP(-LN(1-M84*(C84/12)/F84)/LN(1+C84/12),0)))),MAX(1,E84-1))) -> 301 | O84: =SUM(G84,K84,L84) -> 119082.41 | P84: =U83 -> 29738666 | Q84: =IF(OR(A84>入力設定!$B$6*12,P84+AC84<0.000001),0,IF(P84<0.000001,Q83,IF(AE84=1,IF(C84=0,P84/MAX(1,入力設定!$B$6*12-A84+1),P84*(C84/12)/(1-(1+C84/12)^(-MAX(1,入力設定!$B$6*12-A84+1)))),Q83))) -> 121667.61 | R84: =IF(P84+AC84<0.000001,0,IF(A84=入力設定!$B$6*12,P84+AB84+AC84,MIN(Q84,P84+AB84+AC84))) -> 121667.61 | S84: =MIN(R84,AB84+AC84) -> 61955.554 | T84: =R84-S84 -> 59712.06 | U84: =MAX(0,P84-T84) -> 29678954 | V84: =D84-I84-K84-M84 -> 0 | W84: =P84-T84-U84 -> 0 | X84: =O84-G84-K84-L84 -> 0 | Y84: =D84*C84/12 -> 55565.664 | Z84: =AA83 -> 0 | AA84: =MAX(0,Z84+Y84-H84) -> 0 | AB84: =P84*C84/12 -> 61955.554 | AC84: =AD83 -> 0 | AD84: =MAX(0,AC84+AB84-S84) -> 0 | AE84: =IF(MOD(A84-1,60)=0,1,0) -> 0 | AF84: =IF(A84>入力設定!$B$6*12,0,IF(AND(ISNUMBER(C84),C84>=0,C84<=1),0,1)) -> 0
A85: =80 -> 80 | B85: =EDATE(入力設定!$B$7,A85-1) -> 48731 | C85: =INDEX(入力設定!$C$15:$C$24,INT((A85-1)/60)+1) -> 0.025 | D85: =M84 -> 26608002 | E85: =N84 -> 301 | F85: =IF(D85+Z85<0.000001,0,IF(D85<0.000001,F84,IF(OR(AE85=1,AND(K84>0,入力設定!$B$8="返済額軽減型",入力設定!$B$11="翌月")),IF(C85=0,D85/MAX(1,E85),D85*(C85/12)/(1-(1+C85/12)^(-MAX(1,E85)))),F84))) -> 119082.41 | G85: =IF(D85+Z85<0.000001,0,IF(E85<=1,D85+Y85+Z85,MIN(D85+Y85+Z85,F85))) -> 119082.41 | H85: =MIN(G85,Y85+Z85) -> 55433.337 | I85: =G85-H85 -> 63649.071 | J85: =SUMIFS(入力設定!$G$5:$G$24,入力設定!$F$5:$F$24,A85) -> 0 | K85: =MIN(MAX(0,D85-I85),J85) -> 0 | L85: =IF(K85>0,入力設定!$B$9,0) -> 0 | M85: =MAX(0,D85-I85-K85) -> 26544353 | N85: =IF(M85+AA85<0.000001,0,IF(AND(K85>0,入力設定!$B$8="期間短縮型",AA85<0.000001,F85>M85*C85/12),MAX(1,MIN(E85-1,IF(C85=0,ROUNDUP(M85/F85,0),ROUNDUP(-LN(1-M85*(C85/12)/F85)/LN(1+C85/12),0)))),MAX(1,E85-1))) -> 300 | O85: =SUM(G85,K85,L85) -> 119082.41 | P85: =U84 -> 29678954 | Q85: =IF(OR(A85>入力設定!$B$6*12,P85+AC85<0.000001),0,IF(P85<0.000001,Q84,IF(AE85=1,IF(C85=0,P85/MAX(1,入力設定!$B$6*12-A85+1),P85*(C85/12)/(1-(1+C85/12)^(-MAX(1,入力設定!$B$6*12-A85+1)))),Q84))) -> 121667.61 | R85: =IF(P85+AC85<0.000001,0,IF(A85=入力設定!$B$6*12,P85+AB85+AC85,MIN(Q85,P85+AB85+AC85))) -> 121667.61 | S85: =MIN(R85,AB85+AC85) -> 61831.154 | T85: =R85-S85 -> 59836.46 | U85: =MAX(0,P85-T85) -> 29619118 | V85: =D85-I85-K85-M85 -> 0 | W85: =P85-T85-U85 -> 0 | X85: =O85-G85-K85-L85 -> 0 | Y85: =D85*C85/12 -> 55433.337 | Z85: =AA84 -> 0 | AA85: =MAX(0,Z85+Y85-H85) -> 0 | AB85: =P85*C85/12 -> 61831.154 | AC85: =AD84 -> 0 | AD85: =MAX(0,AC85+AB85-S85) -> 0 | AE85: =IF(MOD(A85-1,60)=0,1,0) -> 0 | AF85: =IF(A85>入力設定!$B$6*12,0,IF(AND(ISNUMBER(C85),C85>=0,C85<=1),0,1)) -> 0
A86: =81 -> 81 | B86: =EDATE(入力設定!$B$7,A86-1) -> 48761 | C86: =INDEX(入力設定!$C$15:$C$24,INT((A86-1)/60)+1) -> 0.025 | D86: =M85 -> 26544353 | E86: =N85 -> 300 | F86: =IF(D86+Z86<0.000001,0,IF(D86<0.000001,F85,IF(OR(AE86=1,AND(K85>0,入力設定!$B$8="返済額軽減型",入力設定!$B$11="翌月")),IF(C86=0,D86/MAX(1,E86),D86*(C86/12)/(1-(1+C86/12)^(-MAX(1,E86)))),F85))) -> 119082.41 | G86: =IF(D86+Z86<0.000001,0,IF(E86<=1,D86+Y86+Z86,MIN(D86+Y86+Z86,F86))) -> 119082.41 | H86: =MIN(G86,Y86+Z86) -> 55300.735 | I86: =G86-H86 -> 63781.673 | J86: =SUMIFS(入力設定!$G$5:$G$24,入力設定!$F$5:$F$24,A86) -> 0 | K86: =MIN(MAX(0,D86-I86),J86) -> 0 | L86: =IF(K86>0,入力設定!$B$9,0) -> 0 | M86: =MAX(0,D86-I86-K86) -> 26480571 | N86: =IF(M86+AA86<0.000001,0,IF(AND(K86>0,入力設定!$B$8="期間短縮型",AA86<0.000001,F86>M86*C86/12),MAX(1,MIN(E86-1,IF(C86=0,ROUNDUP(M86/F86,0),ROUNDUP(-LN(1-M86*(C86/12)/F86)/LN(1+C86/12),0)))),MAX(1,E86-1))) -> 299 | O86: =SUM(G86,K86,L86) -> 119082.41 | P86: =U85 -> 29619118 | Q86: =IF(OR(A86>入力設定!$B$6*12,P86+AC86<0.000001),0,IF(P86<0.000001,Q85,IF(AE86=1,IF(C86=0,P86/MAX(1,入力設定!$B$6*12-A86+1),P86*(C86/12)/(1-(1+C86/12)^(-MAX(1,入力設定!$B$6*12-A86+1)))),Q85))) -> 121667.61 | R86: =IF(P86+AC86<0.000001,0,IF(A86=入力設定!$B$6*12,P86+AB86+AC86,MIN(Q86,P86+AB86+AC86))) -> 121667.61 | S86: =MIN(R86,AB86+AC86) -> 61706.495 | T86: =R86-S86 -> 59961.12 | U86: =MAX(0,P86-T86) -> 29559156 | V86: =D86-I86-K86-M86 -> 0 | W86: =P86-T86-U86 -> 0 | X86: =O86-G86-K86-L86 -> 0 | Y86: =D86*C86/12 -> 55300.735 | Z86: =AA85 -> 0 | AA86: =MAX(0,Z86+Y86-H86) -> 0 | AB86: =P86*C86/12 -> 61706.495 | AC86: =AD85 -> 0 | AD86: =MAX(0,AC86+AB86-S86) -> 0 | AE86: =IF(MOD(A86-1,60)=0,1,0) -> 0 | AF86: =IF(A86>入力設定!$B$6*12,0,IF(AND(ISNUMBER(C86),C86>=0,C86<=1),0,1)) -> 0
A87: =82 -> 82 | B87: =EDATE(入力設定!$B$7,A87-1) -> 48792 | C87: =INDEX(入力設定!$C$15:$C$24,INT((A87-1)/60)+1) -> 0.025 | D87: =M86 -> 26480571 | E87: =N86 -> 299 | F87: =IF(D87+Z87<0.000001,0,IF(D87<0.000001,F86,IF(OR(AE87=1,AND(K86>0,入力設定!$B$8="返済額軽減型",入力設定!$B$11="翌月")),IF(C87=0,D87/MAX(1,E87),D87*(C87/12)/(1-(1+C87/12)^(-MAX(1,E87)))),F86))) -> 119082.41 | G87: =IF(D87+Z87<0.000001,0,IF(E87<=1,D87+Y87+Z87,MIN(D87+Y87+Z87,F87))) -> 119082.41 | H87: =MIN(G87,Y87+Z87) -> 55167.856 | I87: =G87-H87 -> 63914.552 | J87: =SUMIFS(入力設定!$G$5:$G$24,入力設定!$F$5:$F$24,A87) -> 0 | K87: =MIN(MAX(0,D87-I87),J87) -> 0 | L87: =IF(K87>0,入力設定!$B$9,0) -> 0 | M87: =MAX(0,D87-I87-K87) -> 26416657 | N87: =IF(M87+AA87<0.000001,0,IF(AND(K87>0,入力設定!$B$8="期間短縮型",AA87<0.000001,F87>M87*C87/12),MAX(1,MIN(E87-1,IF(C87=0,ROUNDUP(M87/F87,0),ROUNDUP(-LN(1-M87*(C87/12)/F87)/LN(1+C87/12),0)))),MAX(1,E87-1))) -> 298 | O87: =SUM(G87,K87,L87) -> 119082.41 | P87: =U86 -> 29559156 | Q87: =IF(OR(A87>入力設定!$B$6*12,P87+AC87<0.000001),0,IF(P87<0.000001,Q86,IF(AE87=1,IF(C87=0,P87/MAX(1,入力設定!$B$6*12-A87+1),P87*(C87/12)/(1-(1+C87/12)^(-MAX(1,入力設定!$B$6*12-A87+1)))),Q86))) -> 121667.61 | R87: =IF(P87+AC87<0.000001,0,IF(A87=入力設定!$B$6*12,P87+AB87+AC87,MIN(Q87,P87+AB87+AC87))) -> 121667.61 | S87: =MIN(R87,AB87+AC87) -> 61581.576 | T87: =R87-S87 -> 60086.039 | U87: =MAX(0,P87-T87) -> 29499070 | V87: =D87-I87-K87-M87 -> 0 | W87: =P87-T87-U87 -> 0 | X87: =O87-G87-K87-L87 -> 0 | Y87: =D87*C87/12 -> 55167.856 | Z87: =AA86 -> 0 | AA87: =MAX(0,Z87+Y87-H87) -> 0 | AB87: =P87*C87/12 -> 61581.576 | AC87: =AD86 -> 0 | AD87: =MAX(0,AC87+AB87-S87) -> 0 | AE87: =IF(MOD(A87-1,60)=0,1,0) -> 0 | AF87: =IF(A87>入力設定!$B$6*12,0,IF(AND(ISNUMBER(C87),C87>=0,C87<=1),0,1)) -> 0
A88: =83 -> 83 | B88: =EDATE(入力設定!$B$7,A88-1) -> 48823 | C88: =INDEX(入力設定!$C$15:$C$24,INT((A88-1)/60)+1) -> 0.025 | D88: =M87 -> 26416657 | E88: =N87 -> 298 | F88: =IF(D88+Z88<0.000001,0,IF(D88<0.000001,F87,IF(OR(AE88=1,AND(K87>0,入力設定!$B$8="返済額軽減型",入力設定!$B$11="翌月")),IF(C88=0,D88/MAX(1,E88),D88*(C88/12)/(1-(1+C88/12)^(-MAX(1,E88)))),F87))) -> 119082.41 | G88: =IF(D88+Z88<0.000001,0,IF(E88<=1,D88+Y88+Z88,MIN(D88+Y88+Z88,F88))) -> 119082.41 | H88: =MIN(G88,Y88+Z88) -> 55034.701 | I88: =G88-H88 -> 64047.707 | J88: =SUMIFS(入力設定!$G$5:$G$24,入力設定!$F$5:$F$24,A88) -> 0 | K88: =MIN(MAX(0,D88-I88),J88) -> 0 | L88: =IF(K88>0,入力設定!$B$9,0) -> 0 | M88: =MAX(0,D88-I88-K88) -> 26352609 | N88: =IF(M88+AA88<0.000001,0,IF(AND(K88>0,入力設定!$B$8="期間短縮型",AA88<0.000001,F88>M88*C88/12),MAX(1,MIN(E88-1,IF(C88=0,ROUNDUP(M88/F88,0),ROUNDUP(-LN(1-M88*(C88/12)/F88)/LN(1+C88/12),0)))),MAX(1,E88-1))) -> 297 | O88: =SUM(G88,K88,L88) -> 119082.41 | P88: =U87 -> 29499070 | Q88: =IF(OR(A88>入力設定!$B$6*12,P88+AC88<0.000001),0,IF(P88<0.000001,Q87,IF(AE88=1,IF(C88=0,P88/MAX(1,入力設定!$B$6*12-A88+1),P88*(C88/12)/(1-(1+C88/12)^(-MAX(1,入力設定!$B$6*12-A88+1)))),Q87))) -> 121667.61 | R88: =IF(P88+AC88<0.000001,0,IF(A88=入力設定!$B$6*12,P88+AB88+AC88,MIN(Q88,P88+AB88+AC88))) -> 121667.61 | S88: =MIN(R88,AB88+AC88) -> 61456.397 | T88: =R88-S88 -> 60211.218 | U88: =MAX(0,P88-T88) -> 29438859 | V88: =D88-I88-K88-M88 -> 0 | W88: =P88-T88-U88 -> 0 | X88: =O88-G88-K88-L88 -> 0 | Y88: =D88*C88/12 -> 55034.701 | Z88: =AA87 -> 0 | AA88: =MAX(0,Z88+Y88-H88) -> 0 | AB88: =P88*C88/12 -> 61456.397 | AC88: =AD87 -> 0 | AD88: =MAX(0,AC88+AB88-S88) -> 0 | AE88: =IF(MOD(A88-1,60)=0,1,0) -> 0 | AF88: =IF(A88>入力設定!$B$6*12,0,IF(AND(ISNUMBER(C88),C88>=0,C88<=1),0,1)) -> 0
A89: =84 -> 84 | B89: =EDATE(入力設定!$B$7,A89-1) -> 48853 | C89: =INDEX(入力設定!$C$15:$C$24,INT((A89-1)/60)+1) -> 0.025 | D89: =M88 -> 26352609 | E89: =N88 -> 297 | F89: =IF(D89+Z89<0.000001,0,IF(D89<0.000001,F88,IF(OR(AE89=1,AND(K88>0,入力設定!$B$8="返済額軽減型",入力設定!$B$11="翌月")),IF(C89=0,D89/MAX(1,E89),D89*(C89/12)/(1-(1+C89/12)^(-MAX(1,E89)))),F88))) -> 119082.41 | G89: =IF(D89+Z89<0.000001,0,IF(E89<=1,D89+Y89+Z89,MIN(D89+Y89+Z89,F89))) -> 119082.41 | H89: =MIN(G89,Y89+Z89) -> 54901.268 | I89: =G89-H89 -> 64181.14 | J89: =SUMIFS(入力設定!$G$5:$G$24,入力設定!$F$5:$F$24,A89) -> 0 | K89: =MIN(MAX(0,D89-I89),J89) -> 0 | L89: =IF(K89>0,入力設定!$B$9,0) -> 0 | M89: =MAX(0,D89-I89-K89) -> 26288428 | N89: =IF(M89+AA89<0.000001,0,IF(AND(K89>0,入力設定!$B$8="期間短縮型",AA89<0.000001,F89>M89*C89/12),MAX(1,MIN(E89-1,IF(C89=0,ROUNDUP(M89/F89,0),ROUNDUP(-LN(1-M89*(C89/12)/F89)/LN(1+C89/12),0)))),MAX(1,E89-1))) -> 296 | O89: =SUM(G89,K89,L89) -> 119082.41 | P89: =U88 -> 29438859 | Q89: =IF(OR(A89>入力設定!$B$6*12,P89+AC89<0.000001),0,IF(P89<0.000001,Q88,IF(AE89=1,IF(C89=0,P89/MAX(1,入力設定!$B$6*12-A89+1),P89*(C89/12)/(1-(1+C89/12)^(-MAX(1,入力設定!$B$6*12-A89+1)))),Q88))) -> 121667.61 | R89: =IF(P89+AC89<0.000001,0,IF(A89=入力設定!$B$6*12,P89+AB89+AC89,MIN(Q89,P89+AB89+AC89))) -> 121667.61 | S89: =MIN(R89,AB89+AC89) -> 61330.957 | T89: =R89-S89 -> 60336.658 | U89: =MAX(0,P89-T89) -> 29378523 | V89: =D89-I89-K89-M89 -> 0 | W89: =P89-T89-U89 -> 0 | X89: =O89-G89-K89-L89 -> 0 | Y89: =D89*C89/12 -> 54901.268 | Z89: =AA88 -> 0 | AA89: =MAX(0,Z89+Y89-H89) -> 0 | AB89: =P89*C89/12 -> 61330.957 | AC89: =AD88 -> 0 | AD89: =MAX(0,AC89+AB89-S89) -> 0 | AE89: =IF(MOD(A89-1,60)=0,1,0) -> 0 | AF89: =IF(A89>入力設定!$B$6*12,0,IF(AND(ISNUMBER(C89),C89>=0,C89<=1),0,1)) -> 0
A90: =85 -> 85 | B90: =EDATE(入力設定!$B$7,A90-1) -> 48884 | C90: =INDEX(入力設定!$C$15:$C$24,INT((A90-1)/60)+1) -> 0.025 | D90: =M89 -> 26288428 | E90: =N89 -> 296 | F90: =IF(D90+Z90<0.000001,0,IF(D90<0.000001,F89,IF(OR(AE90=1,AND(K89>0,入力設定!$B$8="返済額軽減型",入力設定!$B$11="翌月")),IF(C90=0,D90/MAX(1,E90),D90*(C90/12)/(1-(1+C90/12)^(-MAX(1,E90)))),F89))) -> 119082.41 | G90: =IF(D90+Z90<0.000001,0,IF(E90<=1,D90+Y90+Z90,MIN(D90+Y90+Z90,F90))) -> 119082.41 | H90: =MIN(G90,Y90+Z90) -> 54767.558 | I90: =G90-H90 -> 64314.851 | J90: =SUMIFS(入力設定!$G$5:$G$24,入力設定!$F$5:$F$24,A90) -> 0 | K90: =MIN(MAX(0,D90-I90),J90) -> 0 | L90: =IF(K90>0,入力設定!$B$9,0) -> 0 | M90: =MAX(0,D90-I90-K90) -> 26224113 | N90: =IF(M90+AA90<0.000001,0,IF(AND(K90>0,入力設定!$B$8="期間短縮型",AA90<0.000001,F90>M90*C90/12),MAX(1,MIN(E90-1,IF(C90=0,ROUNDUP(M90/F90,0),ROUNDUP(-LN(1-M90*(C90/12)/F90)/LN(1+C90/12),0)))),MAX(1,E90-1))) -> 295 | O90: =SUM(G90,K90,L90) -> 119082.41 | P90: =U89 -> 29378523 | Q90: =IF(OR(A90>入力設定!$B$6*12,P90+AC90<0.000001),0,IF(P90<0.000001,Q89,IF(AE90=1,IF(C90=0,P90/MAX(1,入力設定!$B$6*12-A90+1),P90*(C90/12)/(1-(1+C90/12)^(-MAX(1,入力設定!$B$6*12-A90+1)))),Q89))) -> 121667.61 | R90: =IF(P90+AC90<0.000001,0,IF(A90=入力設定!$B$6*12,P90+AB90+AC90,MIN(Q90,P90+AB90+AC90))) -> 121667.61 | S90: =MIN(R90,AB90+AC90) -> 61205.255 | T90: =R90-S90 -> 60462.359 | U90: =MAX(0,P90-T90) -> 29318060 | V90: =D90-I90-K90-M90 -> 0 | W90: =P90-T90-U90 -> 0 | X90: =O90-G90-K90-L90 -> 0 | Y90: =D90*C90/12 -> 54767.558 | Z90: =AA89 -> 0 | AA90: =MAX(0,Z90+Y90-H90) -> 0 | AB90: =P90*C90/12 -> 61205.255 | AC90: =AD89 -> 0 | AD90: =MAX(0,AC90+AB90-S90) -> 0 | AE90: =IF(MOD(A90-1,60)=0,1,0) -> 0 | AF90: =IF(A90>入力設定!$B$6*12,0,IF(AND(ISNUMBER(C90),C90>=0,C90<=1),0,1)) -> 0
A91: =86 -> 86 | B91: =EDATE(入力設定!$B$7,A91-1) -> 48914 | C91: =INDEX(入力設定!$C$15:$C$24,INT((A91-1)/60)+1) -> 0.025 | D91: =M90 -> 26224113 | E91: =N90 -> 295 | F91: =IF(D91+Z91<0.000001,0,IF(D91<0.000001,F90,IF(OR(AE91=1,AND(K90>0,入力設定!$B$8="返済額軽減型",入力設定!$B$11="翌月")),IF(C91=0,D91/MAX(1,E91),D91*(C91/12)/(1-(1+C91/12)^(-MAX(1,E91)))),F90))) -> 119082.41 | G91: =IF(D91+Z91<0.000001,0,IF(E91<=1,D91+Y91+Z91,MIN(D91+Y91+Z91,F91))) -> 119082.41 | H91: =MIN(G91,Y91+Z91) -> 54633.568 | I91: =G91-H91 -> 64448.84 | J91: =SUMIFS(入力設定!$G$5:$G$24,入力設定!$F$5:$F$24,A91) -> 0 | K91: =MIN(MAX(0,D91-I91),J91) -> 0 | L91: =IF(K91>0,入力設定!$B$9,0) -> 0 | M91: =MAX(0,D91-I91-K91) -> 26159664 | N91: =IF(M91+AA91<0.000001,0,IF(AND(K91>0,入力設定!$B$8="期間短縮型",AA91<0.000001,F91>M91*C91/12),MAX(1,MIN(E91-1,IF(C91=0,ROUNDUP(M91/F91,0),ROUNDUP(-LN(1-M91*(C91/12)/F91)/LN(1+C91/12),0)))),MAX(1,E91-1))) -> 294 | O91: =SUM(G91,K91,L91) -> 119082.41 | P91: =U90 -> 29318060 | Q91: =IF(OR(A91>入力設定!$B$6*12,P91+AC91<0.000001),0,IF(P91<0.000001,Q90,IF(AE91=1,IF(C91=0,P91/MAX(1,入力設定!$B$6*12-A91+1),P91*(C91/12)/(1-(1+C91/12)^(-MAX(1,入力設定!$B$6*12-A91+1)))),Q90))) -> 121667.61 | R91: =IF(P91+AC91<0.000001,0,IF(A91=入力設定!$B$6*12,P91+AB91+AC91,MIN(Q91,P91+AB91+AC91))) -> 121667.61 | S91: =MIN(R91,AB91+AC91) -> 61079.292 | T91: =R91-S91 -> 60588.323 | U91: =MAX(0,P91-T91) -> 29257472 | V91: =D91-I91-K91-M91 -> 0 | W91: =P91-T91-U91 -> 0 | X91: =O91-G91-K91-L91 -> 0 | Y91: =D91*C91/12 -> 54633.568 | Z91: =AA90 -> 0 | AA91: =MAX(0,Z91+Y91-H91) -> 0 | AB91: =P91*C91/12 -> 61079.292 | AC91: =AD90 -> 0 | AD91: =MAX(0,AC91+AB91-S91) -> 0 | AE91: =IF(MOD(A91-1,60)=0,1,0) -> 0 | AF91: =IF(A91>入力設定!$B$6*12,0,IF(AND(ISNUMBER(C91),C91>=0,C91<=1),0,1)) -> 0
A92: =87 -> 87 | B92: =EDATE(入力設定!$B$7,A92-1) -> 48945 | C92: =INDEX(入力設定!$C$15:$C$24,INT((A92-1)/60)+1) -> 0.025 | D92: =M91 -> 26159664 | E92: =N91 -> 294 | F92: =IF(D92+Z92<0.000001,0,IF(D92<0.000001,F91,IF(OR(AE92=1,AND(K91>0,入力設定!$B$8="返済額軽減型",入力設定!$B$11="翌月")),IF(C92=0,D92/MAX(1,E92),D92*(C92/12)/(1-(1+C92/12)^(-MAX(1,E92)))),F91))) -> 119082.41 | G92: =IF(D92+Z92<0.000001,0,IF(E92<=1,D92+Y92+Z92,MIN(D92+Y92+Z92,F92))) -> 119082.41 | H92: =MIN(G92,Y92+Z92) -> 54499.3 | I92: =G92-H92 -> 64583.108 | J92: =SUMIFS(入力設定!$G$5:$G$24,入力設定!$F$5:$F$24,A92) -> 0 | K92: =MIN(MAX(0,D92-I92),J92) -> 0 | L92: =IF(K92>0,入力設定!$B$9,0) -> 0 | M92: =MAX(0,D92-I92-K92) -> 26095081 | N92: =IF(M92+AA92<0.000001,0,IF(AND(K92>0,入力設定!$B$8="期間短縮型",AA92<0.000001,F92>M92*C92/12),MAX(1,MIN(E92-1,IF(C92=0,ROUNDUP(M92/F92,0),ROUNDUP(-LN(1-M92*(C92/12)/F92)/LN(1+C92/12),0)))),MAX(1,E92-1))) -> 293 | O92: =SUM(G92,K92,L92) -> 119082.41 | P92: =U91 -> 29257472 | Q92: =IF(OR(A92>入力設定!$B$6*12,P92+AC92<0.000001),0,IF(P92<0.000001,Q91,IF(AE92=1,IF(C92=0,P92/MAX(1,入力設定!$B$6*12-A92+1),P92*(C92/12)/(1-(1+C92/12)^(-MAX(1,入力設定!$B$6*12-A92+1)))),Q91))) -> 121667.61 | R92: =IF(P92+AC92<0.000001,0,IF(A92=入力設定!$B$6*12,P92+AB92+AC92,MIN(Q92,P92+AB92+AC92))) -> 121667.61 | S92: =MIN(R92,AB92+AC92) -> 60953.066 | T92: =R92-S92 -> 60714.548 | U92: =MAX(0,P92-T92) -> 29196757 | V92: =D92-I92-K92-M92 -> 0 | W92: =P92-T92-U92 -> 0 | X92: =O92-G92-K92-L92 -> 0 | Y92: =D92*C92/12 -> 54499.3 | Z92: =AA91 -> 0 | AA92: =MAX(0,Z92+Y92-H92) -> 0 | AB92: =P92*C92/12 -> 60953.066 | AC92: =AD91 -> 0 | AD92: =MAX(0,AC92+AB92-S92) -> 0 | AE92: =IF(MOD(A92-1,60)=0,1,0) -> 0 | AF92: =IF(A92>入力設定!$B$6*12,0,IF(AND(ISNUMBER(C92),C92>=0,C92<=1),0,1)) -> 0
A93: =88 -> 88 | B93: =EDATE(入力設定!$B$7,A93-1) -> 48976 | C93: =INDEX(入力設定!$C$15:$C$24,INT((A93-1)/60)+1) -> 0.025 | D93: =M92 -> 26095081 | E93: =N92 -> 293 | F93: =IF(D93+Z93<0.000001,0,IF(D93<0.000001,F92,IF(OR(AE93=1,AND(K92>0,入力設定!$B$8="返済額軽減型",入力設定!$B$11="翌月")),IF(C93=0,D93/MAX(1,E93),D93*(C93/12)/(1-(1+C93/12)^(-MAX(1,E93)))),F92))) -> 119082.41 | G93: =IF(D93+Z93<0.000001,0,IF(E93<=1,D93+Y93+Z93,MIN(D93+Y93+Z93,F93))) -> 119082.41 | H93: =MIN(G93,Y93+Z93) -> 54364.752 | I93: =G93-H93 -> 64717.657 | J93: =SUMIFS(入力設定!$G$5:$G$24,入力設定!$F$5:$F$24,A93) -> 0 | K93: =MIN(MAX(0,D93-I93),J93) -> 0 | L93: =IF(K93>0,入力設定!$B$9,0) -> 0 | M93: =MAX(0,D93-I93-K93) -> 26030363 | N93: =IF(M93+AA93<0.000001,0,IF(AND(K93>0,入力設定!$B$8="期間短縮型",AA93<0.000001,F93>M93*C93/12),MAX(1,MIN(E93-1,IF(C93=0,ROUNDUP(M93/F93,0),ROUNDUP(-LN(1-M93*(C93/12)/F93)/LN(1+C93/12),0)))),MAX(1,E93-1))) -> 292 | O93: =SUM(G93,K93,L93) -> 119082.41 | P93: =U92 -> 29196757 | Q93: =IF(OR(A93>入力設定!$B$6*12,P93+AC93<0.000001),0,IF(P93<0.000001,Q92,IF(AE93=1,IF(C93=0,P93/MAX(1,入力設定!$B$6*12-A93+1),P93*(C93/12)/(1-(1+C93/12)^(-MAX(1,入力設定!$B$6*12-A93+1)))),Q92))) -> 121667.61 | R93: =IF(P93+AC93<0.000001,0,IF(A93=入力設定!$B$6*12,P93+AB93+AC93,MIN(Q93,P93+AB93+AC93))) -> 121667.61 | S93: =MIN(R93,AB93+AC93) -> 60826.578 | T93: =R93-S93 -> 60841.037 | U93: =MAX(0,P93-T93) -> 29135916 | V93: =D93-I93-K93-M93 -> 0 | W93: =P93-T93-U93 -> 0 | X93: =O93-G93-K93-L93 -> 0 | Y93: =D93*C93/12 -> 54364.752 | Z93: =AA92 -> 0 | AA93: =MAX(0,Z93+Y93-H93) -> 0 | AB93: =P93*C93/12 -> 60826.578 | AC93: =AD92 -> 0 | AD93: =MAX(0,AC93+AB93-S93) -> 0 | AE93: =IF(MOD(A93-1,60)=0,1,0) -> 0 | AF93: =IF(A93>入力設定!$B$6*12,0,IF(AND(ISNUMBER(C93),C93>=0,C93<=1),0,1)) -> 0
A94: =89 -> 89 | B94: =EDATE(入力設定!$B$7,A94-1) -> 49004 | C94: =INDEX(入力設定!$C$15:$C$24,INT((A94-1)/60)+1) -> 0.025 | D94: =M93 -> 26030363 | E94: =N93 -> 292 | F94: =IF(D94+Z94<0.000001,0,IF(D94<0.000001,F93,IF(OR(AE94=1,AND(K93>0,入力設定!$B$8="返済額軽減型",入力設定!$B$11="翌月")),IF(C94=0,D94/MAX(1,E94),D94*(C94/12)/(1-(1+C94/12)^(-MAX(1,E94)))),F93))) -> 119082.41 | G94: =IF(D94+Z94<0.000001,0,IF(E94<=1,D94+Y94+Z94,MIN(D94+Y94+Z94,F94))) -> 119082.41 | H94: =MIN(G94,Y94+Z94) -> 54229.923 | I94: =G94-H94 -> 64852.485 | J94: =SUMIFS(入力設定!$G$5:$G$24,入力設定!$F$5:$F$24,A94) -> 0 | K94: =MIN(MAX(0,D94-I94),J94) -> 0 | L94: =IF(K94>0,入力設定!$B$9,0) -> 0 | M94: =MAX(0,D94-I94-K94) -> 25965511 | N94: =IF(M94+AA94<0.000001,0,IF(AND(K94>0,入力設定!$B$8="期間短縮型",AA94<0.000001,F94>M94*C94/12),MAX(1,MIN(E94-1,IF(C94=0,ROUNDUP(M94/F94,0),ROUNDUP(-LN(1-M94*(C94/12)/F94)/LN(1+C94/12),0)))),MAX(1,E94-1))) -> 291 | O94: =SUM(G94,K94,L94) -> 119082.41 | P94: =U93 -> 29135916 | Q94: =IF(OR(A94>入力設定!$B$6*12,P94+AC94<0.000001),0,IF(P94<0.000001,Q93,IF(AE94=1,IF(C94=0,P94/MAX(1,入力設定!$B$6*12-A94+1),P94*(C94/12)/(1-(1+C94/12)^(-MAX(1,入力設定!$B$6*12-A94+1)))),Q93))) -> 121667.61 | R94: =IF(P94+AC94<0.000001,0,IF(A94=入力設定!$B$6*12,P94+AB94+AC94,MIN(Q94,P94+AB94+AC94))) -> 121667.61 | S94: =MIN(R94,AB94+AC94) -> 60699.826 | T94: =R94-S94 -> 60967.789 | U94: =MAX(0,P94-T94) -> 29074948 | V94: =D94-I94-K94-M94 -> 0 | W94: =P94-T94-U94 -> 0 | X94: =O94-G94-K94-L94 -> 0 | Y94: =D94*C94/12 -> 54229.923 | Z94: =AA93 -> 0 | AA94: =MAX(0,Z94+Y94-H94) -> 0 | AB94: =P94*C94/12 -> 60699.826 | AC94: =AD93 -> 0 | AD94: =MAX(0,AC94+AB94-S94) -> 0 | AE94: =IF(MOD(A94-1,60)=0,1,0) -> 0 | AF94: =IF(A94>入力設定!$B$6*12,0,IF(AND(ISNUMBER(C94),C94>=0,C94<=1),0,1)) -> 0
A95: =90 -> 90 | B95: =EDATE(入力設定!$B$7,A95-1) -> 49035 | C95: =INDEX(入力設定!$C$15:$C$24,INT((A95-1)/60)+1) -> 0.025 | D95: =M94 -> 25965511 | E95: =N94 -> 291 | F95: =IF(D95+Z95<0.000001,0,IF(D95<0.000001,F94,IF(OR(AE95=1,AND(K94>0,入力設定!$B$8="返済額軽減型",入力設定!$B$11="翌月")),IF(C95=0,D95/MAX(1,E95),D95*(C95/12)/(1-(1+C95/12)^(-MAX(1,E95)))),F94))) -> 119082.41 | G95: =IF(D95+Z95<0.000001,0,IF(E95<=1,D95+Y95+Z95,MIN(D95+Y95+Z95,F95))) -> 119082.41 | H95: =MIN(G95,Y95+Z95) -> 54094.814 | I95: =G95-H95 -> 64987.594 | J95: =SUMIFS(入力設定!$G$5:$G$24,入力設定!$F$5:$F$24,A95) -> 0 | K95: =MIN(MAX(0,D95-I95),J95) -> 0 | L95: =IF(K95>0,入力設定!$B$9,0) -> 0 | M95: =MAX(0,D95-I95-K95) -> 25900523 | N95: =IF(M95+AA95<0.000001,0,IF(AND(K95>0,入力設定!$B$8="期間短縮型",AA95<0.000001,F95>M95*C95/12),MAX(1,MIN(E95-1,IF(C95=0,ROUNDUP(M95/F95,0),ROUNDUP(-LN(1-M95*(C95/12)/F95)/LN(1+C95/12),0)))),MAX(1,E95-1))) -> 290 | O95: =SUM(G95,K95,L95) -> 119082.41 | P95: =U94 -> 29074948 | Q95: =IF(OR(A95>入力設定!$B$6*12,P95+AC95<0.000001),0,IF(P95<0.000001,Q94,IF(AE95=1,IF(C95=0,P95/MAX(1,入力設定!$B$6*12-A95+1),P95*(C95/12)/(1-(1+C95/12)^(-MAX(1,入力設定!$B$6*12-A95+1)))),Q94))) -> 121667.61 | R95: =IF(P95+AC95<0.000001,0,IF(A95=入力設定!$B$6*12,P95+AB95+AC95,MIN(Q95,P95+AB95+AC95))) -> 121667.61 | S95: =MIN(R95,AB95+AC95) -> 60572.809 | T95: =R95-S95 -> 61094.805 | U95: =MAX(0,P95-T95) -> 29013854 | V95: =D95-I95-K95-M95 -> 0 | W95: =P95-T95-U95 -> 0 | X95: =O95-G95-K95-L95 -> 0 | Y95: =D95*C95/12 -> 54094.814 | Z95: =AA94 -> 0 | AA95: =MAX(0,Z95+Y95-H95) -> 0 | AB95: =P95*C95/12 -> 60572.809 | AC95: =AD94 -> 0 | AD95: =MAX(0,AC95+AB95-S95) -> 0 | AE95: =IF(MOD(A95-1,60)=0,1,0) -> 0 | AF95: =IF(A95>入力設定!$B$6*12,0,IF(AND(ISNUMBER(C95),C95>=0,C95<=1),0,1)) -> 0
A96: =91 -> 91 | B96: =EDATE(入力設定!$B$7,A96-1) -> 49065 | C96: =INDEX(入力設定!$C$15:$C$24,INT((A96-1)/60)+1) -> 0.025 | D96: =M95 -> 25900523 | E96: =N95 -> 290 | F96: =IF(D96+Z96<0.000001,0,IF(D96<0.000001,F95,IF(OR(AE96=1,AND(K95>0,入力設定!$B$8="返済額軽減型",入力設定!$B$11="翌月")),IF(C96=0,D96/MAX(1,E96),D96*(C96/12)/(1-(1+C96/12)^(-MAX(1,E96)))),F95))) -> 119082.41 | G96: =IF(D96+Z96<0.000001,0,IF(E96<=1,D96+Y96+Z96,MIN(D96+Y96+Z96,F96))) -> 119082.41 | H96: =MIN(G96,Y96+Z96) -> 53959.423 | I96: =G96-H96 -> 65122.985 | J96: =SUMIFS(入力設定!$G$5:$G$24,入力設定!$F$5:$F$24,A96) -> 0 | K96: =MIN(MAX(0,D96-I96),J96) -> 0 | L96: =IF(K96>0,入力設定!$B$9,0) -> 0 | M96: =MAX(0,D96-I96-K96) -> 25835400 | N96: =IF(M96+AA96<0.000001,0,IF(AND(K96>0,入力設定!$B$8="期間短縮型",AA96<0.000001,F96>M96*C96/12),MAX(1,MIN(E96-1,IF(C96=0,ROUNDUP(M96/F96,0),ROUNDUP(-LN(1-M96*(C96/12)/F96)/LN(1+C96/12),0)))),MAX(1,E96-1))) -> 289 | O96: =SUM(G96,K96,L96) -> 119082.41 | P96: =U95 -> 29013854 | Q96: =IF(OR(A96>入力設定!$B$6*12,P96+AC96<0.000001),0,IF(P96<0.000001,Q95,IF(AE96=1,IF(C96=0,P96/MAX(1,入力設定!$B$6*12-A96+1),P96*(C96/12)/(1-(1+C96/12)^(-MAX(1,入力設定!$B$6*12-A96+1)))),Q95))) -> 121667.61 | R96: =IF(P96+AC96<0.000001,0,IF(A96=入力設定!$B$6*12,P96+AB96+AC96,MIN(Q96,P96+AB96+AC96))) -> 121667.61 | S96: =MIN(R96,AB96+AC96) -> 60445.528 | T96: =R96-S96 -> 61222.086 | U96: =MAX(0,P96-T96) -> 28952632 | V96: =D96-I96-K96-M96 -> 0 | W96: =P96-T96-U96 -> 0 | X96: =O96-G96-K96-L96 -> 0 | Y96: =D96*C96/12 -> 53959.423 | Z96: =AA95 -> 0 | AA96: =MAX(0,Z96+Y96-H96) -> 0 | AB96: =P96*C96/12 -> 60445.528 | AC96: =AD95 -> 0 | AD96: =MAX(0,AC96+AB96-S96) -> 0 | AE96: =IF(MOD(A96-1,60)=0,1,0) -> 0 | AF96: =IF(A96>入力設定!$B$6*12,0,IF(AND(ISNUMBER(C96),C96>=0,C96<=1),0,1)) -> 0
A97: =92 -> 92 | B97: =EDATE(入力設定!$B$7,A97-1) -> 49096 | C97: =INDEX(入力設定!$C$15:$C$24,INT((A97-1)/60)+1) -> 0.025 | D97: =M96 -> 25835400 | E97: =N96 -> 289 | F97: =IF(D97+Z97<0.000001,0,IF(D97<0.000001,F96,IF(OR(AE97=1,AND(K96>0,入力設定!$B$8="返済額軽減型",入力設定!$B$11="翌月")),IF(C97=0,D97/MAX(1,E97),D97*(C97/12)/(1-(1+C97/12)^(-MAX(1,E97)))),F96))) -> 119082.41 | G97: =IF(D97+Z97<0.000001,0,IF(E97<=1,D97+Y97+Z97,MIN(D97+Y97+Z97,F97))) -> 119082.41 | H97: =MIN(G97,Y97+Z97) -> 53823.75 | I97: =G97-H97 -> 65258.658 | J97: =SUMIFS(入力設定!$G$5:$G$24,入力設定!$F$5:$F$24,A97) -> 0 | K97: =MIN(MAX(0,D97-I97),J97) -> 0 | L97: =IF(K97>0,入力設定!$B$9,0) -> 0 | M97: =MAX(0,D97-I97-K97) -> 25770141 | N97: =IF(M97+AA97<0.000001,0,IF(AND(K97>0,入力設定!$B$8="期間短縮型",AA97<0.000001,F97>M97*C97/12),MAX(1,MIN(E97-1,IF(C97=0,ROUNDUP(M97/F97,0),ROUNDUP(-LN(1-M97*(C97/12)/F97)/LN(1+C97/12),0)))),MAX(1,E97-1))) -> 288 | O97: =SUM(G97,K97,L97) -> 119082.41 | P97: =U96 -> 28952632 | Q97: =IF(OR(A97>入力設定!$B$6*12,P97+AC97<0.000001),0,IF(P97<0.000001,Q96,IF(AE97=1,IF(C97=0,P97/MAX(1,入力設定!$B$6*12-A97+1),P97*(C97/12)/(1-(1+C97/12)^(-MAX(1,入力設定!$B$6*12-A97+1)))),Q96))) -> 121667.61 | R97: =IF(P97+AC97<0.000001,0,IF(A97=入力設定!$B$6*12,P97+AB97+AC97,MIN(Q97,P97+AB97+AC97))) -> 121667.61 | S97: =MIN(R97,AB97+AC97) -> 60317.982 | T97: =R97-S97 -> 61349.632 | U97: =MAX(0,P97-T97) -> 28891282 | V97: =D97-I97-K97-M97 -> 0 | W97: =P97-T97-U97 -> 0 | X97: =O97-G97-K97-L97 -> 0 | Y97: =D97*C97/12 -> 53823.75 | Z97: =AA96 -> 0 | AA97: =MAX(0,Z97+Y97-H97) -> 0 | AB97: =P97*C97/12 -> 60317.982 | AC97: =AD96 -> 0 | AD97: =MAX(0,AC97+AB97-S97) -> 0 | AE97: =IF(MOD(A97-1,60)=0,1,0) -> 0 | AF97: =IF(A97>入力設定!$B$6*12,0,IF(AND(ISNUMBER(C97),C97>=0,C97<=1),0,1)) -> 0
A98: =93 -> 93 | B98: =EDATE(入力設定!$B$7,A98-1) -> 49126 | C98: =INDEX(入力設定!$C$15:$C$24,INT((A98-1)/60)+1) -> 0.025 | D98: =M97 -> 25770141 | E98: =N97 -> 288 | F98: =IF(D98+Z98<0.000001,0,IF(D98<0.000001,F97,IF(OR(AE98=1,AND(K97>0,入力設定!$B$8="返済額軽減型",入力設定!$B$11="翌月")),IF(C98=0,D98/MAX(1,E98),D98*(C98/12)/(1-(1+C98/12)^(-MAX(1,E98)))),F97))) -> 119082.41 | G98: =IF(D98+Z98<0.000001,0,IF(E98<=1,D98+Y98+Z98,MIN(D98+Y98+Z98,F98))) -> 119082.41 | H98: =MIN(G98,Y98+Z98) -> 53687.795 | I98: =G98-H98 -> 65394.614 | J98: =SUMIFS(入力設定!$G$5:$G$24,入力設定!$F$5:$F$24,A98) -> 0 | K98: =MIN(MAX(0,D98-I98),J98) -> 0 | L98: =IF(K98>0,入力設定!$B$9,0) -> 0 | M98: =MAX(0,D98-I98-K98) -> 25704747 | N98: =IF(M98+AA98<0.000001,0,IF(AND(K98>0,入力設定!$B$8="期間短縮型",AA98<0.000001,F98>M98*C98/12),MAX(1,MIN(E98-1,IF(C98=0,ROUNDUP(M98/F98,0),ROUNDUP(-LN(1-M98*(C98/12)/F98)/LN(1+C98/12),0)))),MAX(1,E98-1))) -> 287 | O98: =SUM(G98,K98,L98) -> 119082.41 | P98: =U97 -> 28891282 | Q98: =IF(OR(A98>入力設定!$B$6*12,P98+AC98<0.000001),0,IF(P98<0.000001,Q97,IF(AE98=1,IF(C98=0,P98/MAX(1,入力設定!$B$6*12-A98+1),P98*(C98/12)/(1-(1+C98/12)^(-MAX(1,入力設定!$B$6*12-A98+1)))),Q97))) -> 121667.61 | R98: =IF(P98+AC98<0.000001,0,IF(A98=入力設定!$B$6*12,P98+AB98+AC98,MIN(Q98,P98+AB98+AC98))) -> 121667.61 | S98: =MIN(R98,AB98+AC98) -> 60190.171 | T98: =R98-S98 -> 61477.444 | U98: =MAX(0,P98-T98) -> 28829804 | V98: =D98-I98-K98-M98 -> 0 | W98: =P98-T98-U98 -> 0 | X98: =O98-G98-K98-L98 -> 0 | Y98: =D98*C98/12 -> 53687.795 | Z98: =AA97 -> 0 | AA98: =MAX(0,Z98+Y98-H98) -> 0 | AB98: =P98*C98/12 -> 60190.171 | AC98: =AD97 -> 0 | AD98: =MAX(0,AC98+AB98-S98) -> 0 | AE98: =IF(MOD(A98-1,60)=0,1,0) -> 0 | AF98: =IF(A98>入力設定!$B$6*12,0,IF(AND(ISNUMBER(C98),C98>=0,C98<=1),0,1)) -> 0
A99: =94 -> 94 | B99: =EDATE(入力設定!$B$7,A99-1) -> 49157 | C99: =INDEX(入力設定!$C$15:$C$24,INT((A99-1)/60)+1) -> 0.025 | D99: =M98 -> 25704747 | E99: =N98 -> 287 | F99: =IF(D99+Z99<0.000001,0,IF(D99<0.000001,F98,IF(OR(AE99=1,AND(K98>0,入力設定!$B$8="返済額軽減型",入力設定!$B$11="翌月")),IF(C99=0,D99/MAX(1,E99),D99*(C99/12)/(1-(1+C99/12)^(-MAX(1,E99)))),F98))) -> 119082.41 | G99: =IF(D99+Z99<0.000001,0,IF(E99<=1,D99+Y99+Z99,MIN(D99+Y99+Z99,F99))) -> 119082.41 | H99: =MIN(G99,Y99+Z99) -> 53551.556 | I99: =G99-H99 -> 65530.852 | J99: =SUMIFS(入力設定!$G$5:$G$24,入力設定!$F$5:$F$24,A99) -> 0 | K99: =MIN(MAX(0,D99-I99),J99) -> 0 | L99: =IF(K99>0,入力設定!$B$9,0) -> 0 | M99: =MAX(0,D99-I99-K99) -> 25639216 | N99: =IF(M99+AA99<0.000001,0,IF(AND(K99>0,入力設定!$B$8="期間短縮型",AA99<0.000001,F99>M99*C99/12),MAX(1,MIN(E99-1,IF(C99=0,ROUNDUP(M99/F99,0),ROUNDUP(-LN(1-M99*(C99/12)/F99)/LN(1+C99/12),0)))),MAX(1,E99-1))) -> 286 | O99: =SUM(G99,K99,L99) -> 119082.41 | P99: =U98 -> 28829804 | Q99: =IF(OR(A99>入力設定!$B$6*12,P99+AC99<0.000001),0,IF(P99<0.000001,Q98,IF(AE99=1,IF(C99=0,P99/MAX(1,入力設定!$B$6*12-A99+1),P99*(C99/12)/(1-(1+C99/12)^(-MAX(1,入力設定!$B$6*12-A99+1)))),Q98))) -> 121667.61 | R99: =IF(P99+AC99<0.000001,0,IF(A99=入力設定!$B$6*12,P99+AB99+AC99,MIN(Q99,P99+AB99+AC99))) -> 121667.61 | S99: =MIN(R99,AB99+AC99) -> 60062.093 | T99: =R99-S99 -> 61605.522 | U99: =MAX(0,P99-T99) -> 28768199 | V99: =D99-I99-K99-M99 -> 0 | W99: =P99-T99-U99 -> 0 | X99: =O99-G99-K99-L99 -> 0 | Y99: =D99*C99/12 -> 53551.556 | Z99: =AA98 -> 0 | AA99: =MAX(0,Z99+Y99-H99) -> 0 | AB99: =P99*C99/12 -> 60062.093 | AC99: =AD98 -> 0 | AD99: =MAX(0,AC99+AB99-S99) -> 0 | AE99: =IF(MOD(A99-1,60)=0,1,0) -> 0 | AF99: =IF(A99>入力設定!$B$6*12,0,IF(AND(ISNUMBER(C99),C99>=0,C99<=1),0,1)) -> 0
A100: =95 -> 95 | B100: =EDATE(入力設定!$B$7,A100-1) -> 49188 | C100: =INDEX(入力設定!$C$15:$C$24,INT((A100-1)/60)+1) -> 0.025 | D100: =M99 -> 25639216 | E100: =N99 -> 286 | F100: =IF(D100+Z100<0.000001,0,IF(D100<0.000001,F99,IF(OR(AE100=1,AND(K99>0,入力設定!$B$8="返済額軽減型",入力設定!$B$11="翌月")),IF(C100=0,D100/MAX(1,E100),D100*(C100/12)/(1-(1+C100/12)^(-MAX(1,E100)))),F99))) -> 119082.41 | G100: =IF(D100+Z100<0.000001,0,IF(E100<=1,D100+Y100+Z100,MIN(D100+Y100+Z100,F100))) -> 119082.41 | H100: =MIN(G100,Y100+Z100) -> 53415.033 | I100: =G100-H100 -> 65667.375 | J100: =SUMIFS(入力設定!$G$5:$G$24,入力設定!$F$5:$F$24,A100) -> 0 | K100: =MIN(MAX(0,D100-I100),J100) -> 0 | L100: =IF(K100>0,入力設定!$B$9,0) -> 0 | M100: =MAX(0,D100-I100-K100) -> 25573549 | N100: =IF(M100+AA100<0.000001,0,IF(AND(K100>0,入力設定!$B$8="期間短縮型",AA100<0.000001,F100>M100*C100/12),MAX(1,MIN(E100-1,IF(C100=0,ROUNDUP(M100/F100,0),ROUNDUP(-LN(1-M100*(C100/12)/F100)/LN(1+C100/12),0)))),MAX(1,E100-1))) -> 285 | O100: =SUM(G100,K100,L100) -> 119082.41 | P100: =U99 -> 28768199 | Q100: =IF(OR(A100>入力設定!$B$6*12,P100+AC100<0.000001),0,IF(P100<0.000001,Q99,IF(AE100=1,IF(C100=0,P100/MAX(1,入力設定!$B$6*12-A100+1),P100*(C100/12)/(1-(1+C100/12)^(-MAX(1,入力設定!$B$6*12-A100+1)))),Q99))) -> 121667.61 | R100: =IF(P100+AC100<0.000001,0,IF(A100=入力設定!$B$6*12,P100+AB100+AC100,MIN(Q100,P100+AB100+AC100))) -> 121667.61 | S100: =MIN(R100,AB100+AC100) -> 59933.748 | T100: =R100-S100 -> 61733.867 | U100: =MAX(0,P100-T100) -> 28706465 | V100: =D100-I100-K100-M100 -> 0 | W100: =P100-T100-U100 -> 0 | X100: =O100-G100-K100-L100 -> 0 | Y100: =D100*C100/12 -> 53415.033 | Z100: =AA99 -> 0 | AA100: =MAX(0,Z100+Y100-H100) -> 0 | AB100: =P100*C100/12 -> 59933.748 | AC100: =AD99 -> 0 | AD100: =MAX(0,AC100+AB100-S100) -> 0 | AE100: =IF(MOD(A100-1,60)=0,1,0) -> 0 | AF100: =IF(A100>入力設定!$B$6*12,0,IF(AND(ISNUMBER(C100),C100>=0,C100<=1),0,1)) -> 0
A101: =96 -> 96 | B101: =EDATE(入力設定!$B$7,A101-1) -> 49218 | C101: =INDEX(入力設定!$C$15:$C$24,INT((A101-1)/60)+1) -> 0.025 | D101: =M100 -> 25573549 | E101: =N100 -> 285 | F101: =IF(D101+Z101<0.000001,0,IF(D101<0.000001,F100,IF(OR(AE101=1,AND(K100>0,入力設定!$B$8="返済額軽減型",入力設定!$B$11="翌月")),IF(C101=0,D101/MAX(1,E101),D101*(C101/12)/(1-(1+C101/12)^(-MAX(1,E101)))),F100))) -> 119082.41 | G101: =IF(D101+Z101<0.000001,0,IF(E101<=1,D101+Y101+Z101,MIN(D101+Y101+Z101,F101))) -> 119082.41 | H101: =MIN(G101,Y101+Z101) -> 53278.226 | I101: =G101-H101 -> 65804.182 | J101: =SUMIFS(入力設定!$G$5:$G$24,入力設定!$F$5:$F$24,A101) -> 0 | K101: =MIN(MAX(0,D101-I101),J101) -> 0 | L101: =IF(K101>0,入力設定!$B$9,0) -> 0 | M101: =MAX(0,D101-I101-K101) -> 25507744 | N101: =IF(M101+AA101<0.000001,0,IF(AND(K101>0,入力設定!$B$8="期間短縮型",AA101<0.000001,F101>M101*C101/12),MAX(1,MIN(E101-1,IF(C101=0,ROUNDUP(M101/F101,0),ROUNDUP(-LN(1-M101*(C101/12)/F101)/LN(1+C101/12),0)))),MAX(1,E101-1))) -> 284 | O101: =SUM(G101,K101,L101) -> 119082.41 | P101: =U100 -> 28706465 | Q101: =IF(OR(A101>入力設定!$B$6*12,P101+AC101<0.000001),0,IF(P101<0.000001,Q100,IF(AE101=1,IF(C101=0,P101/MAX(1,入力設定!$B$6*12-A101+1),P101*(C101/12)/(1-(1+C101/12)^(-MAX(1,入力設定!$B$6*12-A101+1)))),Q100))) -> 121667.61 | R101: =IF(P101+AC101<0.000001,0,IF(A101=入力設定!$B$6*12,P101+AB101+AC101,MIN(Q101,P101+AB101+AC101))) -> 121667.61 | S101: =MIN(R101,AB101+AC101) -> 59805.136 | T101: =R101-S101 -> 61862.479 | U101: =MAX(0,P101-T101) -> 28644603 | V101: =D101-I101-K101-M101 -> 0 | W101: =P101-T101-U101 -> 0 | X101: =O101-G101-K101-L101 -> 0 | Y101: =D101*C101/12 -> 53278.226 | Z101: =AA100 -> 0 | AA101: =MAX(0,Z101+Y101-H101) -> 0 | AB101: =P101*C101/12 -> 59805.136 | AC101: =AD100 -> 0 | AD101: =MAX(0,AC101+AB101-S101) -> 0 | AE101: =IF(MOD(A101-1,60)=0,1,0) -> 0 | AF101: =IF(A101>入力設定!$B$6*12,0,IF(AND(ISNUMBER(C101),C101>=0,C101<=1),0,1)) -> 0
...

Sheet 使い方と検証
A1: 使い方・計算前提・検証
A2: Copyright© 2026 F&S-Expert ,Inc. All Rights Reserved.
A4: 使い方 | B4: 入力設定で借入額・年数・初回返済月・方式・金利を変更します。
A5: 繰上返済 | B5: 最大20行。回目と希望額を入力。順不同可。同月は合算します。
A6: 初期サンプル | B6: 3,500万円、35年、初回2026年11月、60回目に300万円。実際の契約へ変更してください。
A7: 金利 | B7: 年利÷12の月利。月次返済表C6:C605へ月次年利を値貼り付け可。未上書き月は5年刻み金利を参照。
A8: 通常返済 | B8: 金利による通常月額見直しは1・61・121回…のみ。その回の年利・残高・残回数で月額再計算。期間中は金利が動いても月額を維持。
A9: 返済額軽減型 | B9: 通常返済後に繰上返済。月額軽減は入力設定B11で「翌月」または「次の60回見直し時」を選択。見直し回の起点は初回返済から固定。
A10: 期間短縮型 | B10: 繰上時の金利と月額で必要残回数を推計し切り上げ。未払利息がある場合、または現在金利で償却不能の場合は短縮推計を行いません。
A11: 期間短縮と金利変更 | B11: 短縮後も月額の定期見直しは当初から数えた61・121回…です。将来の金利変動で実際の短縮効果は変わり、最終回に残額を精算します。
A12: 端数 | B12: 円未満は内部で保持。最終返済は元利残額に調整。銀行の円単位丸めとは差が出ます。
A13: 手数料 | B13: 実行額が正の月のみ固定手数料を1回分計上。希望額の上限は通常返済後残高。
A14: 対象外 | B14: 125％ルール、ボーナス返済、日割利息、税控除、保証料返戻、借換費用は未計算。特定銀行の約款再現ではなく60回固定の試算。
A15: 実行されない指定 | B15: 期間外・完済後の希望繰上額は未実行。月次表の希望額と実行額で確認できます。
... A19: 計算チェック | B19: 差額・件数（0なら正常）
A20: 繰上あり 元金総額－借入額 | B20: =SUM(月次返済表!I6:I605,月次返済表!K6:K605)-入力設定!B5 -> 0
A21: 繰上なし 元金総額－借入額 | B21: =SUM(月次返済表!T6:T605)-入力設定!B5 -> 0
A22: 繰上あり 最終残高 | B22: =月次返済表!M605 -> 0
A23: 繰上なし 最終残高 | B23: =月次返済表!U605 -> 0
A24: 元金・残高 月次差額最大 | B24: =MAX(MAX(月次返済表!V6:W605),-MIN(月次返済表!V6:W605)) -> 0
A25: 総支出－借入－利息－手数料 | B25: =SUM(月次返済表!O6:O605)-入力設定!B5-SUM(月次返済表!H6:H605,月次返済表!L6:L605) -> 2.4028122e-07
A26: 未実行の希望繰上額（参考・円） | B26: =SUM(入力設定!G5:G24)-SUM(月次返済表!K6:K605) -> 0
A27: 繰上入力の片側空欄（件） | B27: =COUNTIFS(入力設定!F5:F24,">0",入力設定!G5:G24,"")+COUNTIFS(入力設定!G5:G24,">0",入力設定!F5:F24,"") -> 0
A28: 未払利息と最終回 | B28: 利息が通常月額を上回る月は元金返済0円。差額は別管理で翌月へ繰越し、次回返済から優先充当。未払利息に追加利息は付けません。最終回は残元金・未払利息・当月利息を一括精算。
A29: グラフの利息 | B29: 積み上げの利息はその月に支払った利息。発生利息・未払利息残高は月次表Y:AD列で確認できます。繰上返済額と手数料は通常月額グラフに含みません。
A30: 固定額の例外 | B30: 最終返済・完済時の残額調整、およびB11で翌月反映を選んだ軽減型繰上返済は固定額の例外です。金利変更だけでは60回内に通常月額を変更しません。
A32: 月次金利の欠落・不正値（件） | B32: =SUM(月次返済表!AF6:AF605) -> 0
A33: 未払利息残高の最大（円・参考） | B33: =MAX(月次返済表!AA6:AA605,月次返済表!AD6:AD605) -> 0
A34: 最終未払利息（あり・円） | B34: =月次返済表!AA605 -> 0
A35: 最終未払利息（なし・円） | B35: =月次返済表!AD605 -> 0
